Workbook

Sheet B&C Inputs
A1: Billing & Collecting Weighting Factor Model
A2: Yellow cells = inputs. Each sub-account row can use different allocation. Use 'Applicable only' methods to exclude classes and re-normalize. | J2: B) Time Allocation (used for rows marked Time %)
A4: Relvant Billing Balances | D4: A) Customer & Billing Volumes | J4: B) Time Allocation
A5: Bad Debt & Meter Reading have their own allocation in the CA Model
A6: Account | B6: 2027 Balance | D6: Class | E6: 2027 Customers | F6: 2027Bills / Year | G6: Total Bills | H6: Bill Share % | J6: Class | K6: Time % | L6: Previous | M6: Check | N6: Must Equal 100%
A7: 5315-Cust Bill | B7: 482493.84 | D7: Residential | E7: 5376 | F7: 12 | G7: =E7*F7 -> 64512 | H7: =IF(SUM($G$7:$G$12)=0,0,G7/SUM($G$7:$G$12)) -> 0.85090218 | J7: Residential | K7: 0.8 | L7: 0.9 | M7: H13 & K13 | N7: =IF(OR(K13=1,H13=1),"OK","NOT 100%") -> OK
A8: 5320-Collecting | B8: 38262.471 | D8: GS < 50 | E8: 742 | F8: 12 | G8: =E8*F8 -> 8904 | H8: =IF(SUM($G$7:$G$12)=0,0,G8/SUM($G$7:$G$12)) -> 0.11744223 | J8: GS < 50 | K8: 0.22 | L8: 0.075
A9: 5325-Cash O/S | B9: 0 | D9: GS > 50 | E9: 66 | F9: 12 | G9: =E9*F9 -> 792 | H9: =IF(SUM($G$7:$G$12)=0,0,G9/SUM($G$7:$G$12)) -> 0.010446344 | J9: GS > 50 | K9: 0.115 | L9: 0.005
A10: 5330-Collection Charges | B10: 0 | D10: Unmetered | E10: 60 | F10: 12 | G10: =E10*F10 -> 720 | H10: =IF(SUM($G$7:$G$12)=0,0,G10/SUM($G$7:$G$12)) -> 0.0094966762 | J10: Unmetered | K10: 0.005 | L10: 0.005 | M10: Notes:
A11: 5340-Misc Cust Acct | B11: 8771.2886 | D11: Street Lighting | E11: 5 | F11: 12 | G11: =E11*F11 -> 60 | H11: =IF(SUM($G$7:$G$12)=0,0,G11/SUM($G$7:$G$12)) -> 0.00079138968 | J11: Street Lighting | K11: 0.005 | L11: 0.005 | M11: • 'Applicable only' methods re-normalize across classes marked Applies=Y.
A12: TOTAL | B12: =ROUND(SUM(B7:B11),0) -> 529528 | C12: =IF(B12=C97,"Balanced","Not Balanced") -> Balanced | D12: Sentinel Lights | E12: 69 | F12: 12 | G12: =E12*F12 -> 828 | H12: =IF(SUM($G$7:$G$12)=0,0,G12/SUM($G$7:$G$12)) -> 0.010921178 | J12: Sentinel Lights | K12: 0.005 | L12: 0.01 | M12: • 'Direct $' uses the Direct $ columns (enter dollars by class; Total Annual Cost can be left as reference).
C13: =B12-C97 -> 0 | D13: TOTAL | E13: =SUM(E7:E12) -> 6318 | G13: =SUM(G7:G12) -> 75816 | H13: =SUM(H7:H12) -> 1 | J13: TOTAL | K13: =SUM(K7:K12) -> 1.15 | L13: 1 | M13: • For Direct $, blanks/zeros mean no allocation to that class.
A15: C) Sub-Account Expenses (each row can have its own allocation, applicability, and/or direct $ split)
A17: Primary Acct | B17: Sub-Account Description | C17: 2027 Projected Annual Cost | D17: Allocation Method | E17: Applies: Residential | F17: Applies: GS < 50 | G17: Applies: GS > 50 | H17: Applies: USL | I17: Applies: Street Lighting | J17: Applies: Sentinel Lights | K17: Direct $: Residential | L17: Direct $: GS < 50 | M17: Direct $: GS > 50 | N17: Direct $: USL | O17: Direct $: Street Lighting | P17: Direct $: Sentinel Lights | Q17: Recon
A18: 5315 | B18: Staff payroll time | C18: =B7 -> 482493.84 | D18: Per Bill (Applicable only) | E18: Y | F18: Y | G18: Y | H18: Y | I18: Y | J18: Y | K18: 0 | L18: 0 | M18: 0 | N18: 0 | O18: 0 | P18: 0 | Q18: =SUM(K18:P18) -> 0
A19: 5320 | B19: Staff payroll time | C19: =B8 -> 38262.471 | D19: Time % (Applicable only) | E19: Y | F19: Y | G19: Y | H19: N | I19: N | J19: N | K19: 0 | L19: 0 | M19: 0 | N19: 0 | O19: 0 | P19: 0 | Q19: =SUM(K19:P19) -> 0
A20: 5320 | B20: Collection call fee | C20: =B9 -> 0 | D20: Time % (Applicable only) | E20: Y | F20: Y | G20: Y | H20: N | I20: N | J20: N | K20: 0 | L20: 0 | M20: 0 | N20: 0 | O20: 0 | P20: 0 | Q20: =SUM(K20:P20) -> 0
A21: 5330 | B21: Collection fee | C21: 0 | D21: Time % (Applicable only) | E21: Y | F21: Y | G21: Y | H21: N | I21: N | J21: N | K21: 0 | L21: 0 | M21: 0 | N21: 0 | O21: 0 | P21: 0 | Q21: =SUM(K21:P21) -> 0
A22: 5340 | B22: Billing services | C22: 8771.2886 | D22: Per Bill | E22: Y | F22: Y | G22: Y | H22: Y | I22: Y | J22: Y | K22: 0 | L22: 0 | M22: 0 | N22: 0 | O22: 0 | P22: 0 | Q22: =SUM(K22:P22) -> 0
C23: 0 | E23: Y | F23: Y | G23: Y | H23: Y | I23: Y | J23: Y | K23: 0 | L23: 0 | M23: 0 | N23: 0 | O23: 0 | P23: 0 | Q23: =SUM(K23:P23) -> 0
C24: 0 | E24: Y | F24: Y | G24: Y | H24: Y | I24: Y | J24: Y | K24: 0 | L24: 0 | M24: 0 | N24: 0 | O24: 0 | P24: 0 | Q24: =SUM(K24:P24) -> 0
C25: 0 | E25: Y | F25: Y | G25: Y | H25: Y | I25: Y | J25: Y | K25: 0 | L25: 0 | M25: 0 | N25: 0 | O25: 0 | P25: 0 | Q25: =SUM(K25:P25) -> 0
C26: 0 | E26: Y | F26: Y | G26: Y | H26: Y | I26: Y | J26: Y | K26: 0 | L26: 0 | M26: 0 | N26: 0 | O26: 0 | P26: 0 | Q26: =SUM(K26:P26) -> 0
C27: 0 | E27: Y | F27: Y | G27: Y | H27: Y | I27: Y | J27: Y | K27: 0 | L27: 0 | M27: 0 | N27: 0 | O27: 0 | P27: 0 | Q27: =SUM(K27:P27) -> 0
C28: 0 | E28: Y | F28: Y | G28: Y | H28: Y | I28: Y | J28: Y | K28: 0 | L28: 0 | M28: 0 | N28: 0 | O28: 0 | P28: 0 | Q28: =SUM(K28:P28) -> 0
C29: 0 | E29: Y | F29: Y | G29: Y | H29: Y | I29: Y | J29: Y | K29: 0 | L29: 0 | M29: 0 | N29: 0 | O29: 0 | P29: 0 | Q29: =SUM(K29:P29) -> 0
C30: 0 | E30: Y | F30: Y | G30: Y | H30: Y | I30: Y | J30: Y | K30: 0 | L30: 0 | M30: 0 | N30: 0 | O30: 0 | P30: 0 | Q30: =SUM(K30:P30) -> 0
C31: 0 | E31: Y | F31: Y | G31: Y | H31: Y | I31: Y | J31: Y | K31: 0 | L31: 0 | M31: 0 | N31: 0 | O31: 0 | P31: 0 | Q31: =SUM(K31:P31) -> 0
C32: 0 | E32: Y | F32: Y | G32: Y | H32: Y | I32: Y | J32: Y | K32: 0 | L32: 0 | M32: 0 | N32: 0 | O32: 0 | P32: 0 | Q32: =SUM(K32:P32) -> 0
C33: 0 | E33: Y | F33: Y | G33: Y | H33: Y | I33: Y | J33: Y | K33: 0 | L33: 0 | M33: 0 | N33: 0 | O33: 0 | P33: 0 | Q33: =SUM(K33:P33) -> 0
C34: 0 | E34: Y | F34: Y | G34: Y | H34: Y | I34: Y | J34: Y | K34: 0 | L34: 0 | M34: 0 | N34: 0 | O34: 0 | P34: 0 | Q34: =SUM(K34:P34) -> 0
... C96: 0 | E96: Y | F96: Y | G96: Y | H96: Y | I96: Y | J96: Y | K96: 0 | L96: 0 | M96: 0 | N96: 0 | O96: 0 | P96: 0 | Q96: =SUM(K96:P96) -> 0
B97: TOTAL | C97: =ROUND(SUM(C18:C96),0) -> 529528 | E97: Y | F97: Y | G97: Y | H97: Y | I97: Y | J97: Y | K97: 0 | L97: 0 | M97: 0 | N97: 0 | O97: 0 | P97: 0 | Q97: =SUM(Q18:Q96) -> 0

Sheet B&C Weighting Factor
A1: Calculated Results
A2: Allocations are calculated per sub-account row and summed by class.
A4: Class | B4: Customers | C4: Allocated Cost | D4: Cost per Customer | E4: Weighting (Res=1.00)
A5: Residential | B5: ='B&C Inputs'!E7 -> 5376 | C5: =SUM(G16:G95) -> 444987.72 | D5: =IF(B5=0,0,C5/B5) -> 82.773013 | E5: 1
A6: GS < 50 | B6: ='B&C Inputs'!E8 -> 742 | C6: =SUM(H16:H95) -> 65111.786 | D6: =IF(B6=0,0,C6/B6) -> 87.751733 | E6: =IF(D5=0,0,D6/D5) -> 1.0601491
A7: GS > 50 | B7: ='B&C Inputs'!E9 -> 66 | C7: =SUM(I16:I95) -> 9008.7387 | D7: =IF(B7=0,0,C7/B7) -> 136.49604 | E7: =IF(D5=0,0,D7/D5) -> 1.6490404
A8: Unmetered | B8: ='B&C Inputs'!E10 -> 60 | C8: =SUM(J16:J95) -> 4665.3859 | D8: =IF(B8=0,0,C8/B8) -> 77.756431 | E8: =IF(D5=0,0,D8/D5) -> 0.93939351
A9: Street Lighting | B9: ='B&C Inputs'!E11 -> 5 | C9: =SUM(K16:K95) -> 388.78216 | D9: =IF(B9=0,0,C9/B9) -> 77.756431 | E9: =IF(D5=0,0,D9/D5) -> 0.93939351
A10: Sentinel Lights | B10: ='B&C Inputs'!E12 -> 69 | C10: =SUM(L16:L95) -> 5365.1937 | D10: =IF(B10=0,0,C10/B10) -> 77.756431 | E10: =IF(D5=0,0,D10/D5) -> 0.93939351
A13: Allocation Detail (first 80 sub-accounts)
A15: Primary Acct | B15: Sub-Account Description | C15: Total Cost | D15: Method | E15: Denom Bills | F15: Denom Time | G15: Residential | H15: GS < 50 | I15: GS > 50 | J15: USL | K15: Street Lighting | L15: Sentinel Lights
A16: ='B&C Inputs'!A18 -> 5315 | B16: ='B&C Inputs'!B18 -> Staff payroll time | C16: ='B&C Inputs'!C18 -> 482493.84 | D16: ='B&C Inputs'!D18 -> Per Bill (Applicable only) | E16: =IF($A16="","",(IF('B&C Inputs'!E18="Y",'B&C Inputs'!G7,0)+IF('B&C Inputs'!F18="Y",'B&C Inputs'!G8,0)+IF('B&C Inputs'!G18="Y",'B&C Inputs'!G9,0)+IF('B&C Inputs'!H18="Y",'B&C Inputs'!G10,0)+IF('B&C Inputs'!I18="Y",'B&C Inputs'!G11,0)+IF('B&C Inputs'!J18="Y",'B&C Inputs'!G12,0))) -> 75816 | F16: =IF($A16="","",(IF('B&C Inputs'!E18="Y",'B&C Inputs'!K7,0)+IF('B&C Inputs'!F18="Y",'B&C Inputs'!K8,0)+IF('B&C Inputs'!G18="Y",'B&C Inputs'!K9,0)+IF('B&C Inputs'!H18="Y",'B&C Inputs'!K10,0)+IF('B&C Inputs'!I18="Y",'B&C Inputs'!K11,0)+IF('B&C Inputs'!J18="Y",'B&C Inputs'!K12,0))) -> 1.15 | G16: =IF($A16="","",IF($D16="Direct $",'B&C Inputs'!K18,IF($D16="Per Bill",$C16*'B&C Inputs'!H7,IF($D16="Time %",$C16*'B&C Inputs'!K7,IF($D16="Per Bill (Applicable only)",IF($E16=0,0,$C16*(IF('B&C Inputs'!E18="Y",'B&C Inputs'!G7,0))/$E16),IF($D16="Time % (Applicable only)",IF($F16=0,0,$C16*(IF('B&C Inputs'!E18="Y",'B&C Inputs'!K7,0))/$F16),0)))))) -> 410555.07 | H16: =IF($A16="","",IF($D16="Direct $",'B&C Inputs'!L18,IF($D16="Per Bill",$C16*'B&C Inputs'!H8,IF($D16="Time %",$C16*'B&C Inputs'!K8,IF($D16="Per Bill (Applicable only)",IF($E16=0,0,$C16*(IF('B&C Inputs'!F18="Y",'B&C Inputs'!G8,0))/$E16),IF($D16="Time % (Applicable only)",IF($F16=0,0,$C16*(IF('B&C Inputs'!F18="Y",'B&C Inputs'!K8,0))/$F16),0)))))) -> 56665.152 | I16: =IF($A16="","",IF($D16="Direct $",'B&C Inputs'!M18,IF($D16="Per Bill",$C16*'B&C Inputs'!H9,IF($D16="Time %",$C16*'B&C Inputs'!K9,IF($D16="Per Bill (Applicable only)",IF($E16=0,0,$C16*(IF('B&C Inputs'!G18="Y",'B&C Inputs'!G9,0))/$E16),IF($D16="Time % (Applicable only)",IF($F16=0,0,$C16*(IF('B&C Inputs'!G18="Y",'B&C Inputs'!K9,0))/$F16),0)))))) -> 5040.2966 | J16: =IF($A16="","",IF($D16="Direct $",'B&C Inputs'!N18,IF($D16="Per Bill",$C16*'B&C Inputs'!H10,IF($D16="Time %",$C16*'B&C Inputs'!K10,IF($D16="Per Bill (Applicable only)",IF($E16=0,0,$C16*(IF('B&C Inputs'!H18="Y",'B&C Inputs'!G10,0))/$E16),IF($D16="Time % (Applicable only)",IF($F16=0,0,$C16*(IF('B&C Inputs'!H18="Y",'B&C Inputs'!K10,0))/$F16),0)))))) -> 4582.0878 | K16: =IF($A16="","",IF($D16="Direct $",'B&C Inputs'!O18,IF($D16="Per Bill",$C16*'B&C Inputs'!H11,IF($D16="Time %",$C16*'B&C Inputs'!K11,IF($D16="Per Bill (Applicable only)",IF($E16=0,0,$C16*(IF('B&C Inputs'!I18="Y",'B&C Inputs'!G11,0))/$E16),IF($D16="Time % (Applicable only)",IF($F16=0,0,$C16*(IF('B&C Inputs'!I18="Y",'B&C Inputs'!K11,0))/$F16),0)))))) -> 381.84065 | L16: =IF($A16="","",IF($D16="Direct $",'B&C Inputs'!P18,IF($D16="Per Bill",$C16*'B&C Inputs'!H12,IF($D16="Time %",$C16*'B&C Inputs'!K12,IF($D16="Per Bill (Applicable only)",IF($E16=0,0,$C16*(IF('B&C Inputs'!J18="Y",'B&C Inputs'!G12,0))/$E16),IF($D16="Time % (Applicable only)",IF($F16=0,0,$C16*(IF('B&C Inputs'!J18="Y",'B&C Inputs'!K12,0))/$F16),0)))))) -> 5269.4009
A17: ='B&C Inputs'!A19 -> 5320 | B17: ='B&C Inputs'!B19 -> Staff payroll time | C17: ='B&C Inputs'!C19 -> 38262.471 | D17: ='B&C Inputs'!D19 -> Time % (Applicable only) | E17: =IF($A17="","",(IF('B&C Inputs'!E19="Y",'B&C Inputs'!G7,0)+IF('B&C Inputs'!F19="Y",'B&C Inputs'!G8,0)+IF('B&C Inputs'!G19="Y",'B&C Inputs'!G9,0)+IF('B&C Inputs'!H19="Y",'B&C Inputs'!G10,0)+IF('B&C Inputs'!I19="Y",'B&C Inputs'!G11,0)+IF('B&C Inputs'!J19="Y",'B&C Inputs'!G12,0))) -> 74208 | F17: =IF($A17="","",(IF('B&C Inputs'!E19="Y",'B&C Inputs'!K7,0)+IF('B&C Inputs'!F19="Y",'B&C Inputs'!K8,0)+IF('B&C Inputs'!G19="Y",'B&C Inputs'!K9,0)+IF('B&C Inputs'!H19="Y",'B&C Inputs'!K10,0)+IF('B&C Inputs'!I19="Y",'B&C Inputs'!K11,0)+IF('B&C Inputs'!J19="Y",'B&C Inputs'!K12,0))) -> 1.135 | G17: =IF($A17="","",IF($D17="Direct $",'B&C Inputs'!K19,IF($D17="Per Bill",$C17*'B&C Inputs'!H7,IF($D17="Time %",$C17*'B&C Inputs'!K7,IF($D17="Per Bill (Applicable only)",IF($E17=0,0,$C17*(IF('B&C Inputs'!E19="Y",'B&C Inputs'!G7,0))/$E17),IF($D17="Time % (Applicable only)",IF($F17=0,0,$C17*(IF('B&C Inputs'!E19="Y",'B&C Inputs'!K7,0))/$F17),0)))))) -> 26969.142 | H17: =IF($A17="","",IF($D17="Direct $",'B&C Inputs'!L19,IF($D17="Per Bill",$C17*'B&C Inputs'!H8,IF($D17="Time %",$C17*'B&C Inputs'!K8,IF($D17="Per Bill (Applicable only)",IF($E17=0,0,$C17*(IF('B&C Inputs'!F19="Y",'B&C Inputs'!G8,0))/$E17),IF($D17="Time % (Applicable only)",IF($F17=0,0,$C17*(IF('B&C Inputs'!F19="Y",'B&C Inputs'!K8,0))/$F17),0)))))) -> 7416.5141 | I17: =IF($A17="","",IF($D17="Direct $",'B&C Inputs'!M19,IF($D17="Per Bill",$C17*'B&C Inputs'!H9,IF($D17="Time %",$C17*'B&C Inputs'!K9,IF($D17="Per Bill (Applicable only)",IF($E17=0,0,$C17*(IF('B&C Inputs'!G19="Y",'B&C Inputs'!G9,0))/$E17),IF($D17="Time % (Applicable only)",IF($F17=0,0,$C17*(IF('B&C Inputs'!G19="Y",'B&C Inputs'!K9,0))/$F17),0)))))) -> 3876.8142 | J17: =IF($A17="","",IF($D17="Direct $",'B&C Inputs'!N19,IF($D17="Per Bill",$C17*'B&C Inputs'!H10,IF($D17="Time %",$C17*'B&C Inputs'!K10,IF($D17="Per Bill (Applicable only)",IF($E17=0,0,$C17*(IF('B&C Inputs'!H19="Y",'B&C Inputs'!G10,0))/$E17),IF($D17="Time % (Applicable only)",IF($F17=0,0,$C17*(IF('B&C Inputs'!H19="Y",'B&C Inputs'!K10,0))/$F17),0)))))) -> 0 | K17: =IF($A17="","",IF($D17="Direct $",'B&C Inputs'!O19,IF($D17="Per Bill",$C17*'B&C Inputs'!H11,IF($D17="Time %",$C17*'B&C Inputs'!K11,IF($D17="Per Bill (Applicable only)",IF($E17=0,0,$C17*(IF('B&C Inputs'!I19="Y",'B&C Inputs'!G11,0))/$E17),IF($D17="Time % (Applicable only)",IF($F17=0,0,$C17*(IF('B&C Inputs'!I19="Y",'B&C Inputs'!K11,0))/$F17),0)))))) -> 0 | L17: =IF($A17="","",IF($D17="Direct $",'B&C Inputs'!P19,IF($D17="Per Bill",$C17*'B&C Inputs'!H12,IF($D17="Time %",$C17*'B&C Inputs'!K12,IF($D17="Per Bill (Applicable only)",IF($E17=0,0,$C17*(IF('B&C Inputs'!J19="Y",'B&C Inputs'!G12,0))/$E17),IF($D17="Time % (Applicable only)",IF($F17=0,0,$C17*(IF('B&C Inputs'!J19="Y",'B&C Inputs'!K12,0))/$F17),0)))))) -> 0
A18: ='B&C Inputs'!A20 -> 5320 | B18: ='B&C Inputs'!B20 -> Collection call fee | C18: ='B&C Inputs'!C20 -> 0 | D18: ='B&C Inputs'!D20 -> Time % (Applicable only) | E18: =IF($A18="","",(IF('B&C Inputs'!E20="Y",'B&C Inputs'!G7,0)+IF('B&C Inputs'!F20="Y",'B&C Inputs'!G8,0)+IF('B&C Inputs'!G20="Y",'B&C Inputs'!G9,0)+IF('B&C Inputs'!H20="Y",'B&C Inputs'!G10,0)+IF('B&C Inputs'!I20="Y",'B&C Inputs'!G11,0)+IF('B&C Inputs'!J20="Y",'B&C Inputs'!G12,0))) -> 74208 | F18: =IF($A18="","",(IF('B&C Inputs'!E20="Y",'B&C Inputs'!K7,0)+IF('B&C Inputs'!F20="Y",'B&C Inputs'!K8,0)+IF('B&C Inputs'!G20="Y",'B&C Inputs'!K9,0)+IF('B&C Inputs'!H20="Y",'B&C Inputs'!K10,0)+IF('B&C Inputs'!I20="Y",'B&C Inputs'!K11,0)+IF('B&C Inputs'!J20="Y",'B&C Inputs'!K12,0))) -> 1.135 | G18: =IF($A18="","",IF($D18="Direct $",'B&C Inputs'!K20,IF($D18="Per Bill",$C18*'B&C Inputs'!H7,IF($D18="Time %",$C18*'B&C Inputs'!K7,IF($D18="Per Bill (Applicable only)",IF($E18=0,0,$C18*(IF('B&C Inputs'!E20="Y",'B&C Inputs'!G7,0))/$E18),IF($D18="Time % (Applicable only)",IF($F18=0,0,$C18*(IF('B&C Inputs'!E20="Y",'B&C Inputs'!K7,0))/$F18),0)))))) -> 0 | H18: =IF($A18="","",IF($D18="Direct $",'B&C Inputs'!L20,IF($D18="Per Bill",$C18*'B&C Inputs'!H8,IF($D18="Time %",$C18*'B&C Inputs'!K8,IF($D18="Per Bill (Applicable only)",IF($E18=0,0,$C18*(IF('B&C Inputs'!F20="Y",'B&C Inputs'!G8,0))/$E18),IF($D18="Time % (Applicable only)",IF($F18=0,0,$C18*(IF('B&C Inputs'!F20="Y",'B&C Inputs'!K8,0))/$F18),0)))))) -> 0 | I18: =IF($A18="","",IF($D18="Direct $",'B&C Inputs'!M20,IF($D18="Per Bill",$C18*'B&C Inputs'!H9,IF($D18="Time %",$C18*'B&C Inputs'!K9,IF($D18="Per Bill (Applicable only)",IF($E18=0,0,$C18*(IF('B&C Inputs'!G20="Y",'B&C Inputs'!G9,0))/$E18),IF($D18="Time % (Applicable only)",IF($F18=0,0,$C18*(IF('B&C Inputs'!G20="Y",'B&C Inputs'!K9,0))/$F18),0)))))) -> 0 | J18: =IF($A18="","",IF($D18="Direct $",'B&C Inputs'!N20,IF($D18="Per Bill",$C18*'B&C Inputs'!H10,IF($D18="Time %",$C18*'B&C Inputs'!K10,IF($D18="Per Bill (Applicable only)",IF($E18=0,0,$C18*(IF('B&C Inputs'!H20="Y",'B&C Inputs'!G10,0))/$E18),IF($D18="Time % (Applicable only)",IF($F18=0,0,$C18*(IF('B&C Inputs'!H20="Y",'B&C Inputs'!K10,0))/$F18),0)))))) -> 0 | K18: =IF($A18="","",IF($D18="Direct $",'B&C Inputs'!O20,IF($D18="Per Bill",$C18*'B&C Inputs'!H11,IF($D18="Time %",$C18*'B&C Inputs'!K11,IF($D18="Per Bill (Applicable only)",IF($E18=0,0,$C18*(IF('B&C Inputs'!I20="Y",'B&C Inputs'!G11,0))/$E18),IF($D18="Time % (Applicable only)",IF($F18=0,0,$C18*(IF('B&C Inputs'!I20="Y",'B&C Inputs'!K11,0))/$F18),0)))))) -> 0 | L18: =IF($A18="","",IF($D18="Direct $",'B&C Inputs'!P20,IF($D18="Per Bill",$C18*'B&C Inputs'!H12,IF($D18="Time %",$C18*'B&C Inputs'!K12,IF($D18="Per Bill (Applicable only)",IF($E18=0,0,$C18*(IF('B&C Inputs'!J20="Y",'B&C Inputs'!G12,0))/$E18),IF($D18="Time % (Applicable only)",IF($F18=0,0,$C18*(IF('B&C Inputs'!J20="Y",'B&C Inputs'!K12,0))/$F18),0)))))) -> 0
A19: ='B&C Inputs'!A21 -> 5330 | B19: ='B&C Inputs'!B21 -> Collection fee | C19: ='B&C Inputs'!C21 -> 0 | D19: ='B&C Inputs'!D21 -> Time % (Applicable only) | E19: =IF($A19="","",(IF('B&C Inputs'!E21="Y",'B&C Inputs'!G7,0)+IF('B&C Inputs'!F21="Y",'B&C Inputs'!G8,0)+IF('B&C Inputs'!G21="Y",'B&C Inputs'!G9,0)+IF('B&C Inputs'!H21="Y",'B&C Inputs'!G10,0)+IF('B&C Inputs'!I21="Y",'B&C Inputs'!G11,0)+IF('B&C Inputs'!J21="Y",'B&C Inputs'!G12,0))) -> 74208 | F19: =IF($A19="","",(IF('B&C Inputs'!E21="Y",'B&C Inputs'!K7,0)+IF('B&C Inputs'!F21="Y",'B&C Inputs'!K8,0)+IF('B&C Inputs'!G21="Y",'B&C Inputs'!K9,0)+IF('B&C Inputs'!H21="Y",'B&C Inputs'!K10,0)+IF('B&C Inputs'!I21="Y",'B&C Inputs'!K11,0)+IF('B&C Inputs'!J21="Y",'B&C Inputs'!K12,0))) -> 1.135 | G19: =IF($A19="","",IF($D19="Direct $",'B&C Inputs'!K21,IF($D19="Per Bill",$C19*'B&C Inputs'!H7,IF($D19="Time %",$C19*'B&C Inputs'!K7,IF($D19="Per Bill (Applicable only)",IF($E19=0,0,$C19*(IF('B&C Inputs'!E21="Y",'B&C Inputs'!G7,0))/$E19),IF($D19="Time % (Applicable only)",IF($F19=0,0,$C19*(IF('B&C Inputs'!E21="Y",'B&C Inputs'!K7,0))/$F19),0)))))) -> 0 | H19: =IF($A19="","",IF($D19="Direct $",'B&C Inputs'!L21,IF($D19="Per Bill",$C19*'B&C Inputs'!H8,IF($D19="Time %",$C19*'B&C Inputs'!K8,IF($D19="Per Bill (Applicable only)",IF($E19=0,0,$C19*(IF('B&C Inputs'!F21="Y",'B&C Inputs'!G8,0))/$E19),IF($D19="Time % (Applicable only)",IF($F19=0,0,$C19*(IF('B&C Inputs'!F21="Y",'B&C Inputs'!K8,0))/$F19),0)))))) -> 0 | I19: =IF($A19="","",IF($D19="Direct $",'B&C Inputs'!M21,IF($D19="Per Bill",$C19*'B&C Inputs'!H9,IF($D19="Time %",$C19*'B&C Inputs'!K9,IF($D19="Per Bill (Applicable only)",IF($E19=0,0,$C19*(IF('B&C Inputs'!G21="Y",'B&C Inputs'!G9,0))/$E19),IF($D19="Time % (Applicable only)",IF($F19=0,0,$C19*(IF('B&C Inputs'!G21="Y",'B&C Inputs'!K9,0))/$F19),0)))))) -> 0 | J19: =IF($A19="","",IF($D19="Direct $",'B&C Inputs'!N21,IF($D19="Per Bill",$C19*'B&C Inputs'!H10,IF($D19="Time %",$C19*'B&C Inputs'!K10,IF($D19="Per Bill (Applicable only)",IF($E19=0,0,$C19*(IF('B&C Inputs'!H21="Y",'B&C Inputs'!G10,0))/$E19),IF($D19="Time % (Applicable only)",IF($F19=0,0,$C19*(IF('B&C Inputs'!H21="Y",'B&C Inputs'!K10,0))/$F19),0)))))) -> 0 | K19: =IF($A19="","",IF($D19="Direct $",'B&C Inputs'!O21,IF($D19="Per Bill",$C19*'B&C Inputs'!H11,IF($D19="Time %",$C19*'B&C Inputs'!K11,IF($D19="Per Bill (Applicable only)",IF($E19=0,0,$C19*(IF('B&C Inputs'!I21="Y",'B&C Inputs'!G11,0))/$E19),IF($D19="Time % (Applicable only)",IF($F19=0,0,$C19*(IF('B&C Inputs'!I21="Y",'B&C Inputs'!K11,0))/$F19),0)))))) -> 0 | L19: =IF($A19="","",IF($D19="Direct $",'B&C Inputs'!P21,IF($D19="Per Bill",$C19*'B&C Inputs'!H12,IF($D19="Time %",$C19*'B&C Inputs'!K12,IF($D19="Per Bill (Applicable only)",IF($E19=0,0,$C19*(IF('B&C Inputs'!J21="Y",'B&C Inputs'!G12,0))/$E19),IF($D19="Time % (Applicable only)",IF($F19=0,0,$C19*(IF('B&C Inputs'!J21="Y",'B&C Inputs'!K12,0))/$F19),0)))))) -> 0
A20: ='B&C Inputs'!A22 -> 5340 | B20: ='B&C Inputs'!B22 -> Billing services | C20: ='B&C Inputs'!C22 -> 8771.2886 | D20: ='B&C Inputs'!D22 -> Per Bill | E20: =IF($A20="","",(IF('B&C Inputs'!E22="Y",'B&C Inputs'!G7,0)+IF('B&C Inputs'!F22="Y",'B&C Inputs'!G8,0)+IF('B&C Inputs'!G22="Y",'B&C Inputs'!G9,0)+IF('B&C Inputs'!H22="Y",'B&C Inputs'!G10,0)+IF('B&C Inputs'!I22="Y",'B&C Inputs'!G11,0)+IF('B&C Inputs'!J22="Y",'B&C Inputs'!G12,0))) -> 75816 | F20: =IF($A20="","",(IF('B&C Inputs'!E22="Y",'B&C Inputs'!K7,0)+IF('B&C Inputs'!F22="Y",'B&C Inputs'!K8,0)+IF('B&C Inputs'!G22="Y",'B&C Inputs'!K9,0)+IF('B&C Inputs'!H22="Y",'B&C Inputs'!K10,0)+IF('B&C Inputs'!I22="Y",'B&C Inputs'!K11,0)+IF('B&C Inputs'!J22="Y",'B&C Inputs'!K12,0))) -> 1.15 | G20: =IF($A20="","",IF($D20="Direct $",'B&C Inputs'!K22,IF($D20="Per Bill",$C20*'B&C Inputs'!H7,IF($D20="Time %",$C20*'B&C Inputs'!K7,IF($D20="Per Bill (Applicable only)",IF($E20=0,0,$C20*(IF('B&C Inputs'!E22="Y",'B&C Inputs'!G7,0))/$E20),IF($D20="Time % (Applicable only)",IF($F20=0,0,$C20*(IF('B&C Inputs'!E22="Y",'B&C Inputs'!K7,0))/$F20),0)))))) -> 7463.5087 | H20: =IF($A20="","",IF($D20="Direct $",'B&C Inputs'!L22,IF($D20="Per Bill",$C20*'B&C Inputs'!H8,IF($D20="Time %",$C20*'B&C Inputs'!K8,IF($D20="Per Bill (Applicable only)",IF($E20=0,0,$C20*(IF('B&C Inputs'!F22="Y",'B&C Inputs'!G8,0))/$E20),IF($D20="Time % (Applicable only)",IF($F20=0,0,$C20*(IF('B&C Inputs'!F22="Y",'B&C Inputs'!K8,0))/$F20),0)))))) -> 1030.1197 | I20: =IF($A20="","",IF($D20="Direct $",'B&C Inputs'!M22,IF($D20="Per Bill",$C20*'B&C Inputs'!H9,IF($D20="Time %",$C20*'B&C Inputs'!K9,IF($D20="Per Bill (Applicable only)",IF($E20=0,0,$C20*(IF('B&C Inputs'!G22="Y",'B&C Inputs'!G9,0))/$E20),IF($D20="Time % (Applicable only)",IF($F20=0,0,$C20*(IF('B&C Inputs'!G22="Y",'B&C Inputs'!K9,0))/$F20),0)))))) -> 91.627896 | J20: =IF($A20="","",IF($D20="Direct $",'B&C Inputs'!N22,IF($D20="Per Bill",$C20*'B&C Inputs'!H10,IF($D20="Time %",$C20*'B&C Inputs'!K10,IF($D20="Per Bill (Applicable only)",IF($E20=0,0,$C20*(IF('B&C Inputs'!H22="Y",'B&C Inputs'!G10,0))/$E20),IF($D20="Time % (Applicable only)",IF($F20=0,0,$C20*(IF('B&C Inputs'!H22="Y",'B&C Inputs'!K10,0))/$F20),0)))))) -> 83.298088 | K20: =IF($A20="","",IF($D20="Direct $",'B&C Inputs'!O22,IF($D20="Per Bill",$C20*'B&C Inputs'!H11,IF($D20="Time %",$C20*'B&C Inputs'!K11,IF($D20="Per Bill (Applicable only)",IF($E20=0,0,$C20*(IF('B&C Inputs'!I22="Y",'B&C Inputs'!G11,0))/$E20),IF($D20="Time % (Applicable only)",IF($F20=0,0,$C20*(IF('B&C Inputs'!I22="Y",'B&C Inputs'!K11,0))/$F20),0)))))) -> 6.9415073 | L20: =IF($A20="","",IF($D20="Direct $",'B&C Inputs'!P22,IF($D20="Per Bill",$C20*'B&C Inputs'!H12,IF($D20="Time %",$C20*'B&C Inputs'!K12,IF($D20="Per Bill (Applicable only)",IF($E20=0,0,$C20*(IF('B&C Inputs'!J22="Y",'B&C Inputs'!G12,0))/$E20),IF($D20="Time % (Applicable only)",IF($F20=0,0,$C20*(IF('B&C Inputs'!J22="Y",'B&C Inputs'!K12,0))/$F20),0)))))) -> 95.792801
A21: ='B&C Inputs'!A23 -> 0 | B21: ='B&C Inputs'!B23 -> 0 | C21: ='B&C Inputs'!C23 -> 0 | D21: ='B&C Inputs'!D23 -> 0 | E21: =IF($A21="","",(IF('B&C Inputs'!E23="Y",'B&C Inputs'!G7,0)+IF('B&C Inputs'!F23="Y",'B&C Inputs'!G8,0)+IF('B&C Inputs'!G23="Y",'B&C Inputs'!G9,0)+IF('B&C Inputs'!H23="Y",'B&C Inputs'!G10,0)+IF('B&C Inputs'!I23="Y",'B&C Inputs'!G11,0)+IF('B&C Inputs'!J23="Y",'B&C Inputs'!G12,0))) -> 75816 | F21: =IF($A21="","",(IF('B&C Inputs'!E23="Y",'B&C Inputs'!K7,0)+IF('B&C Inputs'!F23="Y",'B&C Inputs'!K8,0)+IF('B&C Inputs'!G23="Y",'B&C Inputs'!K9,0)+IF('B&C Inputs'!H23="Y",'B&C Inputs'!K10,0)+IF('B&C Inputs'!I23="Y",'B&C Inputs'!K11,0)+IF('B&C Inputs'!J23="Y",'B&C Inputs'!K12,0))) -> 1.15 | G21: =IF($A21="","",IF($D21="Direct $",'B&C Inputs'!K23,IF($D21="Per Bill",$C21*'B&C Inputs'!H7,IF($D21="Time %",$C21*'B&C Inputs'!K7,IF($D21="Per Bill (Applicable only)",IF($E21=0,0,$C21*(IF('B&C Inputs'!E23="Y",'B&C Inputs'!G7,0))/$E21),IF($D21="Time % (Applicable only)",IF($F21=0,0,$C21*(IF('B&C Inputs'!E23="Y",'B&C Inputs'!K7,0))/$F21),0)))))) -> 0 | H21: =IF($A21="","",IF($D21="Direct $",'B&C Inputs'!L23,IF($D21="Per Bill",$C21*'B&C Inputs'!H8,IF($D21="Time %",$C21*'B&C Inputs'!K8,IF($D21="Per Bill (Applicable only)",IF($E21=0,0,$C21*(IF('B&C Inputs'!F23="Y",'B&C Inputs'!G8,0))/$E21),IF($D21="Time % (Applicable only)",IF($F21=0,0,$C21*(IF('B&C Inputs'!F23="Y",'B&C Inputs'!K8,0))/$F21),0)))))) -> 0 | I21: =IF($A21="","",IF($D21="Direct $",'B&C Inputs'!M23,IF($D21="Per Bill",$C21*'B&C Inputs'!H9,IF($D21="Time %",$C21*'B&C Inputs'!K9,IF($D21="Per Bill (Applicable only)",IF($E21=0,0,$C21*(IF('B&C Inputs'!G23="Y",'B&C Inputs'!G9,0))/$E21),IF($D21="Time % (Applicable only)",IF($F21=0,0,$C21*(IF('B&C Inputs'!G23="Y",'B&C Inputs'!K9,0))/$F21),0)))))) -> 0 | J21: =IF($A21="","",IF($D21="Direct $",'B&C Inputs'!N23,IF($D21="Per Bill",$C21*'B&C Inputs'!H10,IF($D21="Time %",$C21*'B&C Inputs'!K10,IF($D21="Per Bill (Applicable only)",IF($E21=0,0,$C21*(IF('B&C Inputs'!H23="Y",'B&C Inputs'!G10,0))/$E21),IF($D21="Time % (Applicable only)",IF($F21=0,0,$C21*(IF('B&C Inputs'!H23="Y",'B&C Inputs'!K10,0))/$F21),0)))))) -> 0 | K21: =IF($A21="","",IF($D21="Direct $",'B&C Inputs'!O23,IF($D21="Per Bill",$C21*'B&C Inputs'!H11,IF($D21="Time %",$C21*'B&C Inputs'!K11,IF($D21="Per Bill (Applicable only)",IF($E21=0,0,$C21*(IF('B&C Inputs'!I23="Y",'B&C Inputs'!G11,0))/$E21),IF($D21="Time % (Applicable only)",IF($F21=0,0,$C21*(IF('B&C Inputs'!I23="Y",'B&C Inputs'!K11,0))/$F21),0)))))) -> 0 | L21: =IF($A21="","",IF($D21="Direct $",'B&C Inputs'!P23,IF($D21="Per Bill",$C21*'B&C Inputs'!H12,IF($D21="Time %",$C21*'B&C Inputs'!K12,IF($D21="Per Bill (Applicable only)",IF($E21=0,0,$C21*(IF('B&C Inputs'!J23="Y",'B&C Inputs'!G12,0))/$E21),IF($D21="Time % (Applicable only)",IF($F21=0,0,$C21*(IF('B&C Inputs'!J23="Y",'B&C Inputs'!K12,0))/$F21),0)))))) -> 0
A22: ='B&C Inputs'!A24 -> 0 | B22: ='B&C Inputs'!B24 -> 0 | C22: ='B&C Inputs'!C24 -> 0 | D22: ='B&C Inputs'!D24 -> 0 | E22: =IF($A22="","",(IF('B&C Inputs'!E24="Y",'B&C Inputs'!G7,0)+IF('B&C Inputs'!F24="Y",'B&C Inputs'!G8,0)+IF('B&C Inputs'!G24="Y",'B&C Inputs'!G9,0)+IF('B&C Inputs'!H24="Y",'B&C Inputs'!G10,0)+IF('B&C Inputs'!I24="Y",'B&C Inputs'!G11,0)+IF('B&C Inputs'!J24="Y",'B&C Inputs'!G12,0))) -> 75816 | F22: =IF($A22="","",(IF('B&C Inputs'!E24="Y",'B&C Inputs'!K7,0)+IF('B&C Inputs'!F24="Y",'B&C Inputs'!K8,0)+IF('B&C Inputs'!G24="Y",'B&C Inputs'!K9,0)+IF('B&C Inputs'!H24="Y",'B&C Inputs'!K10,0)+IF('B&C Inputs'!I24="Y",'B&C Inputs'!K11,0)+IF('B&C Inputs'!J24="Y",'B&C Inputs'!K12,0))) -> 1.15 | G22: =IF($A22="","",IF($D22="Direct $",'B&C Inputs'!K24,IF($D22="Per Bill",$C22*'B&C Inputs'!H7,IF($D22="Time %",$C22*'B&C Inputs'!K7,IF($D22="Per Bill (Applicable only)",IF($E22=0,0,$C22*(IF('B&C Inputs'!E24="Y",'B&C Inputs'!G7,0))/$E22),IF($D22="Time % (Applicable only)",IF($F22=0,0,$C22*(IF('B&C Inputs'!E24="Y",'B&C Inputs'!K7,0))/$F22),0)))))) -> 0 | H22: =IF($A22="","",IF($D22="Direct $",'B&C Inputs'!L24,IF($D22="Per Bill",$C22*'B&C Inputs'!H8,IF($D22="Time %",$C22*'B&C Inputs'!K8,IF($D22="Per Bill (Applicable only)",IF($E22=0,0,$C22*(IF('B&C Inputs'!F24="Y",'B&C Inputs'!G8,0))/$E22),IF($D22="Time % (Applicable only)",IF($F22=0,0,$C22*(IF('B&C Inputs'!F24="Y",'B&C Inputs'!K8,0))/$F22),0)))))) -> 0 | I22: =IF($A22="","",IF($D22="Direct $",'B&C Inputs'!M24,IF($D22="Per Bill",$C22*'B&C Inputs'!H9,IF($D22="Time %",$C22*'B&C Inputs'!K9,IF($D22="Per Bill (Applicable only)",IF($E22=0,0,$C22*(IF('B&C Inputs'!G24="Y",'B&C Inputs'!G9,0))/$E22),IF($D22="Time % (Applicable only)",IF($F22=0,0,$C22*(IF('B&C Inputs'!G24="Y",'B&C Inputs'!K9,0))/$F22),0)))))) -> 0 | J22: =IF($A22="","",IF($D22="Direct $",'B&C Inputs'!N24,IF($D22="Per Bill",$C22*'B&C Inputs'!H10,IF($D22="Time %",$C22*'B&C Inputs'!K10,IF($D22="Per Bill (Applicable only)",IF($E22=0,0,$C22*(IF('B&C Inputs'!H24="Y",'B&C Inputs'!G10,0))/$E22),IF($D22="Time % (Applicable only)",IF($F22=0,0,$C22*(IF('B&C Inputs'!H24="Y",'B&C Inputs'!K10,0))/$F22),0)))))) -> 0 | K22: =IF($A22="","",IF($D22="Direct $",'B&C Inputs'!O24,IF($D22="Per Bill",$C22*'B&C Inputs'!H11,IF($D22="Time %",$C22*'B&C Inputs'!K11,IF($D22="Per Bill (Applicable only)",IF($E22=0,0,$C22*(IF('B&C Inputs'!I24="Y",'B&C Inputs'!G11,0))/$E22),IF($D22="Time % (Applicable only)",IF($F22=0,0,$C22*(IF('B&C Inputs'!I24="Y",'B&C Inputs'!K11,0))/$F22),0)))))) -> 0 | L22: =IF($A22="","",IF($D22="Direct $",'B&C Inputs'!P24,IF($D22="Per Bill",$C22*'B&C Inputs'!H12,IF($D22="Time %",$C22*'B&C Inputs'!K12,IF($D22="Per Bill (Applicable only)",IF($E22=0,0,$C22*(IF('B&C Inputs'!J24="Y",'B&C Inputs'!G12,0))/$E22),IF($D22="Time % (Applicable only)",IF($F22=0,0,$C22*(IF('B&C Inputs'!J24="Y",'B&C Inputs'!K12,0))/$F22),0)))))) -> 0
A23: ='B&C Inputs'!A25 -> 0 | B23: ='B&C Inputs'!B25 -> 0 | C23: ='B&C Inputs'!C25 -> 0 | D23: ='B&C Inputs'!D25 -> 0 | E23: =IF($A23="","",(IF('B&C Inputs'!E25="Y",'B&C Inputs'!G7,0)+IF('B&C Inputs'!F25="Y",'B&C Inputs'!G8,0)+IF('B&C Inputs'!G25="Y",'B&C Inputs'!G9,0)+IF('B&C Inputs'!H25="Y",'B&C Inputs'!G10,0)+IF('B&C Inputs'!I25="Y",'B&C Inputs'!G11,0)+IF('B&C Inputs'!J25="Y",'B&C Inputs'!G12,0))) -> 75816 | F23: =IF($A23="","",(IF('B&C Inputs'!E25="Y",'B&C Inputs'!K7,0)+IF('B&C Inputs'!F25="Y",'B&C Inputs'!K8,0)+IF('B&C Inputs'!G25="Y",'B&C Inputs'!K9,0)+IF('B&C Inputs'!H25="Y",'B&C Inputs'!K10,0)+IF('B&C Inputs'!I25="Y",'B&C Inputs'!K11,0)+IF('B&C Inputs'!J25="Y",'B&C Inputs'!K12,0))) -> 1.15 | G23: =IF($A23="","",IF($D23="Direct $",'B&C Inputs'!K25,IF($D23="Per Bill",$C23*'B&C Inputs'!H7,IF($D23="Time %",$C23*'B&C Inputs'!K7,IF($D23="Per Bill (Applicable only)",IF($E23=0,0,$C23*(IF('B&C Inputs'!E25="Y",'B&C Inputs'!G7,0))/$E23),IF($D23="Time % (Applicable only)",IF($F23=0,0,$C23*(IF('B&C Inputs'!E25="Y",'B&C Inputs'!K7,0))/$F23),0)))))) -> 0 | H23: =IF($A23="","",IF($D23="Direct $",'B&C Inputs'!L25,IF($D23="Per Bill",$C23*'B&C Inputs'!H8,IF($D23="Time %",$C23*'B&C Inputs'!K8,IF($D23="Per Bill (Applicable only)",IF($E23=0,0,$C23*(IF('B&C Inputs'!F25="Y",'B&C Inputs'!G8,0))/$E23),IF($D23="Time % (Applicable only)",IF($F23=0,0,$C23*(IF('B&C Inputs'!F25="Y",'B&C Inputs'!K8,0))/$F23),0)))))) -> 0 | I23: =IF($A23="","",IF($D23="Direct $",'B&C Inputs'!M25,IF($D23="Per Bill",$C23*'B&C Inputs'!H9,IF($D23="Time %",$C23*'B&C Inputs'!K9,IF($D23="Per Bill (Applicable only)",IF($E23=0,0,$C23*(IF('B&C Inputs'!G25="Y",'B&C Inputs'!G9,0))/$E23),IF($D23="Time % (Applicable only)",IF($F23=0,0,$C23*(IF('B&C Inputs'!G25="Y",'B&C Inputs'!K9,0))/$F23),0)))))) -> 0 | J23: =IF($A23="","",IF($D23="Direct $",'B&C Inputs'!N25,IF($D23="Per Bill",$C23*'B&C Inputs'!H10,IF($D23="Time %",$C23*'B&C Inputs'!K10,IF($D23="Per Bill (Applicable only)",IF($E23=0,0,$C23*(IF('B&C Inputs'!H25="Y",'B&C Inputs'!G10,0))/$E23),IF($D23="Time % (Applicable only)",IF($F23=0,0,$C23*(IF('B&C Inputs'!H25="Y",'B&C Inputs'!K10,0))/$F23),0)))))) -> 0 | K23: =IF($A23="","",IF($D23="Direct $",'B&C Inputs'!O25,IF($D23="Per Bill",$C23*'B&C Inputs'!H11,IF($D23="Time %",$C23*'B&C Inputs'!K11,IF($D23="Per Bill (Applicable only)",IF($E23=0,0,$C23*(IF('B&C Inputs'!I25="Y",'B&C Inputs'!G11,0))/$E23),IF($D23="Time % (Applicable only)",IF($F23=0,0,$C23*(IF('B&C Inputs'!I25="Y",'B&C Inputs'!K11,0))/$F23),0)))))) -> 0 | L23: =IF($A23="","",IF($D23="Direct $",'B&C Inputs'!P25,IF($D23="Per Bill",$C23*'B&C Inputs'!H12,IF($D23="Time %",$C23*'B&C Inputs'!K12,IF($D23="Per Bill (Applicable only)",IF($E23=0,0,$C23*(IF('B&C Inputs'!J25="Y",'B&C Inputs'!G12,0))/$E23),IF($D23="Time % (Applicable only)",IF($F23=0,0,$C23*(IF('B&C Inputs'!J25="Y",'B&C Inputs'!K12,0))/$F23),0)))))) -> 0
A24: ='B&C Inputs'!A26 -> 0 | B24: ='B&C Inputs'!B26 -> 0 | C24: ='B&C Inputs'!C26 -> 0 | D24: ='B&C Inputs'!D26 -> 0 | E24: =IF($A24="","",(IF('B&C Inputs'!E26="Y",'B&C Inputs'!G7,0)+IF('B&C Inputs'!F26="Y",'B&C Inputs'!G8,0)+IF('B&C Inputs'!G26="Y",'B&C Inputs'!G9,0)+IF('B&C Inputs'!H26="Y",'B&C Inputs'!G10,0)+IF('B&C Inputs'!I26="Y",'B&C Inputs'!G11,0)+IF('B&C Inputs'!J26="Y",'B&C Inputs'!G12,0))) -> 75816 | F24: =IF($A24="","",(IF('B&C Inputs'!E26="Y",'B&C Inputs'!K7,0)+IF('B&C Inputs'!F26="Y",'B&C Inputs'!K8,0)+IF('B&C Inputs'!G26="Y",'B&C Inputs'!K9,0)+IF('B&C Inputs'!H26="Y",'B&C Inputs'!K10,0)+IF('B&C Inputs'!I26="Y",'B&C Inputs'!K11,0)+IF('B&C Inputs'!J26="Y",'B&C Inputs'!K12,0))) -> 1.15 | G24: =IF($A24="","",IF($D24="Direct $",'B&C Inputs'!K26,IF($D24="Per Bill",$C24*'B&C Inputs'!H7,IF($D24="Time %",$C24*'B&C Inputs'!K7,IF($D24="Per Bill (Applicable only)",IF($E24=0,0,$C24*(IF('B&C Inputs'!E26="Y",'B&C Inputs'!G7,0))/$E24),IF($D24="Time % (Applicable only)",IF($F24=0,0,$C24*(IF('B&C Inputs'!E26="Y",'B&C Inputs'!K7,0))/$F24),0)))))) -> 0 | H24: =IF($A24="","",IF($D24="Direct $",'B&C Inputs'!L26,IF($D24="Per Bill",$C24*'B&C Inputs'!H8,IF($D24="Time %",$C24*'B&C Inputs'!K8,IF($D24="Per Bill (Applicable only)",IF($E24=0,0,$C24*(IF('B&C Inputs'!F26="Y",'B&C Inputs'!G8,0))/$E24),IF($D24="Time % (Applicable only)",IF($F24=0,0,$C24*(IF('B&C Inputs'!F26="Y",'B&C Inputs'!K8,0))/$F24),0)))))) -> 0 | I24: =IF($A24="","",IF($D24="Direct $",'B&C Inputs'!M26,IF($D24="Per Bill",$C24*'B&C Inputs'!H9,IF($D24="Time %",$C24*'B&C Inputs'!K9,IF($D24="Per Bill (Applicable only)",IF($E24=0,0,$C24*(IF('B&C Inputs'!G26="Y",'B&C Inputs'!G9,0))/$E24),IF($D24="Time % (Applicable only)",IF($F24=0,0,$C24*(IF('B&C Inputs'!G26="Y",'B&C Inputs'!K9,0))/$F24),0)))))) -> 0 | J24: =IF($A24="","",IF($D24="Direct $",'B&C Inputs'!N26,IF($D24="Per Bill",$C24*'B&C Inputs'!H10,IF($D24="Time %",$C24*'B&C Inputs'!K10,IF($D24="Per Bill (Applicable only)",IF($E24=0,0,$C24*(IF('B&C Inputs'!H26="Y",'B&C Inputs'!G10,0))/$E24),IF($D24="Time % (Applicable only)",IF($F24=0,0,$C24*(IF('B&C Inputs'!H26="Y",'B&C Inputs'!K10,0))/$F24),0)))))) -> 0 | K24: =IF($A24="","",IF($D24="Direct $",'B&C Inputs'!O26,IF($D24="Per Bill",$C24*'B&C Inputs'!H11,IF($D24="Time %",$C24*'B&C Inputs'!K11,IF($D24="Per Bill (Applicable only)",IF($E24=0,0,$C24*(IF('B&C Inputs'!I26="Y",'B&C Inputs'!G11,0))/$E24),IF($D24="Time % (Applicable only)",IF($F24=0,0,$C24*(IF('B&C Inputs'!I26="Y",'B&C Inputs'!K11,0))/$F24),0)))))) -> 0 | L24: =IF($A24="","",IF($D24="Direct $",'B&C Inputs'!P26,IF($D24="Per Bill",$C24*'B&C Inputs'!H12,IF($D24="Time %",$C24*'B&C Inputs'!K12,IF($D24="Per Bill (Applicable only)",IF($E24=0,0,$C24*(IF('B&C Inputs'!J26="Y",'B&C Inputs'!G12,0))/$E24),IF($D24="Time % (Applicable only)",IF($F24=0,0,$C24*(IF('B&C Inputs'!J26="Y",'B&C Inputs'!K12,0))/$F24),0)))))) -> 0
A25: ='B&C Inputs'!A27 -> 0 | B25: ='B&C Inputs'!B27 -> 0 | C25: ='B&C Inputs'!C27 -> 0 | D25: ='B&C Inputs'!D27 -> 0 | E25: =IF($A25="","",(IF('B&C Inputs'!E27="Y",'B&C Inputs'!G7,0)+IF('B&C Inputs'!F27="Y",'B&C Inputs'!G8,0)+IF('B&C Inputs'!G27="Y",'B&C Inputs'!G9,0)+IF('B&C Inputs'!H27="Y",'B&C Inputs'!G10,0)+IF('B&C Inputs'!I27="Y",'B&C Inputs'!G11,0)+IF('B&C Inputs'!J27="Y",'B&C Inputs'!G12,0))) -> 75816 | F25: =IF($A25="","",(IF('B&C Inputs'!E27="Y",'B&C Inputs'!K7,0)+IF('B&C Inputs'!F27="Y",'B&C Inputs'!K8,0)+IF('B&C Inputs'!G27="Y",'B&C Inputs'!K9,0)+IF('B&C Inputs'!H27="Y",'B&C Inputs'!K10,0)+IF('B&C Inputs'!I27="Y",'B&C Inputs'!K11,0)+IF('B&C Inputs'!J27="Y",'B&C Inputs'!K12,0))) -> 1.15 | G25: =IF($A25="","",IF($D25="Direct $",'B&C Inputs'!K27,IF($D25="Per Bill",$C25*'B&C Inputs'!H7,IF($D25="Time %",$C25*'B&C Inputs'!K7,IF($D25="Per Bill (Applicable only)",IF($E25=0,0,$C25*(IF('B&C Inputs'!E27="Y",'B&C Inputs'!G7,0))/$E25),IF($D25="Time % (Applicable only)",IF($F25=0,0,$C25*(IF('B&C Inputs'!E27="Y",'B&C Inputs'!K7,0))/$F25),0)))))) -> 0 | H25: =IF($A25="","",IF($D25="Direct $",'B&C Inputs'!L27,IF($D25="Per Bill",$C25*'B&C Inputs'!H8,IF($D25="Time %",$C25*'B&C Inputs'!K8,IF($D25="Per Bill (Applicable only)",IF($E25=0,0,$C25*(IF('B&C Inputs'!F27="Y",'B&C Inputs'!G8,0))/$E25),IF($D25="Time % (Applicable only)",IF($F25=0,0,$C25*(IF('B&C Inputs'!F27="Y",'B&C Inputs'!K8,0))/$F25),0)))))) -> 0 | I25: =IF($A25="","",IF($D25="Direct $",'B&C Inputs'!M27,IF($D25="Per Bill",$C25*'B&C Inputs'!H9,IF($D25="Time %",$C25*'B&C Inputs'!K9,IF($D25="Per Bill (Applicable only)",IF($E25=0,0,$C25*(IF('B&C Inputs'!G27="Y",'B&C Inputs'!G9,0))/$E25),IF($D25="Time % (Applicable only)",IF($F25=0,0,$C25*(IF('B&C Inputs'!G27="Y",'B&C Inputs'!K9,0))/$F25),0)))))) -> 0 | J25: =IF($A25="","",IF($D25="Direct $",'B&C Inputs'!N27,IF($D25="Per Bill",$C25*'B&C Inputs'!H10,IF($D25="Time %",$C25*'B&C Inputs'!K10,IF($D25="Per Bill (Applicable only)",IF($E25=0,0,$C25*(IF('B&C Inputs'!H27="Y",'B&C Inputs'!G10,0))/$E25),IF($D25="Time % (Applicable only)",IF($F25=0,0,$C25*(IF('B&C Inputs'!H27="Y",'B&C Inputs'!K10,0))/$F25),0)))))) -> 0 | K25: =IF($A25="","",IF($D25="Direct $",'B&C Inputs'!O27,IF($D25="Per Bill",$C25*'B&C Inputs'!H11,IF($D25="Time %",$C25*'B&C Inputs'!K11,IF($D25="Per Bill (Applicable only)",IF($E25=0,0,$C25*(IF('B&C Inputs'!I27="Y",'B&C Inputs'!G11,0))/$E25),IF($D25="Time % (Applicable only)",IF($F25=0,0,$C25*(IF('B&C Inputs'!I27="Y",'B&C Inputs'!K11,0))/$F25),0)))))) -> 0 | L25: =IF($A25="","",IF($D25="Direct $",'B&C Inputs'!P27,IF($D25="Per Bill",$C25*'B&C Inputs'!H12,IF($D25="Time %",$C25*'B&C Inputs'!K12,IF($D25="Per Bill (Applicable only)",IF($E25=0,0,$C25*(IF('B&C Inputs'!J27="Y",'B&C Inputs'!G12,0))/$E25),IF($D25="Time % (Applicable only)",IF($F25=0,0,$C25*(IF('B&C Inputs'!J27="Y",'B&C Inputs'!K12,0))/$F25),0)))))) -> 0
A26: ='B&C Inputs'!A28 -> 0 | B26: ='B&C Inputs'!B28 -> 0 | C26: ='B&C Inputs'!C28 -> 0 | D26: ='B&C Inputs'!D28 -> 0 | E26: =IF($A26="","",(IF('B&C Inputs'!E28="Y",'B&C Inputs'!G7,0)+IF('B&C Inputs'!F28="Y",'B&C Inputs'!G8,0)+IF('B&C Inputs'!G28="Y",'B&C Inputs'!G9,0)+IF('B&C Inputs'!H28="Y",'B&C Inputs'!G10,0)+IF('B&C Inputs'!I28="Y",'B&C Inputs'!G11,0)+IF('B&C Inputs'!J28="Y",'B&C Inputs'!G12,0))) -> 75816 | F26: =IF($A26="","",(IF('B&C Inputs'!E28="Y",'B&C Inputs'!K7,0)+IF('B&C Inputs'!F28="Y",'B&C Inputs'!K8,0)+IF('B&C Inputs'!G28="Y",'B&C Inputs'!K9,0)+IF('B&C Inputs'!H28="Y",'B&C Inputs'!K10,0)+IF('B&C Inputs'!I28="Y",'B&C Inputs'!K11,0)+IF('B&C Inputs'!J28="Y",'B&C Inputs'!K12,0))) -> 1.15 | G26: =IF($A26="","",IF($D26="Direct $",'B&C Inputs'!K28,IF($D26="Per Bill",$C26*'B&C Inputs'!H7,IF($D26="Time %",$C26*'B&C Inputs'!K7,IF($D26="Per Bill (Applicable only)",IF($E26=0,0,$C26*(IF('B&C Inputs'!E28="Y",'B&C Inputs'!G7,0))/$E26),IF($D26="Time % (Applicable only)",IF($F26=0,0,$C26*(IF('B&C Inputs'!E28="Y",'B&C Inputs'!K7,0))/$F26),0)))))) -> 0 | H26: =IF($A26="","",IF($D26="Direct $",'B&C Inputs'!L28,IF($D26="Per Bill",$C26*'B&C Inputs'!H8,IF($D26="Time %",$C26*'B&C Inputs'!K8,IF($D26="Per Bill (Applicable only)",IF($E26=0,0,$C26*(IF('B&C Inputs'!F28="Y",'B&C Inputs'!G8,0))/$E26),IF($D26="Time % (Applicable only)",IF($F26=0,0,$C26*(IF('B&C Inputs'!F28="Y",'B&C Inputs'!K8,0))/$F26),0)))))) -> 0 | I26: =IF($A26="","",IF($D26="Direct $",'B&C Inputs'!M28,IF($D26="Per Bill",$C26*'B&C Inputs'!H9,IF($D26="Time %",$C26*'B&C Inputs'!K9,IF($D26="Per Bill (Applicable only)",IF($E26=0,0,$C26*(IF('B&C Inputs'!G28="Y",'B&C Inputs'!G9,0))/$E26),IF($D26="Time % (Applicable only)",IF($F26=0,0,$C26*(IF('B&C Inputs'!G28="Y",'B&C Inputs'!K9,0))/$F26),0)))))) -> 0 | J26: =IF($A26="","",IF($D26="Direct $",'B&C Inputs'!N28,IF($D26="Per Bill",$C26*'B&C Inputs'!H10,IF($D26="Time %",$C26*'B&C Inputs'!K10,IF($D26="Per Bill (Applicable only)",IF($E26=0,0,$C26*(IF('B&C Inputs'!H28="Y",'B&C Inputs'!G10,0))/$E26),IF($D26="Time % (Applicable only)",IF($F26=0,0,$C26*(IF('B&C Inputs'!H28="Y",'B&C Inputs'!K10,0))/$F26),0)))))) -> 0 | K26: =IF($A26="","",IF($D26="Direct $",'B&C Inputs'!O28,IF($D26="Per Bill",$C26*'B&C Inputs'!H11,IF($D26="Time %",$C26*'B&C Inputs'!K11,IF($D26="Per Bill (Applicable only)",IF($E26=0,0,$C26*(IF('B&C Inputs'!I28="Y",'B&C Inputs'!G11,0))/$E26),IF($D26="Time % (Applicable only)",IF($F26=0,0,$C26*(IF('B&C Inputs'!I28="Y",'B&C Inputs'!K11,0))/$F26),0)))))) -> 0 | L26: =IF($A26="","",IF($D26="Direct $",'B&C Inputs'!P28,IF($D26="Per Bill",$C26*'B&C Inputs'!H12,IF($D26="Time %",$C26*'B&C Inputs'!K12,IF($D26="Per Bill (Applicable only)",IF($E26=0,0,$C26*(IF('B&C Inputs'!J28="Y",'B&C Inputs'!G12,0))/$E26),IF($D26="Time % (Applicable only)",IF($F26=0,0,$C26*(IF('B&C Inputs'!J28="Y",'B&C Inputs'!K12,0))/$F26),0)))))) -> 0
A27: ='B&C Inputs'!A29 -> 0 | B27: ='B&C Inputs'!B29 -> 0 | C27: ='B&C Inputs'!C29 -> 0 | D27: ='B&C Inputs'!D29 -> 0 | E27: =IF($A27="","",(IF('B&C Inputs'!E29="Y",'B&C Inputs'!G7,0)+IF('B&C Inputs'!F29="Y",'B&C Inputs'!G8,0)+IF('B&C Inputs'!G29="Y",'B&C Inputs'!G9,0)+IF('B&C Inputs'!H29="Y",'B&C Inputs'!G10,0)+IF('B&C Inputs'!I29="Y",'B&C Inputs'!G11,0)+IF('B&C Inputs'!J29="Y",'B&C Inputs'!G12,0))) -> 75816 | F27: =IF($A27="","",(IF('B&C Inputs'!E29="Y",'B&C Inputs'!K7,0)+IF('B&C Inputs'!F29="Y",'B&C Inputs'!K8,0)+IF('B&C Inputs'!G29="Y",'B&C Inputs'!K9,0)+IF('B&C Inputs'!H29="Y",'B&C Inputs'!K10,0)+IF('B&C Inputs'!I29="Y",'B&C Inputs'!K11,0)+IF('B&C Inputs'!J29="Y",'B&C Inputs'!K12,0))) -> 1.15 | G27: =IF($A27="","",IF($D27="Direct $",'B&C Inputs'!K29,IF($D27="Per Bill",$C27*'B&C Inputs'!H7,IF($D27="Time %",$C27*'B&C Inputs'!K7,IF($D27="Per Bill (Applicable only)",IF($E27=0,0,$C27*(IF('B&C Inputs'!E29="Y",'B&C Inputs'!G7,0))/$E27),IF($D27="Time % (Applicable only)",IF($F27=0,0,$C27*(IF('B&C Inputs'!E29="Y",'B&C Inputs'!K7,0))/$F27),0)))))) -> 0 | H27: =IF($A27="","",IF($D27="Direct $",'B&C Inputs'!L29,IF($D27="Per Bill",$C27*'B&C Inputs'!H8,IF($D27="Time %",$C27*'B&C Inputs'!K8,IF($D27="Per Bill (Applicable only)",IF($E27=0,0,$C27*(IF('B&C Inputs'!F29="Y",'B&C Inputs'!G8,0))/$E27),IF($D27="Time % (Applicable only)",IF($F27=0,0,$C27*(IF('B&C Inputs'!F29="Y",'B&C Inputs'!K8,0))/$F27),0)))))) -> 0 | I27: =IF($A27="","",IF($D27="Direct $",'B&C Inputs'!M29,IF($D27="Per Bill",$C27*'B&C Inputs'!H9,IF($D27="Time %",$C27*'B&C Inputs'!K9,IF($D27="Per Bill (Applicable only)",IF($E27=0,0,$C27*(IF('B&C Inputs'!G29="Y",'B&C Inputs'!G9,0))/$E27),IF($D27="Time % (Applicable only)",IF($F27=0,0,$C27*(IF('B&C Inputs'!G29="Y",'B&C Inputs'!K9,0))/$F27),0)))))) -> 0 | J27: =IF($A27="","",IF($D27="Direct $",'B&C Inputs'!N29,IF($D27="Per Bill",$C27*'B&C Inputs'!H10,IF($D27="Time %",$C27*'B&C Inputs'!K10,IF($D27="Per Bill (Applicable only)",IF($E27=0,0,$C27*(IF('B&C Inputs'!H29="Y",'B&C Inputs'!G10,0))/$E27),IF($D27="Time % (Applicable only)",IF($F27=0,0,$C27*(IF('B&C Inputs'!H29="Y",'B&C Inputs'!K10,0))/$F27),0)))))) -> 0 | K27: =IF($A27="","",IF($D27="Direct $",'B&C Inputs'!O29,IF($D27="Per Bill",$C27*'B&C Inputs'!H11,IF($D27="Time %",$C27*'B&C Inputs'!K11,IF($D27="Per Bill (Applicable only)",IF($E27=0,0,$C27*(IF('B&C Inputs'!I29="Y",'B&C Inputs'!G11,0))/$E27),IF($D27="Time % (Applicable only)",IF($F27=0,0,$C27*(IF('B&C Inputs'!I29="Y",'B&C Inputs'!K11,0))/$F27),0)))))) -> 0 | L27: =IF($A27="","",IF($D27="Direct $",'B&C Inputs'!P29,IF($D27="Per Bill",$C27*'B&C Inputs'!H12,IF($D27="Time %",$C27*'B&C Inputs'!K12,IF($D27="Per Bill (Applicable only)",IF($E27=0,0,$C27*(IF('B&C Inputs'!J29="Y",'B&C Inputs'!G12,0))/$E27),IF($D27="Time % (Applicable only)",IF($F27=0,0,$C27*(IF('B&C Inputs'!J29="Y",'B&C Inputs'!K12,0))/$F27),0)))))) -> 0
A28: ='B&C Inputs'!A30 -> 0 | B28: ='B&C Inputs'!B30 -> 0 | C28: ='B&C Inputs'!C30 -> 0 | D28: ='B&C Inputs'!D30 -> 0 | E28: =IF($A28="","",(IF('B&C Inputs'!E30="Y",'B&C Inputs'!G7,0)+IF('B&C Inputs'!F30="Y",'B&C Inputs'!G8,0)+IF('B&C Inputs'!G30="Y",'B&C Inputs'!G9,0)+IF('B&C Inputs'!H30="Y",'B&C Inputs'!G10,0)+IF('B&C Inputs'!I30="Y",'B&C Inputs'!G11,0)+IF('B&C Inputs'!J30="Y",'B&C Inputs'!G12,0))) -> 75816 | F28: =IF($A28="","",(IF('B&C Inputs'!E30="Y",'B&C Inputs'!K7,0)+IF('B&C Inputs'!F30="Y",'B&C Inputs'!K8,0)+IF('B&C Inputs'!G30="Y",'B&C Inputs'!K9,0)+IF('B&C Inputs'!H30="Y",'B&C Inputs'!K10,0)+IF('B&C Inputs'!I30="Y",'B&C Inputs'!K11,0)+IF('B&C Inputs'!J30="Y",'B&C Inputs'!K12,0))) -> 1.15 | G28: =IF($A28="","",IF($D28="Direct $",'B&C Inputs'!K30,IF($D28="Per Bill",$C28*'B&C Inputs'!H7,IF($D28="Time %",$C28*'B&C Inputs'!K7,IF($D28="Per Bill (Applicable only)",IF($E28=0,0,$C28*(IF('B&C Inputs'!E30="Y",'B&C Inputs'!G7,0))/$E28),IF($D28="Time % (Applicable only)",IF($F28=0,0,$C28*(IF('B&C Inputs'!E30="Y",'B&C Inputs'!K7,0))/$F28),0)))))) -> 0 | H28: =IF($A28="","",IF($D28="Direct $",'B&C Inputs'!L30,IF($D28="Per Bill",$C28*'B&C Inputs'!H8,IF($D28="Time %",$C28*'B&C Inputs'!K8,IF($D28="Per Bill (Applicable only)",IF($E28=0,0,$C28*(IF('B&C Inputs'!F30="Y",'B&C Inputs'!G8,0))/$E28),IF($D28="Time % (Applicable only)",IF($F28=0,0,$C28*(IF('B&C Inputs'!F30="Y",'B&C Inputs'!K8,0))/$F28),0)))))) -> 0 | I28: =IF($A28="","",IF($D28="Direct $",'B&C Inputs'!M30,IF($D28="Per Bill",$C28*'B&C Inputs'!H9,IF($D28="Time %",$C28*'B&C Inputs'!K9,IF($D28="Per Bill (Applicable only)",IF($E28=0,0,$C28*(IF('B&C Inputs'!G30="Y",'B&C Inputs'!G9,0))/$E28),IF($D28="Time % (Applicable only)",IF($F28=0,0,$C28*(IF('B&C Inputs'!G30="Y",'B&C Inputs'!K9,0))/$F28),0)))))) -> 0 | J28: =IF($A28="","",IF($D28="Direct $",'B&C Inputs'!N30,IF($D28="Per Bill",$C28*'B&C Inputs'!H10,IF($D28="Time %",$C28*'B&C Inputs'!K10,IF($D28="Per Bill (Applicable only)",IF($E28=0,0,$C28*(IF('B&C Inputs'!H30="Y",'B&C Inputs'!G10,0))/$E28),IF($D28="Time % (Applicable only)",IF($F28=0,0,$C28*(IF('B&C Inputs'!H30="Y",'B&C Inputs'!K10,0))/$F28),0)))))) -> 0 | K28: =IF($A28="","",IF($D28="Direct $",'B&C Inputs'!O30,IF($D28="Per Bill",$C28*'B&C Inputs'!H11,IF($D28="Time %",$C28*'B&C Inputs'!K11,IF($D28="Per Bill (Applicable only)",IF($E28=0,0,$C28*(IF('B&C Inputs'!I30="Y",'B&C Inputs'!G11,0))/$E28),IF($D28="Time % (Applicable only)",IF($F28=0,0,$C28*(IF('B&C Inputs'!I30="Y",'B&C Inputs'!K11,0))/$F28),0)))))) -> 0 | L28: =IF($A28="","",IF($D28="Direct $",'B&C Inputs'!P30,IF($D28="Per Bill",$C28*'B&C Inputs'!H12,IF($D28="Time %",$C28*'B&C Inputs'!K12,IF($D28="Per Bill (Applicable only)",IF($E28=0,0,$C28*(IF('B&C Inputs'!J30="Y",'B&C Inputs'!G12,0))/$E28),IF($D28="Time % (Applicable only)",IF($F28=0,0,$C28*(IF('B&C Inputs'!J30="Y",'B&C Inputs'!K12,0))/$F28),0)))))) -> 0
A29: ='B&C Inputs'!A31 -> 0 | B29: ='B&C Inputs'!B31 -> 0 | C29: ='B&C Inputs'!C31 -> 0 | D29: ='B&C Inputs'!D31 -> 0 | E29: =IF($A29="","",(IF('B&C Inputs'!E31="Y",'B&C Inputs'!G7,0)+IF('B&C Inputs'!F31="Y",'B&C Inputs'!G8,0)+IF('B&C Inputs'!G31="Y",'B&C Inputs'!G9,0)+IF('B&C Inputs'!H31="Y",'B&C Inputs'!G10,0)+IF('B&C Inputs'!I31="Y",'B&C Inputs'!G11,0)+IF('B&C Inputs'!J31="Y",'B&C Inputs'!G12,0))) -> 75816 | F29: =IF($A29="","",(IF('B&C Inputs'!E31="Y",'B&C Inputs'!K7,0)+IF('B&C Inputs'!F31="Y",'B&C Inputs'!K8,0)+IF('B&C Inputs'!G31="Y",'B&C Inputs'!K9,0)+IF('B&C Inputs'!H31="Y",'B&C Inputs'!K10,0)+IF('B&C Inputs'!I31="Y",'B&C Inputs'!K11,0)+IF('B&C Inputs'!J31="Y",'B&C Inputs'!K12,0))) -> 1.15 | G29: =IF($A29="","",IF($D29="Direct $",'B&C Inputs'!K31,IF($D29="Per Bill",$C29*'B&C Inputs'!H7,IF($D29="Time %",$C29*'B&C Inputs'!K7,IF($D29="Per Bill (Applicable only)",IF($E29=0,0,$C29*(IF('B&C Inputs'!E31="Y",'B&C Inputs'!G7,0))/$E29),IF($D29="Time % (Applicable only)",IF($F29=0,0,$C29*(IF('B&C Inputs'!E31="Y",'B&C Inputs'!K7,0))/$F29),0)))))) -> 0 | H29: =IF($A29="","",IF($D29="Direct $",'B&C Inputs'!L31,IF($D29="Per Bill",$C29*'B&C Inputs'!H8,IF($D29="Time %",$C29*'B&C Inputs'!K8,IF($D29="Per Bill (Applicable only)",IF($E29=0,0,$C29*(IF('B&C Inputs'!F31="Y",'B&C Inputs'!G8,0))/$E29),IF($D29="Time % (Applicable only)",IF($F29=0,0,$C29*(IF('B&C Inputs'!F31="Y",'B&C Inputs'!K8,0))/$F29),0)))))) -> 0 | I29: =IF($A29="","",IF($D29="Direct $",'B&C Inputs'!M31,IF($D29="Per Bill",$C29*'B&C Inputs'!H9,IF($D29="Time %",$C29*'B&C Inputs'!K9,IF($D29="Per Bill (Applicable only)",IF($E29=0,0,$C29*(IF('B&C Inputs'!G31="Y",'B&C Inputs'!G9,0))/$E29),IF($D29="Time % (Applicable only)",IF($F29=0,0,$C29*(IF('B&C Inputs'!G31="Y",'B&C Inputs'!K9,0))/$F29),0)))))) -> 0 | J29: =IF($A29="","",IF($D29="Direct $",'B&C Inputs'!N31,IF($D29="Per Bill",$C29*'B&C Inputs'!H10,IF($D29="Time %",$C29*'B&C Inputs'!K10,IF($D29="Per Bill (Applicable only)",IF($E29=0,0,$C29*(IF('B&C Inputs'!H31="Y",'B&C Inputs'!G10,0))/$E29),IF($D29="Time % (Applicable only)",IF($F29=0,0,$C29*(IF('B&C Inputs'!H31="Y",'B&C Inputs'!K10,0))/$F29),0)))))) -> 0 | K29: =IF($A29="","",IF($D29="Direct $",'B&C Inputs'!O31,IF($D29="Per Bill",$C29*'B&C Inputs'!H11,IF($D29="Time %",$C29*'B&C Inputs'!K11,IF($D29="Per Bill (Applicable only)",IF($E29=0,0,$C29*(IF('B&C Inputs'!I31="Y",'B&C Inputs'!G11,0))/$E29),IF($D29="Time % (Applicable only)",IF($F29=0,0,$C29*(IF('B&C Inputs'!I31="Y",'B&C Inputs'!K11,0))/$F29),0)))))) -> 0 | L29: =IF($A29="","",IF($D29="Direct $",'B&C Inputs'!P31,IF($D29="Per Bill",$C29*'B&C Inputs'!H12,IF($D29="Time %",$C29*'B&C Inputs'!K12,IF($D29="Per Bill (Applicable only)",IF($E29=0,0,$C29*(IF('B&C Inputs'!J31="Y",'B&C Inputs'!G12,0))/$E29),IF($D29="Time % (Applicable only)",IF($F29=0,0,$C29*(IF('B&C Inputs'!J31="Y",'B&C Inputs'!K12,0))/$F29),0)))))) -> 0
A30: ='B&C Inputs'!A32 -> 0 | B30: ='B&C Inputs'!B32 -> 0 | C30: ='B&C Inputs'!C32 -> 0 | D30: ='B&C Inputs'!D32 -> 0 | E30: =IF($A30="","",(IF('B&C Inputs'!E32="Y",'B&C Inputs'!G7,0)+IF('B&C Inputs'!F32="Y",'B&C Inputs'!G8,0)+IF('B&C Inputs'!G32="Y",'B&C Inputs'!G9,0)+IF('B&C Inputs'!H32="Y",'B&C Inputs'!G10,0)+IF('B&C Inputs'!I32="Y",'B&C Inputs'!G11,0)+IF('B&C Inputs'!J32="Y",'B&C Inputs'!G12,0))) -> 75816 | F30: =IF($A30="","",(IF('B&C Inputs'!E32="Y",'B&C Inputs'!K7,0)+IF('B&C Inputs'!F32="Y",'B&C Inputs'!K8,0)+IF('B&C Inputs'!G32="Y",'B&C Inputs'!K9,0)+IF('B&C Inputs'!H32="Y",'B&C Inputs'!K10,0)+IF('B&C Inputs'!I32="Y",'B&C Inputs'!K11,0)+IF('B&C Inputs'!J32="Y",'B&C Inputs'!K12,0))) -> 1.15 | G30: =IF($A30="","",IF($D30="Direct $",'B&C Inputs'!K32,IF($D30="Per Bill",$C30*'B&C Inputs'!H7,IF($D30="Time %",$C30*'B&C Inputs'!K7,IF($D30="Per Bill (Applicable only)",IF($E30=0,0,$C30*(IF('B&C Inputs'!E32="Y",'B&C Inputs'!G7,0))/$E30),IF($D30="Time % (Applicable only)",IF($F30=0,0,$C30*(IF('B&C Inputs'!E32="Y",'B&C Inputs'!K7,0))/$F30),0)))))) -> 0 | H30: =IF($A30="","",IF($D30="Direct $",'B&C Inputs'!L32,IF($D30="Per Bill",$C30*'B&C Inputs'!H8,IF($D30="Time %",$C30*'B&C Inputs'!K8,IF($D30="Per Bill (Applicable only)",IF($E30=0,0,$C30*(IF('B&C Inputs'!F32="Y",'B&C Inputs'!G8,0))/$E30),IF($D30="Time % (Applicable only)",IF($F30=0,0,$C30*(IF('B&C Inputs'!F32="Y",'B&C Inputs'!K8,0))/$F30),0)))))) -> 0 | I30: =IF($A30="","",IF($D30="Direct $",'B&C Inputs'!M32,IF($D30="Per Bill",$C30*'B&C Inputs'!H9,IF($D30="Time %",$C30*'B&C Inputs'!K9,IF($D30="Per Bill (Applicable only)",IF($E30=0,0,$C30*(IF('B&C Inputs'!G32="Y",'B&C Inputs'!G9,0))/$E30),IF($D30="Time % (Applicable only)",IF($F30=0,0,$C30*(IF('B&C Inputs'!G32="Y",'B&C Inputs'!K9,0))/$F30),0)))))) -> 0 | J30: =IF($A30="","",IF($D30="Direct $",'B&C Inputs'!N32,IF($D30="Per Bill",$C30*'B&C Inputs'!H10,IF($D30="Time %",$C30*'B&C Inputs'!K10,IF($D30="Per Bill (Applicable only)",IF($E30=0,0,$C30*(IF('B&C Inputs'!H32="Y",'B&C Inputs'!G10,0))/$E30),IF($D30="Time % (Applicable only)",IF($F30=0,0,$C30*(IF('B&C Inputs'!H32="Y",'B&C Inputs'!K10,0))/$F30),0)))))) -> 0 | K30: =IF($A30="","",IF($D30="Direct $",'B&C Inputs'!O32,IF($D30="Per Bill",$C30*'B&C Inputs'!H11,IF($D30="Time %",$C30*'B&C Inputs'!K11,IF($D30="Per Bill (Applicable only)",IF($E30=0,0,$C30*(IF('B&C Inputs'!I32="Y",'B&C Inputs'!G11,0))/$E30),IF($D30="Time % (Applicable only)",IF($F30=0,0,$C30*(IF('B&C Inputs'!I32="Y",'B&C Inputs'!K11,0))/$F30),0)))))) -> 0 | L30: =IF($A30="","",IF($D30="Direct $",'B&C Inputs'!P32,IF($D30="Per Bill",$C30*'B&C Inputs'!H12,IF($D30="Time %",$C30*'B&C Inputs'!K12,IF($D30="Per Bill (Applicable only)",IF($E30=0,0,$C30*(IF('B&C Inputs'!J32="Y",'B&C Inputs'!G12,0))/$E30),IF($D30="Time % (Applicable only)",IF($F30=0,0,$C30*(IF('B&C Inputs'!J32="Y",'B&C Inputs'!K12,0))/$F30),0)))))) -> 0
A31: ='B&C Inputs'!A33 -> 0 | B31: ='B&C Inputs'!B33 -> 0 | C31: ='B&C Inputs'!C33 -> 0 | D31: ='B&C Inputs'!D33 -> 0 | E31: =IF($A31="","",(IF('B&C Inputs'!E33="Y",'B&C Inputs'!G7,0)+IF('B&C Inputs'!F33="Y",'B&C Inputs'!G8,0)+IF('B&C Inputs'!G33="Y",'B&C Inputs'!G9,0)+IF('B&C Inputs'!H33="Y",'B&C Inputs'!G10,0)+IF('B&C Inputs'!I33="Y",'B&C Inputs'!G11,0)+IF('B&C Inputs'!J33="Y",'B&C Inputs'!G12,0))) -> 75816 | F31: =IF($A31="","",(IF('B&C Inputs'!E33="Y",'B&C Inputs'!K7,0)+IF('B&C Inputs'!F33="Y",'B&C Inputs'!K8,0)+IF('B&C Inputs'!G33="Y",'B&C Inputs'!K9,0)+IF('B&C Inputs'!H33="Y",'B&C Inputs'!K10,0)+IF('B&C Inputs'!I33="Y",'B&C Inputs'!K11,0)+IF('B&C Inputs'!J33="Y",'B&C Inputs'!K12,0))) -> 1.15 | G31: =IF($A31="","",IF($D31="Direct $",'B&C Inputs'!K33,IF($D31="Per Bill",$C31*'B&C Inputs'!H7,IF($D31="Time %",$C31*'B&C Inputs'!K7,IF($D31="Per Bill (Applicable only)",IF($E31=0,0,$C31*(IF('B&C Inputs'!E33="Y",'B&C Inputs'!G7,0))/$E31),IF($D31="Time % (Applicable only)",IF($F31=0,0,$C31*(IF('B&C Inputs'!E33="Y",'B&C Inputs'!K7,0))/$F31),0)))))) -> 0 | H31: =IF($A31="","",IF($D31="Direct $",'B&C Inputs'!L33,IF($D31="Per Bill",$C31*'B&C Inputs'!H8,IF($D31="Time %",$C31*'B&C Inputs'!K8,IF($D31="Per Bill (Applicable only)",IF($E31=0,0,$C31*(IF('B&C Inputs'!F33="Y",'B&C Inputs'!G8,0))/$E31),IF($D31="Time % (Applicable only)",IF($F31=0,0,$C31*(IF('B&C Inputs'!F33="Y",'B&C Inputs'!K8,0))/$F31),0)))))) -> 0 | I31: =IF($A31="","",IF($D31="Direct $",'B&C Inputs'!M33,IF($D31="Per Bill",$C31*'B&C Inputs'!H9,IF($D31="Time %",$C31*'B&C Inputs'!K9,IF($D31="Per Bill (Applicable only)",IF($E31=0,0,$C31*(IF('B&C Inputs'!G33="Y",'B&C Inputs'!G9,0))/$E31),IF($D31="Time % (Applicable only)",IF($F31=0,0,$C31*(IF('B&C Inputs'!G33="Y",'B&C Inputs'!K9,0))/$F31),0)))))) -> 0 | J31: =IF($A31="","",IF($D31="Direct $",'B&C Inputs'!N33,IF($D31="Per Bill",$C31*'B&C Inputs'!H10,IF($D31="Time %",$C31*'B&C Inputs'!K10,IF($D31="Per Bill (Applicable only)",IF($E31=0,0,$C31*(IF('B&C Inputs'!H33="Y",'B&C Inputs'!G10,0))/$E31),IF($D31="Time % (Applicable only)",IF($F31=0,0,$C31*(IF('B&C Inputs'!H33="Y",'B&C Inputs'!K10,0))/$F31),0)))))) -> 0 | K31: =IF($A31="","",IF($D31="Direct $",'B&C Inputs'!O33,IF($D31="Per Bill",$C31*'B&C Inputs'!H11,IF($D31="Time %",$C31*'B&C Inputs'!K11,IF($D31="Per Bill (Applicable only)",IF($E31=0,0,$C31*(IF('B&C Inputs'!I33="Y",'B&C Inputs'!G11,0))/$E31),IF($D31="Time % (Applicable only)",IF($F31=0,0,$C31*(IF('B&C Inputs'!I33="Y",'B&C Inputs'!K11,0))/$F31),0)))))) -> 0 | L31: =IF($A31="","",IF($D31="Direct $",'B&C Inputs'!P33,IF($D31="Per Bill",$C31*'B&C Inputs'!H12,IF($D31="Time %",$C31*'B&C Inputs'!K12,IF($D31="Per Bill (Applicable only)",IF($E31=0,0,$C31*(IF('B&C Inputs'!J33="Y",'B&C Inputs'!G12,0))/$E31),IF($D31="Time % (Applicable only)",IF($F31=0,0,$C31*(IF('B&C Inputs'!J33="Y",'B&C Inputs'!K12,0))/$F31),0)))))) -> 0
A32: ='B&C Inputs'!A34 -> 0 | B32: ='B&C Inputs'!B34 -> 0 | C32: ='B&C Inputs'!C34 -> 0 | D32: ='B&C Inputs'!D34 -> 0 | E32: =IF($A32="","",(IF('B&C Inputs'!E34="Y",'B&C Inputs'!G7,0)+IF('B&C Inputs'!F34="Y",'B&C Inputs'!G8,0)+IF('B&C Inputs'!G34="Y",'B&C Inputs'!G9,0)+IF('B&C Inputs'!H34="Y",'B&C Inputs'!G10,0)+IF('B&C Inputs'!I34="Y",'B&C Inputs'!G11,0)+IF('B&C Inputs'!J34="Y",'B&C Inputs'!G12,0))) -> 75816 | F32: =IF($A32="","",(IF('B&C Inputs'!E34="Y",'B&C Inputs'!K7,0)+IF('B&C Inputs'!F34="Y",'B&C Inputs'!K8,0)+IF('B&C Inputs'!G34="Y",'B&C Inputs'!K9,0)+IF('B&C Inputs'!H34="Y",'B&C Inputs'!K10,0)+IF('B&C Inputs'!I34="Y",'B&C Inputs'!K11,0)+IF('B&C Inputs'!J34="Y",'B&C Inputs'!K12,0))) -> 1.15 | G32: =IF($A32="","",IF($D32="Direct $",'B&C Inputs'!K34,IF($D32="Per Bill",$C32*'B&C Inputs'!H7,IF($D32="Time %",$C32*'B&C Inputs'!K7,IF($D32="Per Bill (Applicable only)",IF($E32=0,0,$C32*(IF('B&C Inputs'!E34="Y",'B&C Inputs'!G7,0))/$E32),IF($D32="Time % (Applicable only)",IF($F32=0,0,$C32*(IF('B&C Inputs'!E34="Y",'B&C Inputs'!K7,0))/$F32),0)))))) -> 0 | H32: =IF($A32="","",IF($D32="Direct $",'B&C Inputs'!L34,IF($D32="Per Bill",$C32*'B&C Inputs'!H8,IF($D32="Time %",$C32*'B&C Inputs'!K8,IF($D32="Per Bill (Applicable only)",IF($E32=0,0,$C32*(IF('B&C Inputs'!F34="Y",'B&C Inputs'!G8,0))/$E32),IF($D32="Time % (Applicable only)",IF($F32=0,0,$C32*(IF('B&C Inputs'!F34="Y",'B&C Inputs'!K8,0))/$F32),0)))))) -> 0 | I32: =IF($A32="","",IF($D32="Direct $",'B&C Inputs'!M34,IF($D32="Per Bill",$C32*'B&C Inputs'!H9,IF($D32="Time %",$C32*'B&C Inputs'!K9,IF($D32="Per Bill (Applicable only)",IF($E32=0,0,$C32*(IF('B&C Inputs'!G34="Y",'B&C Inputs'!G9,0))/$E32),IF($D32="Time % (Applicable only)",IF($F32=0,0,$C32*(IF('B&C Inputs'!G34="Y",'B&C Inputs'!K9,0))/$F32),0)))))) -> 0 | J32: =IF($A32="","",IF($D32="Direct $",'B&C Inputs'!N34,IF($D32="Per Bill",$C32*'B&C Inputs'!H10,IF($D32="Time %",$C32*'B&C Inputs'!K10,IF($D32="Per Bill (Applicable only)",IF($E32=0,0,$C32*(IF('B&C Inputs'!H34="Y",'B&C Inputs'!G10,0))/$E32),IF($D32="Time % (Applicable only)",IF($F32=0,0,$C32*(IF('B&C Inputs'!H34="Y",'B&C Inputs'!K10,0))/$F32),0)))))) -> 0 | K32: =IF($A32="","",IF($D32="Direct $",'B&C Inputs'!O34,IF($D32="Per Bill",$C32*'B&C Inputs'!H11,IF($D32="Time %",$C32*'B&C Inputs'!K11,IF($D32="Per Bill (Applicable only)",IF($E32=0,0,$C32*(IF('B&C Inputs'!I34="Y",'B&C Inputs'!G11,0))/$E32),IF($D32="Time % (Applicable only)",IF($F32=0,0,$C32*(IF('B&C Inputs'!I34="Y",'B&C Inputs'!K11,0))/$F32),0)))))) -> 0 | L32: =IF($A32="","",IF($D32="Direct $",'B&C Inputs'!P34,IF($D32="Per Bill",$C32*'B&C Inputs'!H12,IF($D32="Time %",$C32*'B&C Inputs'!K12,IF($D32="Per Bill (Applicable only)",IF($E32=0,0,$C32*(IF('B&C Inputs'!J34="Y",'B&C Inputs'!G12,0))/$E32),IF($D32="Time % (Applicable only)",IF($F32=0,0,$C32*(IF('B&C Inputs'!J34="Y",'B&C Inputs'!K12,0))/$F32),0)))))) -> 0
A33: ='B&C Inputs'!A35 -> 0 | B33: ='B&C Inputs'!B35 -> 0 | C33: ='B&C Inputs'!C35 -> 0 | D33: ='B&C Inputs'!D35 -> 0 | E33: =IF($A33="","",(IF('B&C Inputs'!E35="Y",'B&C Inputs'!G7,0)+IF('B&C Inputs'!F35="Y",'B&C Inputs'!G8,0)+IF('B&C Inputs'!G35="Y",'B&C Inputs'!G9,0)+IF('B&C Inputs'!H35="Y",'B&C Inputs'!G10,0)+IF('B&C Inputs'!I35="Y",'B&C Inputs'!G11,0)+IF('B&C Inputs'!J35="Y",'B&C Inputs'!G12,0))) -> 75816 | F33: =IF($A33="","",(IF('B&C Inputs'!E35="Y",'B&C Inputs'!K7,0)+IF('B&C Inputs'!F35="Y",'B&C Inputs'!K8,0)+IF('B&C Inputs'!G35="Y",'B&C Inputs'!K9,0)+IF('B&C Inputs'!H35="Y",'B&C Inputs'!K10,0)+IF('B&C Inputs'!I35="Y",'B&C Inputs'!K11,0)+IF('B&C Inputs'!J35="Y",'B&C Inputs'!K12,0))) -> 1.15 | G33: =IF($A33="","",IF($D33="Direct $",'B&C Inputs'!K35,IF($D33="Per Bill",$C33*'B&C Inputs'!H7,IF($D33="Time %",$C33*'B&C Inputs'!K7,IF($D33="Per Bill (Applicable only)",IF($E33=0,0,$C33*(IF('B&C Inputs'!E35="Y",'B&C Inputs'!G7,0))/$E33),IF($D33="Time % (Applicable only)",IF($F33=0,0,$C33*(IF('B&C Inputs'!E35="Y",'B&C Inputs'!K7,0))/$F33),0)))))) -> 0 | H33: =IF($A33="","",IF($D33="Direct $",'B&C Inputs'!L35,IF($D33="Per Bill",$C33*'B&C Inputs'!H8,IF($D33="Time %",$C33*'B&C Inputs'!K8,IF($D33="Per Bill (Applicable only)",IF($E33=0,0,$C33*(IF('B&C Inputs'!F35="Y",'B&C Inputs'!G8,0))/$E33),IF($D33="Time % (Applicable only)",IF($F33=0,0,$C33*(IF('B&C Inputs'!F35="Y",'B&C Inputs'!K8,0))/$F33),0)))))) -> 0 | I33: =IF($A33="","",IF($D33="Direct $",'B&C Inputs'!M35,IF($D33="Per Bill",$C33*'B&C Inputs'!H9,IF($D33="Time %",$C33*'B&C Inputs'!K9,IF($D33="Per Bill (Applicable only)",IF($E33=0,0,$C33*(IF('B&C Inputs'!G35="Y",'B&C Inputs'!G9,0))/$E33),IF($D33="Time % (Applicable only)",IF($F33=0,0,$C33*(IF('B&C Inputs'!G35="Y",'B&C Inputs'!K9,0))/$F33),0)))))) -> 0 | J33: =IF($A33="","",IF($D33="Direct $",'B&C Inputs'!N35,IF($D33="Per Bill",$C33*'B&C Inputs'!H10,IF($D33="Time %",$C33*'B&C Inputs'!K10,IF($D33="Per Bill (Applicable only)",IF($E33=0,0,$C33*(IF('B&C Inputs'!H35="Y",'B&C Inputs'!G10,0))/$E33),IF($D33="Time % (Applicable only)",IF($F33=0,0,$C33*(IF('B&C Inputs'!H35="Y",'B&C Inputs'!K10,0))/$F33),0)))))) -> 0 | K33: =IF($A33="","",IF($D33="Direct $",'B&C Inputs'!O35,IF($D33="Per Bill",$C33*'B&C Inputs'!H11,IF($D33="Time %",$C33*'B&C Inputs'!K11,IF($D33="Per Bill (Applicable only)",IF($E33=0,0,$C33*(IF('B&C Inputs'!I35="Y",'B&C Inputs'!G11,0))/$E33),IF($D33="Time % (Applicable only)",IF($F33=0,0,$C33*(IF('B&C Inputs'!I35="Y",'B&C Inputs'!K11,0))/$F33),0)))))) -> 0 | L33: =IF($A33="","",IF($D33="Direct $",'B&C Inputs'!P35,IF($D33="Per Bill",$C33*'B&C Inputs'!H12,IF($D33="Time %",$C33*'B&C Inputs'!K12,IF($D33="Per Bill (Applicable only)",IF($E33=0,0,$C33*(IF('B&C Inputs'!J35="Y",'B&C Inputs'!G12,0))/$E33),IF($D33="Time % (Applicable only)",IF($F33=0,0,$C33*(IF('B&C Inputs'!J35="Y",'B&C Inputs'!K12,0))/$F33),0)))))) -> 0
A34: ='B&C Inputs'!A36 -> 0 | B34: ='B&C Inputs'!B36 -> 0 | C34: ='B&C Inputs'!C36 -> 0 | D34: ='B&C Inputs'!D36 -> 0 | E34: =IF($A34="","",(IF('B&C Inputs'!E36="Y",'B&C Inputs'!G7,0)+IF('B&C Inputs'!F36="Y",'B&C Inputs'!G8,0)+IF('B&C Inputs'!G36="Y",'B&C Inputs'!G9,0)+IF('B&C Inputs'!H36="Y",'B&C Inputs'!G10,0)+IF('B&C Inputs'!I36="Y",'B&C Inputs'!G11,0)+IF('B&C Inputs'!J36="Y",'B&C Inputs'!G12,0))) -> 75816 | F34: =IF($A34="","",(IF('B&C Inputs'!E36="Y",'B&C Inputs'!K7,0)+IF('B&C Inputs'!F36="Y",'B&C Inputs'!K8,0)+IF('B&C Inputs'!G36="Y",'B&C Inputs'!K9,0)+IF('B&C Inputs'!H36="Y",'B&C Inputs'!K10,0)+IF('B&C Inputs'!I36="Y",'B&C Inputs'!K11,0)+IF('B&C Inputs'!J36="Y",'B&C Inputs'!K12,0))) -> 1.15 | G34: =IF($A34="","",IF($D34="Direct $",'B&C Inputs'!K36,IF($D34="Per Bill",$C34*'B&C Inputs'!H7,IF($D34="Time %",$C34*'B&C Inputs'!K7,IF($D34="Per Bill (Applicable only)",IF($E34=0,0,$C34*(IF('B&C Inputs'!E36="Y",'B&C Inputs'!G7,0))/$E34),IF($D34="Time % (Applicable only)",IF($F34=0,0,$C34*(IF('B&C Inputs'!E36="Y",'B&C Inputs'!K7,0))/$F34),0)))))) -> 0 | H34: =IF($A34="","",IF($D34="Direct $",'B&C Inputs'!L36,IF($D34="Per Bill",$C34*'B&C Inputs'!H8,IF($D34="Time %",$C34*'B&C Inputs'!K8,IF($D34="Per Bill (Applicable only)",IF($E34=0,0,$C34*(IF('B&C Inputs'!F36="Y",'B&C Inputs'!G8,0))/$E34),IF($D34="Time % (Applicable only)",IF($F34=0,0,$C34*(IF('B&C Inputs'!F36="Y",'B&C Inputs'!K8,0))/$F34),0)))))) -> 0 | I34: =IF($A34="","",IF($D34="Direct $",'B&C Inputs'!M36,IF($D34="Per Bill",$C34*'B&C Inputs'!H9,IF($D34="Time %",$C34*'B&C Inputs'!K9,IF($D34="Per Bill (Applicable only)",IF($E34=0,0,$C34*(IF('B&C Inputs'!G36="Y",'B&C Inputs'!G9,0))/$E34),IF($D34="Time % (Applicable only)",IF($F34=0,0,$C34*(IF('B&C Inputs'!G36="Y",'B&C Inputs'!K9,0))/$F34),0)))))) -> 0 | J34: =IF($A34="","",IF($D34="Direct $",'B&C Inputs'!N36,IF($D34="Per Bill",$C34*'B&C Inputs'!H10,IF($D34="Time %",$C34*'B&C Inputs'!K10,IF($D34="Per Bill (Applicable only)",IF($E34=0,0,$C34*(IF('B&C Inputs'!H36="Y",'B&C Inputs'!G10,0))/$E34),IF($D34="Time % (Applicable only)",IF($F34=0,0,$C34*(IF('B&C Inputs'!H36="Y",'B&C Inputs'!K10,0))/$F34),0)))))) -> 0 | K34: =IF($A34="","",IF($D34="Direct $",'B&C Inputs'!O36,IF($D34="Per Bill",$C34*'B&C Inputs'!H11,IF($D34="Time %",$C34*'B&C Inputs'!K11,IF($D34="Per Bill (Applicable only)",IF($E34=0,0,$C34*(IF('B&C Inputs'!I36="Y",'B&C Inputs'!G11,0))/$E34),IF($D34="Time % (Applicable only)",IF($F34=0,0,$C34*(IF('B&C Inputs'!I36="Y",'B&C Inputs'!K11,0))/$F34),0)))))) -> 0 | L34: =IF($A34="","",IF($D34="Direct $",'B&C Inputs'!P36,IF($D34="Per Bill",$C34*'B&C Inputs'!H12,IF($D34="Time %",$C34*'B&C Inputs'!K12,IF($D34="Per Bill (Applicable only)",IF($E34=0,0,$C34*(IF('B&C Inputs'!J36="Y",'B&C Inputs'!G12,0))/$E34),IF($D34="Time % (Applicable only)",IF($F34=0,0,$C34*(IF('B&C Inputs'!J36="Y",'B&C Inputs'!K12,0))/$F34),0)))))) -> 0
A35: ='B&C Inputs'!A37 -> 0 | B35: ='B&C Inputs'!B37 -> 0 | C35: ='B&C Inputs'!C37 -> 0 | D35: ='B&C Inputs'!D37 -> 0 | E35: =IF($A35="","",(IF('B&C Inputs'!E37="Y",'B&C Inputs'!G7,0)+IF('B&C Inputs'!F37="Y",'B&C Inputs'!G8,0)+IF('B&C Inputs'!G37="Y",'B&C Inputs'!G9,0)+IF('B&C Inputs'!H37="Y",'B&C Inputs'!G10,0)+IF('B&C Inputs'!I37="Y",'B&C Inputs'!G11,0)+IF('B&C Inputs'!J37="Y",'B&C Inputs'!G12,0))) -> 75816 | F35: =IF($A35="","",(IF('B&C Inputs'!E37="Y",'B&C Inputs'!K7,0)+IF('B&C Inputs'!F37="Y",'B&C Inputs'!K8,0)+IF('B&C Inputs'!G37="Y",'B&C Inputs'!K9,0)+IF('B&C Inputs'!H37="Y",'B&C Inputs'!K10,0)+IF('B&C Inputs'!I37="Y",'B&C Inputs'!K11,0)+IF('B&C Inputs'!J37="Y",'B&C Inputs'!K12,0))) -> 1.15 | G35: =IF($A35="","",IF($D35="Direct $",'B&C Inputs'!K37,IF($D35="Per Bill",$C35*'B&C Inputs'!H7,IF($D35="Time %",$C35*'B&C Inputs'!K7,IF($D35="Per Bill (Applicable only)",IF($E35=0,0,$C35*(IF('B&C Inputs'!E37="Y",'B&C Inputs'!G7,0))/$E35),IF($D35="Time % (Applicable only)",IF($F35=0,0,$C35*(IF('B&C Inputs'!E37="Y",'B&C Inputs'!K7,0))/$F35),0)))))) -> 0 | H35: =IF($A35="","",IF($D35="Direct $",'B&C Inputs'!L37,IF($D35="Per Bill",$C35*'B&C Inputs'!H8,IF($D35="Time %",$C35*'B&C Inputs'!K8,IF($D35="Per Bill (Applicable only)",IF($E35=0,0,$C35*(IF('B&C Inputs'!F37="Y",'B&C Inputs'!G8,0))/$E35),IF($D35="Time % (Applicable only)",IF($F35=0,0,$C35*(IF('B&C Inputs'!F37="Y",'B&C Inputs'!K8,0))/$F35),0)))))) -> 0 | I35: =IF($A35="","",IF($D35="Direct $",'B&C Inputs'!M37,IF($D35="Per Bill",$C35*'B&C Inputs'!H9,IF($D35="Time %",$C35*'B&C Inputs'!K9,IF($D35="Per Bill (Applicable only)",IF($E35=0,0,$C35*(IF('B&C Inputs'!G37="Y",'B&C Inputs'!G9,0))/$E35),IF($D35="Time % (Applicable only)",IF($F35=0,0,$C35*(IF('B&C Inputs'!G37="Y",'B&C Inputs'!K9,0))/$F35),0)))))) -> 0 | J35: =IF($A35="","",IF($D35="Direct $",'B&C Inputs'!N37,IF($D35="Per Bill",$C35*'B&C Inputs'!H10,IF($D35="Time %",$C35*'B&C Inputs'!K10,IF($D35="Per Bill (Applicable only)",IF($E35=0,0,$C35*(IF('B&C Inputs'!H37="Y",'B&C Inputs'!G10,0))/$E35),IF($D35="Time % (Applicable only)",IF($F35=0,0,$C35*(IF('B&C Inputs'!H37="Y",'B&C Inputs'!K10,0))/$F35),0)))))) -> 0 | K35: =IF($A35="","",IF($D35="Direct $",'B&C Inputs'!O37,IF($D35="Per Bill",$C35*'B&C Inputs'!H11,IF($D35="Time %",$C35*'B&C Inputs'!K11,IF($D35="Per Bill (Applicable only)",IF($E35=0,0,$C35*(IF('B&C Inputs'!I37="Y",'B&C Inputs'!G11,0))/$E35),IF($D35="Time % (Applicable only)",IF($F35=0,0,$C35*(IF('B&C Inputs'!I37="Y",'B&C Inputs'!K11,0))/$F35),0)))))) -> 0 | L35: =IF($A35="","",IF($D35="Direct $",'B&C Inputs'!P37,IF($D35="Per Bill",$C35*'B&C Inputs'!H12,IF($D35="Time %",$C35*'B&C Inputs'!K12,IF($D35="Per Bill (Applicable only)",IF($E35=0,0,$C35*(IF('B&C Inputs'!J37="Y",'B&C Inputs'!G12,0))/$E35),IF($D35="Time % (Applicable only)",IF($F35=0,0,$C35*(IF('B&C Inputs'!J37="Y",'B&C Inputs'!K12,0))/$F35),0)))))) -> 0
A36: ='B&C Inputs'!A38 -> 0 | B36: ='B&C Inputs'!B38 -> 0 | C36: ='B&C Inputs'!C38 -> 0 | D36: ='B&C Inputs'!D38 -> 0 | E36: =IF($A36="","",(IF('B&C Inputs'!E38="Y",'B&C Inputs'!G7,0)+IF('B&C Inputs'!F38="Y",'B&C Inputs'!G8,0)+IF('B&C Inputs'!G38="Y",'B&C Inputs'!G9,0)+IF('B&C Inputs'!H38="Y",'B&C Inputs'!G10,0)+IF('B&C Inputs'!I38="Y",'B&C Inputs'!G11,0)+IF('B&C Inputs'!J38="Y",'B&C Inputs'!G12,0))) -> 75816 | F36: =IF($A36="","",(IF('B&C Inputs'!E38="Y",'B&C Inputs'!K7,0)+IF('B&C Inputs'!F38="Y",'B&C Inputs'!K8,0)+IF('B&C Inputs'!G38="Y",'B&C Inputs'!K9,0)+IF('B&C Inputs'!H38="Y",'B&C Inputs'!K10,0)+IF('B&C Inputs'!I38="Y",'B&C Inputs'!K11,0)+IF('B&C Inputs'!J38="Y",'B&C Inputs'!K12,0))) -> 1.15 | G36: =IF($A36="","",IF($D36="Direct $",'B&C Inputs'!K38,IF($D36="Per Bill",$C36*'B&C Inputs'!H7,IF($D36="Time %",$C36*'B&C Inputs'!K7,IF($D36="Per Bill (Applicable only)",IF($E36=0,0,$C36*(IF('B&C Inputs'!E38="Y",'B&C Inputs'!G7,0))/$E36),IF($D36="Time % (Applicable only)",IF($F36=0,0,$C36*(IF('B&C Inputs'!E38="Y",'B&C Inputs'!K7,0))/$F36),0)))))) -> 0 | H36: =IF($A36="","",IF($D36="Direct $",'B&C Inputs'!L38,IF($D36="Per Bill",$C36*'B&C Inputs'!H8,IF($D36="Time %",$C36*'B&C Inputs'!K8,IF($D36="Per Bill (Applicable only)",IF($E36=0,0,$C36*(IF('B&C Inputs'!F38="Y",'B&C Inputs'!G8,0))/$E36),IF($D36="Time % (Applicable only)",IF($F36=0,0,$C36*(IF('B&C Inputs'!F38="Y",'B&C Inputs'!K8,0))/$F36),0)))))) -> 0 | I36: =IF($A36="","",IF($D36="Direct $",'B&C Inputs'!M38,IF($D36="Per Bill",$C36*'B&C Inputs'!H9,IF($D36="Time %",$C36*'B&C Inputs'!K9,IF($D36="Per Bill (Applicable only)",IF($E36=0,0,$C36*(IF('B&C Inputs'!G38="Y",'B&C Inputs'!G9,0))/$E36),IF($D36="Time % (Applicable only)",IF($F36=0,0,$C36*(IF('B&C Inputs'!G38="Y",'B&C Inputs'!K9,0))/$F36),0)))))) -> 0 | J36: =IF($A36="","",IF($D36="Direct $",'B&C Inputs'!N38,IF($D36="Per Bill",$C36*'B&C Inputs'!H10,IF($D36="Time %",$C36*'B&C Inputs'!K10,IF($D36="Per Bill (Applicable only)",IF($E36=0,0,$C36*(IF('B&C Inputs'!H38="Y",'B&C Inputs'!G10,0))/$E36),IF($D36="Time % (Applicable only)",IF($F36=0,0,$C36*(IF('B&C Inputs'!H38="Y",'B&C Inputs'!K10,0))/$F36),0)))))) -> 0 | K36: =IF($A36="","",IF($D36="Direct $",'B&C Inputs'!O38,IF($D36="Per Bill",$C36*'B&C Inputs'!H11,IF($D36="Time %",$C36*'B&C Inputs'!K11,IF($D36="Per Bill (Applicable only)",IF($E36=0,0,$C36*(IF('B&C Inputs'!I38="Y",'B&C Inputs'!G11,0))/$E36),IF($D36="Time % (Applicable only)",IF($F36=0,0,$C36*(IF('B&C Inputs'!I38="Y",'B&C Inputs'!K11,0))/$F36),0)))))) -> 0 | L36: =IF($A36="","",IF($D36="Direct $",'B&C Inputs'!P38,IF($D36="Per Bill",$C36*'B&C Inputs'!H12,IF($D36="Time %",$C36*'B&C Inputs'!K12,IF($D36="Per Bill (Applicable only)",IF($E36=0,0,$C36*(IF('B&C Inputs'!J38="Y",'B&C Inputs'!G12,0))/$E36),IF($D36="Time % (Applicable only)",IF($F36=0,0,$C36*(IF('B&C Inputs'!J38="Y",'B&C Inputs'!K12,0))/$F36),0)))))) -> 0
A37: ='B&C Inputs'!A39 -> 0 | B37: ='B&C Inputs'!B39 -> 0 | C37: ='B&C Inputs'!C39 -> 0 | D37: ='B&C Inputs'!D39 -> 0 | E37: =IF($A37="","",(IF('B&C Inputs'!E39="Y",'B&C Inputs'!G7,0)+IF('B&C Inputs'!F39="Y",'B&C Inputs'!G8,0)+IF('B&C Inputs'!G39="Y",'B&C Inputs'!G9,0)+IF('B&C Inputs'!H39="Y",'B&C Inputs'!G10,0)+IF('B&C Inputs'!I39="Y",'B&C Inputs'!G11,0)+IF('B&C Inputs'!J39="Y",'B&C Inputs'!G12,0))) -> 75816 | F37: =IF($A37="","",(IF('B&C Inputs'!E39="Y",'B&C Inputs'!K7,0)+IF('B&C Inputs'!F39="Y",'B&C Inputs'!K8,0)+IF('B&C Inputs'!G39="Y",'B&C Inputs'!K9,0)+IF('B&C Inputs'!H39="Y",'B&C Inputs'!K10,0)+IF('B&C Inputs'!I39="Y",'B&C Inputs'!K11,0)+IF('B&C Inputs'!J39="Y",'B&C Inputs'!K12,0))) -> 1.15 | G37: =IF($A37="","",IF($D37="Direct $",'B&C Inputs'!K39,IF($D37="Per Bill",$C37*'B&C Inputs'!H7,IF($D37="Time %",$C37*'B&C Inputs'!K7,IF($D37="Per Bill (Applicable only)",IF($E37=0,0,$C37*(IF('B&C Inputs'!E39="Y",'B&C Inputs'!G7,0))/$E37),IF($D37="Time % (Applicable only)",IF($F37=0,0,$C37*(IF('B&C Inputs'!E39="Y",'B&C Inputs'!K7,0))/$F37),0)))))) -> 0 | H37: =IF($A37="","",IF($D37="Direct $",'B&C Inputs'!L39,IF($D37="Per Bill",$C37*'B&C Inputs'!H8,IF($D37="Time %",$C37*'B&C Inputs'!K8,IF($D37="Per Bill (Applicable only)",IF($E37=0,0,$C37*(IF('B&C Inputs'!F39="Y",'B&C Inputs'!G8,0))/$E37),IF($D37="Time % (Applicable only)",IF($F37=0,0,$C37*(IF('B&C Inputs'!F39="Y",'B&C Inputs'!K8,0))/$F37),0)))))) -> 0 | I37: =IF($A37="","",IF($D37="Direct $",'B&C Inputs'!M39,IF($D37="Per Bill",$C37*'B&C Inputs'!H9,IF($D37="Time %",$C37*'B&C Inputs'!K9,IF($D37="Per Bill (Applicable only)",IF($E37=0,0,$C37*(IF('B&C Inputs'!G39="Y",'B&C Inputs'!G9,0))/$E37),IF($D37="Time % (Applicable only)",IF($F37=0,0,$C37*(IF('B&C Inputs'!G39="Y",'B&C Inputs'!K9,0))/$F37),0)))))) -> 0 | J37: =IF($A37="","",IF($D37="Direct $",'B&C Inputs'!N39,IF($D37="Per Bill",$C37*'B&C Inputs'!H10,IF($D37="Time %",$C37*'B&C Inputs'!K10,IF($D37="Per Bill (Applicable only)",IF($E37=0,0,$C37*(IF('B&C Inputs'!H39="Y",'B&C Inputs'!G10,0))/$E37),IF($D37="Time % (Applicable only)",IF($F37=0,0,$C37*(IF('B&C Inputs'!H39="Y",'B&C Inputs'!K10,0))/$F37),0)))))) -> 0 | K37: =IF($A37="","",IF($D37="Direct $",'B&C Inputs'!O39,IF($D37="Per Bill",$C37*'B&C Inputs'!H11,IF($D37="Time %",$C37*'B&C Inputs'!K11,IF($D37="Per Bill (Applicable only)",IF($E37=0,0,$C37*(IF('B&C Inputs'!I39="Y",'B&C Inputs'!G11,0))/$E37),IF($D37="Time % (Applicable only)",IF($F37=0,0,$C37*(IF('B&C Inputs'!I39="Y",'B&C Inputs'!K11,0))/$F37),0)))))) -> 0 | L37: =IF($A37="","",IF($D37="Direct $",'B&C Inputs'!P39,IF($D37="Per Bill",$C37*'B&C Inputs'!H12,IF($D37="Time %",$C37*'B&C Inputs'!K12,IF($D37="Per Bill (Applicable only)",IF($E37=0,0,$C37*(IF('B&C Inputs'!J39="Y",'B&C Inputs'!G12,0))/$E37),IF($D37="Time % (Applicable only)",IF($F37=0,0,$C37*(IF('B&C Inputs'!J39="Y",'B&C Inputs'!K12,0))/$F37),0)))))) -> 0
A38: ='B&C Inputs'!A40 -> 0 | B38: ='B&C Inputs'!B40 -> 0 | C38: ='B&C Inputs'!C40 -> 0 | D38: ='B&C Inputs'!D40 -> 0 | E38: =IF($A38="","",(IF('B&C Inputs'!E40="Y",'B&C Inputs'!G7,0)+IF('B&C Inputs'!F40="Y",'B&C Inputs'!G8,0)+IF('B&C Inputs'!G40="Y",'B&C Inputs'!G9,0)+IF('B&C Inputs'!H40="Y",'B&C Inputs'!G10,0)+IF('B&C Inputs'!I40="Y",'B&C Inputs'!G11,0)+IF('B&C Inputs'!J40="Y",'B&C Inputs'!G12,0))) -> 75816 | F38: =IF($A38="","",(IF('B&C Inputs'!E40="Y",'B&C Inputs'!K7,0)+IF('B&C Inputs'!F40="Y",'B&C Inputs'!K8,0)+IF('B&C Inputs'!G40="Y",'B&C Inputs'!K9,0)+IF('B&C Inputs'!H40="Y",'B&C Inputs'!K10,0)+IF('B&C Inputs'!I40="Y",'B&C Inputs'!K11,0)+IF('B&C Inputs'!J40="Y",'B&C Inputs'!K12,0))) -> 1.15 | G38: =IF($A38="","",IF($D38="Direct $",'B&C Inputs'!K40,IF($D38="Per Bill",$C38*'B&C Inputs'!H7,IF($D38="Time %",$C38*'B&C Inputs'!K7,IF($D38="Per Bill (Applicable only)",IF($E38=0,0,$C38*(IF('B&C Inputs'!E40="Y",'B&C Inputs'!G7,0))/$E38),IF($D38="Time % (Applicable only)",IF($F38=0,0,$C38*(IF('B&C Inputs'!E40="Y",'B&C Inputs'!K7,0))/$F38),0)))))) -> 0 | H38: =IF($A38="","",IF($D38="Direct $",'B&C Inputs'!L40,IF($D38="Per Bill",$C38*'B&C Inputs'!H8,IF($D38="Time %",$C38*'B&C Inputs'!K8,IF($D38="Per Bill (Applicable only)",IF($E38=0,0,$C38*(IF('B&C Inputs'!F40="Y",'B&C Inputs'!G8,0))/$E38),IF($D38="Time % (Applicable only)",IF($F38=0,0,$C38*(IF('B&C Inputs'!F40="Y",'B&C Inputs'!K8,0))/$F38),0)))))) -> 0 | I38: =IF($A38="","",IF($D38="Direct $",'B&C Inputs'!M40,IF($D38="Per Bill",$C38*'B&C Inputs'!H9,IF($D38="Time %",$C38*'B&C Inputs'!K9,IF($D38="Per Bill (Applicable only)",IF($E38=0,0,$C38*(IF('B&C Inputs'!G40="Y",'B&C Inputs'!G9,0))/$E38),IF($D38="Time % (Applicable only)",IF($F38=0,0,$C38*(IF('B&C Inputs'!G40="Y",'B&C Inputs'!K9,0))/$F38),0)))))) -> 0 | J38: =IF($A38="","",IF($D38="Direct $",'B&C Inputs'!N40,IF($D38="Per Bill",$C38*'B&C Inputs'!H10,IF($D38="Time %",$C38*'B&C Inputs'!K10,IF($D38="Per Bill (Applicable only)",IF($E38=0,0,$C38*(IF('B&C Inputs'!H40="Y",'B&C Inputs'!G10,0))/$E38),IF($D38="Time % (Applicable only)",IF($F38=0,0,$C38*(IF('B&C Inputs'!H40="Y",'B&C Inputs'!K10,0))/$F38),0)))))) -> 0 | K38: =IF($A38="","",IF($D38="Direct $",'B&C Inputs'!O40,IF($D38="Per Bill",$C38*'B&C Inputs'!H11,IF($D38="Time %",$C38*'B&C Inputs'!K11,IF($D38="Per Bill (Applicable only)",IF($E38=0,0,$C38*(IF('B&C Inputs'!I40="Y",'B&C Inputs'!G11,0))/$E38),IF($D38="Time % (Applicable only)",IF($F38=0,0,$C38*(IF('B&C Inputs'!I40="Y",'B&C Inputs'!K11,0))/$F38),0)))))) -> 0 | L38: =IF($A38="","",IF($D38="Direct $",'B&C Inputs'!P40,IF($D38="Per Bill",$C38*'B&C Inputs'!H12,IF($D38="Time %",$C38*'B&C Inputs'!K12,IF($D38="Per Bill (Applicable only)",IF($E38=0,0,$C38*(IF('B&C Inputs'!J40="Y",'B&C Inputs'!G12,0))/$E38),IF($D38="Time % (Applicable only)",IF($F38=0,0,$C38*(IF('B&C Inputs'!J40="Y",'B&C Inputs'!K12,0))/$F38),0)))))) -> 0
A39: ='B&C Inputs'!A41 -> 0 | B39: ='B&C Inputs'!B41 -> 0 | C39: ='B&C Inputs'!C41 -> 0 | D39: ='B&C Inputs'!D41 -> 0 | E39: =IF($A39="","",(IF('B&C Inputs'!E41="Y",'B&C Inputs'!G7,0)+IF('B&C Inputs'!F41="Y",'B&C Inputs'!G8,0)+IF('B&C Inputs'!G41="Y",'B&C Inputs'!G9,0)+IF('B&C Inputs'!H41="Y",'B&C Inputs'!G10,0)+IF('B&C Inputs'!I41="Y",'B&C Inputs'!G11,0)+IF('B&C Inputs'!J41="Y",'B&C Inputs'!G12,0))) -> 75816 | F39: =IF($A39="","",(IF('B&C Inputs'!E41="Y",'B&C Inputs'!K7,0)+IF('B&C Inputs'!F41="Y",'B&C Inputs'!K8,0)+IF('B&C Inputs'!G41="Y",'B&C Inputs'!K9,0)+IF('B&C Inputs'!H41="Y",'B&C Inputs'!K10,0)+IF('B&C Inputs'!I41="Y",'B&C Inputs'!K11,0)+IF('B&C Inputs'!J41="Y",'B&C Inputs'!K12,0))) -> 1.15 | G39: =IF($A39="","",IF($D39="Direct $",'B&C Inputs'!K41,IF($D39="Per Bill",$C39*'B&C Inputs'!H7,IF($D39="Time %",$C39*'B&C Inputs'!K7,IF($D39="Per Bill (Applicable only)",IF($E39=0,0,$C39*(IF('B&C Inputs'!E41="Y",'B&C Inputs'!G7,0))/$E39),IF($D39="Time % (Applicable only)",IF($F39=0,0,$C39*(IF('B&C Inputs'!E41="Y",'B&C Inputs'!K7,0))/$F39),0)))))) -> 0 | H39: =IF($A39="","",IF($D39="Direct $",'B&C Inputs'!L41,IF($D39="Per Bill",$C39*'B&C Inputs'!H8,IF($D39="Time %",$C39*'B&C Inputs'!K8,IF($D39="Per Bill (Applicable only)",IF($E39=0,0,$C39*(IF('B&C Inputs'!F41="Y",'B&C Inputs'!G8,0))/$E39),IF($D39="Time % (Applicable only)",IF($F39=0,0,$C39*(IF('B&C Inputs'!F41="Y",'B&C Inputs'!K8,0))/$F39),0)))))) -> 0 | I39: =IF($A39="","",IF($D39="Direct $",'B&C Inputs'!M41,IF($D39="Per Bill",$C39*'B&C Inputs'!H9,IF($D39="Time %",$C39*'B&C Inputs'!K9,IF($D39="Per Bill (Applicable only)",IF($E39=0,0,$C39*(IF('B&C Inputs'!G41="Y",'B&C Inputs'!G9,0))/$E39),IF($D39="Time % (Applicable only)",IF($F39=0,0,$C39*(IF('B&C Inputs'!G41="Y",'B&C Inputs'!K9,0))/$F39),0)))))) -> 0 | J39: =IF($A39="","",IF($D39="Direct $",'B&C Inputs'!N41,IF($D39="Per Bill",$C39*'B&C Inputs'!H10,IF($D39="Time %",$C39*'B&C Inputs'!K10,IF($D39="Per Bill (Applicable only)",IF($E39=0,0,$C39*(IF('B&C Inputs'!H41="Y",'B&C Inputs'!G10,0))/$E39),IF($D39="Time % (Applicable only)",IF($F39=0,0,$C39*(IF('B&C Inputs'!H41="Y",'B&C Inputs'!K10,0))/$F39),0)))))) -> 0 | K39: =IF($A39="","",IF($D39="Direct $",'B&C Inputs'!O41,IF($D39="Per Bill",$C39*'B&C Inputs'!H11,IF($D39="Time %",$C39*'B&C Inputs'!K11,IF($D39="Per Bill (Applicable only)",IF($E39=0,0,$C39*(IF('B&C Inputs'!I41="Y",'B&C Inputs'!G11,0))/$E39),IF($D39="Time % (Applicable only)",IF($F39=0,0,$C39*(IF('B&C Inputs'!I41="Y",'B&C Inputs'!K11,0))/$F39),0)))))) -> 0 | L39: =IF($A39="","",IF($D39="Direct $",'B&C Inputs'!P41,IF($D39="Per Bill",$C39*'B&C Inputs'!H12,IF($D39="Time %",$C39*'B&C Inputs'!K12,IF($D39="Per Bill (Applicable only)",IF($E39=0,0,$C39*(IF('B&C Inputs'!J41="Y",'B&C Inputs'!G12,0))/$E39),IF($D39="Time % (Applicable only)",IF($F39=0,0,$C39*(IF('B&C Inputs'!J41="Y",'B&C Inputs'!K12,0))/$F39),0)))))) -> 0
A40: ='B&C Inputs'!A42 -> 0 | B40: ='B&C Inputs'!B42 -> 0 | C40: ='B&C Inputs'!C42 -> 0 | D40: ='B&C Inputs'!D42 -> 0 | E40: =IF($A40="","",(IF('B&C Inputs'!E42="Y",'B&C Inputs'!G7,0)+IF('B&C Inputs'!F42="Y",'B&C Inputs'!G8,0)+IF('B&C Inputs'!G42="Y",'B&C Inputs'!G9,0)+IF('B&C Inputs'!H42="Y",'B&C Inputs'!G10,0)+IF('B&C Inputs'!I42="Y",'B&C Inputs'!G11,0)+IF('B&C Inputs'!J42="Y",'B&C Inputs'!G12,0))) -> 75816 | F40: =IF($A40="","",(IF('B&C Inputs'!E42="Y",'B&C Inputs'!K7,0)+IF('B&C Inputs'!F42="Y",'B&C Inputs'!K8,0)+IF('B&C Inputs'!G42="Y",'B&C Inputs'!K9,0)+IF('B&C Inputs'!H42="Y",'B&C Inputs'!K10,0)+IF('B&C Inputs'!I42="Y",'B&C Inputs'!K11,0)+IF('B&C Inputs'!J42="Y",'B&C Inputs'!K12,0))) -> 1.15 | G40: =IF($A40="","",IF($D40="Direct $",'B&C Inputs'!K42,IF($D40="Per Bill",$C40*'B&C Inputs'!H7,IF($D40="Time %",$C40*'B&C Inputs'!K7,IF($D40="Per Bill (Applicable only)",IF($E40=0,0,$C40*(IF('B&C Inputs'!E42="Y",'B&C Inputs'!G7,0))/$E40),IF($D40="Time % (Applicable only)",IF($F40=0,0,$C40*(IF('B&C Inputs'!E42="Y",'B&C Inputs'!K7,0))/$F40),0)))))) -> 0 | H40: =IF($A40="","",IF($D40="Direct $",'B&C Inputs'!L42,IF($D40="Per Bill",$C40*'B&C Inputs'!H8,IF($D40="Time %",$C40*'B&C Inputs'!K8,IF($D40="Per Bill (Applicable only)",IF($E40=0,0,$C40*(IF('B&C Inputs'!F42="Y",'B&C Inputs'!G8,0))/$E40),IF($D40="Time % (Applicable only)",IF($F40=0,0,$C40*(IF('B&C Inputs'!F42="Y",'B&C Inputs'!K8,0))/$F40),0)))))) -> 0 | I40: =IF($A40="","",IF($D40="Direct $",'B&C Inputs'!M42,IF($D40="Per Bill",$C40*'B&C Inputs'!H9,IF($D40="Time %",$C40*'B&C Inputs'!K9,IF($D40="Per Bill (Applicable only)",IF($E40=0,0,$C40*(IF('B&C Inputs'!G42="Y",'B&C Inputs'!G9,0))/$E40),IF($D40="Time % (Applicable only)",IF($F40=0,0,$C40*(IF('B&C Inputs'!G42="Y",'B&C Inputs'!K9,0))/$F40),0)))))) -> 0 | J40: =IF($A40="","",IF($D40="Direct $",'B&C Inputs'!N42,IF($D40="Per Bill",$C40*'B&C Inputs'!H10,IF($D40="Time %",$C40*'B&C Inputs'!K10,IF($D40="Per Bill (Applicable only)",IF($E40=0,0,$C40*(IF('B&C Inputs'!H42="Y",'B&C Inputs'!G10,0))/$E40),IF($D40="Time % (Applicable only)",IF($F40=0,0,$C40*(IF('B&C Inputs'!H42="Y",'B&C Inputs'!K10,0))/$F40),0)))))) -> 0 | K40: =IF($A40="","",IF($D40="Direct $",'B&C Inputs'!O42,IF($D40="Per Bill",$C40*'B&C Inputs'!H11,IF($D40="Time %",$C40*'B&C Inputs'!K11,IF($D40="Per Bill (Applicable only)",IF($E40=0,0,$C40*(IF('B&C Inputs'!I42="Y",'B&C Inputs'!G11,0))/$E40),IF($D40="Time % (Applicable only)",IF($F40=0,0,$C40*(IF('B&C Inputs'!I42="Y",'B&C Inputs'!K11,0))/$F40),0)))))) -> 0 | L40: =IF($A40="","",IF($D40="Direct $",'B&C Inputs'!P42,IF($D40="Per Bill",$C40*'B&C Inputs'!H12,IF($D40="Time %",$C40*'B&C Inputs'!K12,IF($D40="Per Bill (Applicable only)",IF($E40=0,0,$C40*(IF('B&C Inputs'!J42="Y",'B&C Inputs'!G12,0))/$E40),IF($D40="Time % (Applicable only)",IF($F40=0,0,$C40*(IF('B&C Inputs'!J42="Y",'B&C Inputs'!K12,0))/$F40),0)))))) -> 0
A41: ='B&C Inputs'!A43 -> 0 | B41: ='B&C Inputs'!B43 -> 0 | C41: ='B&C Inputs'!C43 -> 0 | D41: ='B&C Inputs'!D43 -> 0 | E41: =IF($A41="","",(IF('B&C Inputs'!E43="Y",'B&C Inputs'!G7,0)+IF('B&C Inputs'!F43="Y",'B&C Inputs'!G8,0)+IF('B&C Inputs'!G43="Y",'B&C Inputs'!G9,0)+IF('B&C Inputs'!H43="Y",'B&C Inputs'!G10,0)+IF('B&C Inputs'!I43="Y",'B&C Inputs'!G11,0)+IF('B&C Inputs'!J43="Y",'B&C Inputs'!G12,0))) -> 75816 | F41: =IF($A41="","",(IF('B&C Inputs'!E43="Y",'B&C Inputs'!K7,0)+IF('B&C Inputs'!F43="Y",'B&C Inputs'!K8,0)+IF('B&C Inputs'!G43="Y",'B&C Inputs'!K9,0)+IF('B&C Inputs'!H43="Y",'B&C Inputs'!K10,0)+IF('B&C Inputs'!I43="Y",'B&C Inputs'!K11,0)+IF('B&C Inputs'!J43="Y",'B&C Inputs'!K12,0))) -> 1.15 | G41: =IF($A41="","",IF($D41="Direct $",'B&C Inputs'!K43,IF($D41="Per Bill",$C41*'B&C Inputs'!H7,IF($D41="Time %",$C41*'B&C Inputs'!K7,IF($D41="Per Bill (Applicable only)",IF($E41=0,0,$C41*(IF('B&C Inputs'!E43="Y",'B&C Inputs'!G7,0))/$E41),IF($D41="Time % (Applicable only)",IF($F41=0,0,$C41*(IF('B&C Inputs'!E43="Y",'B&C Inputs'!K7,0))/$F41),0)))))) -> 0 | H41: =IF($A41="","",IF($D41="Direct $",'B&C Inputs'!L43,IF($D41="Per Bill",$C41*'B&C Inputs'!H8,IF($D41="Time %",$C41*'B&C Inputs'!K8,IF($D41="Per Bill (Applicable only)",IF($E41=0,0,$C41*(IF('B&C Inputs'!F43="Y",'B&C Inputs'!G8,0))/$E41),IF($D41="Time % (Applicable only)",IF($F41=0,0,$C41*(IF('B&C Inputs'!F43="Y",'B&C Inputs'!K8,0))/$F41),0)))))) -> 0 | I41: =IF($A41="","",IF($D41="Direct $",'B&C Inputs'!M43,IF($D41="Per Bill",$C41*'B&C Inputs'!H9,IF($D41="Time %",$C41*'B&C Inputs'!K9,IF($D41="Per Bill (Applicable only)",IF($E41=0,0,$C41*(IF('B&C Inputs'!G43="Y",'B&C Inputs'!G9,0))/$E41),IF($D41="Time % (Applicable only)",IF($F41=0,0,$C41*(IF('B&C Inputs'!G43="Y",'B&C Inputs'!K9,0))/$F41),0)))))) -> 0 | J41: =IF($A41="","",IF($D41="Direct $",'B&C Inputs'!N43,IF($D41="Per Bill",$C41*'B&C Inputs'!H10,IF($D41="Time %",$C41*'B&C Inputs'!K10,IF($D41="Per Bill (Applicable only)",IF($E41=0,0,$C41*(IF('B&C Inputs'!H43="Y",'B&C Inputs'!G10,0))/$E41),IF($D41="Time % (Applicable only)",IF($F41=0,0,$C41*(IF('B&C Inputs'!H43="Y",'B&C Inputs'!K10,0))/$F41),0)))))) -> 0 | K41: =IF($A41="","",IF($D41="Direct $",'B&C Inputs'!O43,IF($D41="Per Bill",$C41*'B&C Inputs'!H11,IF($D41="Time %",$C41*'B&C Inputs'!K11,IF($D41="Per Bill (Applicable only)",IF($E41=0,0,$C41*(IF('B&C Inputs'!I43="Y",'B&C Inputs'!G11,0))/$E41),IF($D41="Time % (Applicable only)",IF($F41=0,0,$C41*(IF('B&C Inputs'!I43="Y",'B&C Inputs'!K11,0))/$F41),0)))))) -> 0 | L41: =IF($A41="","",IF($D41="Direct $",'B&C Inputs'!P43,IF($D41="Per Bill",$C41*'B&C Inputs'!H12,IF($D41="Time %",$C41*'B&C Inputs'!K12,IF($D41="Per Bill (Applicable only)",IF($E41=0,0,$C41*(IF('B&C Inputs'!J43="Y",'B&C Inputs'!G12,0))/$E41),IF($D41="Time % (Applicable only)",IF($F41=0,0,$C41*(IF('B&C Inputs'!J43="Y",'B&C Inputs'!K12,0))/$F41),0)))))) -> 0
A42: ='B&C Inputs'!A44 -> 0 | B42: ='B&C Inputs'!B44 -> 0 | C42: ='B&C Inputs'!C44 -> 0 | D42: ='B&C Inputs'!D44 -> 0 | E42: =IF($A42="","",(IF('B&C Inputs'!E44="Y",'B&C Inputs'!G7,0)+IF('B&C Inputs'!F44="Y",'B&C Inputs'!G8,0)+IF('B&C Inputs'!G44="Y",'B&C Inputs'!G9,0)+IF('B&C Inputs'!H44="Y",'B&C Inputs'!G10,0)+IF('B&C Inputs'!I44="Y",'B&C Inputs'!G11,0)+IF('B&C Inputs'!J44="Y",'B&C Inputs'!G12,0))) -> 75816 | F42: =IF($A42="","",(IF('B&C Inputs'!E44="Y",'B&C Inputs'!K7,0)+IF('B&C Inputs'!F44="Y",'B&C Inputs'!K8,0)+IF('B&C Inputs'!G44="Y",'B&C Inputs'!K9,0)+IF('B&C Inputs'!H44="Y",'B&C Inputs'!K10,0)+IF('B&C Inputs'!I44="Y",'B&C Inputs'!K11,0)+IF('B&C Inputs'!J44="Y",'B&C Inputs'!K12,0))) -> 1.15 | G42: =IF($A42="","",IF($D42="Direct $",'B&C Inputs'!K44,IF($D42="Per Bill",$C42*'B&C Inputs'!H7,IF($D42="Time %",$C42*'B&C Inputs'!K7,IF($D42="Per Bill (Applicable only)",IF($E42=0,0,$C42*(IF('B&C Inputs'!E44="Y",'B&C Inputs'!G7,0))/$E42),IF($D42="Time % (Applicable only)",IF($F42=0,0,$C42*(IF('B&C Inputs'!E44="Y",'B&C Inputs'!K7,0))/$F42),0)))))) -> 0 | H42: =IF($A42="","",IF($D42="Direct $",'B&C Inputs'!L44,IF($D42="Per Bill",$C42*'B&C Inputs'!H8,IF($D42="Time %",$C42*'B&C Inputs'!K8,IF($D42="Per Bill (Applicable only)",IF($E42=0,0,$C42*(IF('B&C Inputs'!F44="Y",'B&C Inputs'!G8,0))/$E42),IF($D42="Time % (Applicable only)",IF($F42=0,0,$C42*(IF('B&C Inputs'!F44="Y",'B&C Inputs'!K8,0))/$F42),0)))))) -> 0 | I42: =IF($A42="","",IF($D42="Direct $",'B&C Inputs'!M44,IF($D42="Per Bill",$C42*'B&C Inputs'!H9,IF($D42="Time %",$C42*'B&C Inputs'!K9,IF($D42="Per Bill (Applicable only)",IF($E42=0,0,$C42*(IF('B&C Inputs'!G44="Y",'B&C Inputs'!G9,0))/$E42),IF($D42="Time % (Applicable only)",IF($F42=0,0,$C42*(IF('B&C Inputs'!G44="Y",'B&C Inputs'!K9,0))/$F42),0)))))) -> 0 | J42: =IF($A42="","",IF($D42="Direct $",'B&C Inputs'!N44,IF($D42="Per Bill",$C42*'B&C Inputs'!H10,IF($D42="Time %",$C42*'B&C Inputs'!K10,IF($D42="Per Bill (Applicable only)",IF($E42=0,0,$C42*(IF('B&C Inputs'!H44="Y",'B&C Inputs'!G10,0))/$E42),IF($D42="Time % (Applicable only)",IF($F42=0,0,$C42*(IF('B&C Inputs'!H44="Y",'B&C Inputs'!K10,0))/$F42),0)))))) -> 0 | K42: =IF($A42="","",IF($D42="Direct $",'B&C Inputs'!O44,IF($D42="Per Bill",$C42*'B&C Inputs'!H11,IF($D42="Time %",$C42*'B&C Inputs'!K11,IF($D42="Per Bill (Applicable only)",IF($E42=0,0,$C42*(IF('B&C Inputs'!I44="Y",'B&C Inputs'!G11,0))/$E42),IF($D42="Time % (Applicable only)",IF($F42=0,0,$C42*(IF('B&C Inputs'!I44="Y",'B&C Inputs'!K11,0))/$F42),0)))))) -> 0 | L42: =IF($A42="","",IF($D42="Direct $",'B&C Inputs'!P44,IF($D42="Per Bill",$C42*'B&C Inputs'!H12,IF($D42="Time %",$C42*'B&C Inputs'!K12,IF($D42="Per Bill (Applicable only)",IF($E42=0,0,$C42*(IF('B&C Inputs'!J44="Y",'B&C Inputs'!G12,0))/$E42),IF($D42="Time % (Applicable only)",IF($F42=0,0,$C42*(IF('B&C Inputs'!J44="Y",'B&C Inputs'!K12,0))/$F42),0)))))) -> 0
A43: ='B&C Inputs'!A45 -> 0 | B43: ='B&C Inputs'!B45 -> 0 | C43: ='B&C Inputs'!C45 -> 0 | D43: ='B&C Inputs'!D45 -> 0 | E43: =IF($A43="","",(IF('B&C Inputs'!E45="Y",'B&C Inputs'!G7,0)+IF('B&C Inputs'!F45="Y",'B&C Inputs'!G8,0)+IF('B&C Inputs'!G45="Y",'B&C Inputs'!G9,0)+IF('B&C Inputs'!H45="Y",'B&C Inputs'!G10,0)+IF('B&C Inputs'!I45="Y",'B&C Inputs'!G11,0)+IF('B&C Inputs'!J45="Y",'B&C Inputs'!G12,0))) -> 75816 | F43: =IF($A43="","",(IF('B&C Inputs'!E45="Y",'B&C Inputs'!K7,0)+IF('B&C Inputs'!F45="Y",'B&C Inputs'!K8,0)+IF('B&C Inputs'!G45="Y",'B&C Inputs'!K9,0)+IF('B&C Inputs'!H45="Y",'B&C Inputs'!K10,0)+IF('B&C Inputs'!I45="Y",'B&C Inputs'!K11,0)+IF('B&C Inputs'!J45="Y",'B&C Inputs'!K12,0))) -> 1.15 | G43: =IF($A43="","",IF($D43="Direct $",'B&C Inputs'!K45,IF($D43="Per Bill",$C43*'B&C Inputs'!H7,IF($D43="Time %",$C43*'B&C Inputs'!K7,IF($D43="Per Bill (Applicable only)",IF($E43=0,0,$C43*(IF('B&C Inputs'!E45="Y",'B&C Inputs'!G7,0))/$E43),IF($D43="Time % (Applicable only)",IF($F43=0,0,$C43*(IF('B&C Inputs'!E45="Y",'B&C Inputs'!K7,0))/$F43),0)))))) -> 0 | H43: =IF($A43="","",IF($D43="Direct $",'B&C Inputs'!L45,IF($D43="Per Bill",$C43*'B&C Inputs'!H8,IF($D43="Time %",$C43*'B&C Inputs'!K8,IF($D43="Per Bill (Applicable only)",IF($E43=0,0,$C43*(IF('B&C Inputs'!F45="Y",'B&C Inputs'!G8,0))/$E43),IF($D43="Time % (Applicable only)",IF($F43=0,0,$C43*(IF('B&C Inputs'!F45="Y",'B&C Inputs'!K8,0))/$F43),0)))))) -> 0 | I43: =IF($A43="","",IF($D43="Direct $",'B&C Inputs'!M45,IF($D43="Per Bill",$C43*'B&C Inputs'!H9,IF($D43="Time %",$C43*'B&C Inputs'!K9,IF($D43="Per Bill (Applicable only)",IF($E43=0,0,$C43*(IF('B&C Inputs'!G45="Y",'B&C Inputs'!G9,0))/$E43),IF($D43="Time % (Applicable only)",IF($F43=0,0,$C43*(IF('B&C Inputs'!G45="Y",'B&C Inputs'!K9,0))/$F43),0)))))) -> 0 | J43: =IF($A43="","",IF($D43="Direct $",'B&C Inputs'!N45,IF($D43="Per Bill",$C43*'B&C Inputs'!H10,IF($D43="Time %",$C43*'B&C Inputs'!K10,IF($D43="Per Bill (Applicable only)",IF($E43=0,0,$C43*(IF('B&C Inputs'!H45="Y",'B&C Inputs'!G10,0))/$E43),IF($D43="Time % (Applicable only)",IF($F43=0,0,$C43*(IF('B&C Inputs'!H45="Y",'B&C Inputs'!K10,0))/$F43),0)))))) -> 0 | K43: =IF($A43="","",IF($D43="Direct $",'B&C Inputs'!O45,IF($D43="Per Bill",$C43*'B&C Inputs'!H11,IF($D43="Time %",$C43*'B&C Inputs'!K11,IF($D43="Per Bill (Applicable only)",IF($E43=0,0,$C43*(IF('B&C Inputs'!I45="Y",'B&C Inputs'!G11,0))/$E43),IF($D43="Time % (Applicable only)",IF($F43=0,0,$C43*(IF('B&C Inputs'!I45="Y",'B&C Inputs'!K11,0))/$F43),0)))))) -> 0 | L43: =IF($A43="","",IF($D43="Direct $",'B&C Inputs'!P45,IF($D43="Per Bill",$C43*'B&C Inputs'!H12,IF($D43="Time %",$C43*'B&C Inputs'!K12,IF($D43="Per Bill (Applicable only)",IF($E43=0,0,$C43*(IF('B&C Inputs'!J45="Y",'B&C Inputs'!G12,0))/$E43),IF($D43="Time % (Applicable only)",IF($F43=0,0,$C43*(IF('B&C Inputs'!J45="Y",'B&C Inputs'!K12,0))/$F43),0)))))) -> 0
A44: ='B&C Inputs'!A46 -> 0 | B44: ='B&C Inputs'!B46 -> 0 | C44: ='B&C Inputs'!C46 -> 0 | D44: ='B&C Inputs'!D46 -> 0 | E44: =IF($A44="","",(IF('B&C Inputs'!E46="Y",'B&C Inputs'!G7,0)+IF('B&C Inputs'!F46="Y",'B&C Inputs'!G8,0)+IF('B&C Inputs'!G46="Y",'B&C Inputs'!G9,0)+IF('B&C Inputs'!H46="Y",'B&C Inputs'!G10,0)+IF('B&C Inputs'!I46="Y",'B&C Inputs'!G11,0)+IF('B&C Inputs'!J46="Y",'B&C Inputs'!G12,0))) -> 75816 | F44: =IF($A44="","",(IF('B&C Inputs'!E46="Y",'B&C Inputs'!K7,0)+IF('B&C Inputs'!F46="Y",'B&C Inputs'!K8,0)+IF('B&C Inputs'!G46="Y",'B&C Inputs'!K9,0)+IF('B&C Inputs'!H46="Y",'B&C Inputs'!K10,0)+IF('B&C Inputs'!I46="Y",'B&C Inputs'!K11,0)+IF('B&C Inputs'!J46="Y",'B&C Inputs'!K12,0))) -> 1.15 | G44: =IF($A44="","",IF($D44="Direct $",'B&C Inputs'!K46,IF($D44="Per Bill",$C44*'B&C Inputs'!H7,IF($D44="Time %",$C44*'B&C Inputs'!K7,IF($D44="Per Bill (Applicable only)",IF($E44=0,0,$C44*(IF('B&C Inputs'!E46="Y",'B&C Inputs'!G7,0))/$E44),IF($D44="Time % (Applicable only)",IF($F44=0,0,$C44*(IF('B&C Inputs'!E46="Y",'B&C Inputs'!K7,0))/$F44),0)))))) -> 0 | H44: =IF($A44="","",IF($D44="Direct $",'B&C Inputs'!L46,IF($D44="Per Bill",$C44*'B&C Inputs'!H8,IF($D44="Time %",$C44*'B&C Inputs'!K8,IF($D44="Per Bill (Applicable only)",IF($E44=0,0,$C44*(IF('B&C Inputs'!F46="Y",'B&C Inputs'!G8,0))/$E44),IF($D44="Time % (Applicable only)",IF($F44=0,0,$C44*(IF('B&C Inputs'!F46="Y",'B&C Inputs'!K8,0))/$F44),0)))))) -> 0 | I44: =IF($A44="","",IF($D44="Direct $",'B&C Inputs'!M46,IF($D44="Per Bill",$C44*'B&C Inputs'!H9,IF($D44="Time %",$C44*'B&C Inputs'!K9,IF($D44="Per Bill (Applicable only)",IF($E44=0,0,$C44*(IF('B&C Inputs'!G46="Y",'B&C Inputs'!G9,0))/$E44),IF($D44="Time % (Applicable only)",IF($F44=0,0,$C44*(IF('B&C Inputs'!G46="Y",'B&C Inputs'!K9,0))/$F44),0)))))) -> 0 | J44: =IF($A44="","",IF($D44="Direct $",'B&C Inputs'!N46,IF($D44="Per Bill",$C44*'B&C Inputs'!H10,IF($D44="Time %",$C44*'B&C Inputs'!K10,IF($D44="Per Bill (Applicable only)",IF($E44=0,0,$C44*(IF('B&C Inputs'!H46="Y",'B&C Inputs'!G10,0))/$E44),IF($D44="Time % (Applicable only)",IF($F44=0,0,$C44*(IF('B&C Inputs'!H46="Y",'B&C Inputs'!K10,0))/$F44),0)))))) -> 0 | K44: =IF($A44="","",IF($D44="Direct $",'B&C Inputs'!O46,IF($D44="Per Bill",$C44*'B&C Inputs'!H11,IF($D44="Time %",$C44*'B&C Inputs'!K11,IF($D44="Per Bill (Applicable only)",IF($E44=0,0,$C44*(IF('B&C Inputs'!I46="Y",'B&C Inputs'!G11,0))/$E44),IF($D44="Time % (Applicable only)",IF($F44=0,0,$C44*(IF('B&C Inputs'!I46="Y",'B&C Inputs'!K11,0))/$F44),0)))))) -> 0 | L44: =IF($A44="","",IF($D44="Direct $",'B&C Inputs'!P46,IF($D44="Per Bill",$C44*'B&C Inputs'!H12,IF($D44="Time %",$C44*'B&C Inputs'!K12,IF($D44="Per Bill (Applicable only)",IF($E44=0,0,$C44*(IF('B&C Inputs'!J46="Y",'B&C Inputs'!G12,0))/$E44),IF($D44="Time % (Applicable only)",IF($F44=0,0,$C44*(IF('B&C Inputs'!J46="Y",'B&C Inputs'!K12,0))/$F44),0)))))) -> 0
A45: ='B&C Inputs'!A47 -> 0 | B45: ='B&C Inputs'!B47 -> 0 | C45: ='B&C Inputs'!C47 -> 0 | D45: ='B&C Inputs'!D47 -> 0 | E45: =IF($A45="","",(IF('B&C Inputs'!E47="Y",'B&C Inputs'!G7,0)+IF('B&C Inputs'!F47="Y",'B&C Inputs'!G8,0)+IF('B&C Inputs'!G47="Y",'B&C Inputs'!G9,0)+IF('B&C Inputs'!H47="Y",'B&C Inputs'!G10,0)+IF('B&C Inputs'!I47="Y",'B&C Inputs'!G11,0)+IF('B&C Inputs'!J47="Y",'B&C Inputs'!G12,0))) -> 75816 | F45: =IF($A45="","",(IF('B&C Inputs'!E47="Y",'B&C Inputs'!K7,0)+IF('B&C Inputs'!F47="Y",'B&C Inputs'!K8,0)+IF('B&C Inputs'!G47="Y",'B&C Inputs'!K9,0)+IF('B&C Inputs'!H47="Y",'B&C Inputs'!K10,0)+IF('B&C Inputs'!I47="Y",'B&C Inputs'!K11,0)+IF('B&C Inputs'!J47="Y",'B&C Inputs'!K12,0))) -> 1.15 | G45: =IF($A45="","",IF($D45="Direct $",'B&C Inputs'!K47,IF($D45="Per Bill",$C45*'B&C Inputs'!H7,IF($D45="Time %",$C45*'B&C Inputs'!K7,IF($D45="Per Bill (Applicable only)",IF($E45=0,0,$C45*(IF('B&C Inputs'!E47="Y",'B&C Inputs'!G7,0))/$E45),IF($D45="Time % (Applicable only)",IF($F45=0,0,$C45*(IF('B&C Inputs'!E47="Y",'B&C Inputs'!K7,0))/$F45),0)))))) -> 0 | H45: =IF($A45="","",IF($D45="Direct $",'B&C Inputs'!L47,IF($D45="Per Bill",$C45*'B&C Inputs'!H8,IF($D45="Time %",$C45*'B&C Inputs'!K8,IF($D45="Per Bill (Applicable only)",IF($E45=0,0,$C45*(IF('B&C Inputs'!F47="Y",'B&C Inputs'!G8,0))/$E45),IF($D45="Time % (Applicable only)",IF($F45=0,0,$C45*(IF('B&C Inputs'!F47="Y",'B&C Inputs'!K8,0))/$F45),0)))))) -> 0 | I45: =IF($A45="","",IF($D45="Direct $",'B&C Inputs'!M47,IF($D45="Per Bill",$C45*'B&C Inputs'!H9,IF($D45="Time %",$C45*'B&C Inputs'!K9,IF($D45="Per Bill (Applicable only)",IF($E45=0,0,$C45*(IF('B&C Inputs'!G47="Y",'B&C Inputs'!G9,0))/$E45),IF($D45="Time % (Applicable only)",IF($F45=0,0,$C45*(IF('B&C Inputs'!G47="Y",'B&C Inputs'!K9,0))/$F45),0)))))) -> 0 | J45: =IF($A45="","",IF($D45="Direct $",'B&C Inputs'!N47,IF($D45="Per Bill",$C45*'B&C Inputs'!H10,IF($D45="Time %",$C45*'B&C Inputs'!K10,IF($D45="Per Bill (Applicable only)",IF($E45=0,0,$C45*(IF('B&C Inputs'!H47="Y",'B&C Inputs'!G10,0))/$E45),IF($D45="Time % (Applicable only)",IF($F45=0,0,$C45*(IF('B&C Inputs'!H47="Y",'B&C Inputs'!K10,0))/$F45),0)))))) -> 0 | K45: =IF($A45="","",IF($D45="Direct $",'B&C Inputs'!O47,IF($D45="Per Bill",$C45*'B&C Inputs'!H11,IF($D45="Time %",$C45*'B&C Inputs'!K11,IF($D45="Per Bill (Applicable only)",IF($E45=0,0,$C45*(IF('B&C Inputs'!I47="Y",'B&C Inputs'!G11,0))/$E45),IF($D45="Time % (Applicable only)",IF($F45=0,0,$C45*(IF('B&C Inputs'!I47="Y",'B&C Inputs'!K11,0))/$F45),0)))))) -> 0 | L45: =IF($A45="","",IF($D45="Direct $",'B&C Inputs'!P47,IF($D45="Per Bill",$C45*'B&C Inputs'!H12,IF($D45="Time %",$C45*'B&C Inputs'!K12,IF($D45="Per Bill (Applicable only)",IF($E45=0,0,$C45*(IF('B&C Inputs'!J47="Y",'B&C Inputs'!G12,0))/$E45),IF($D45="Time % (Applicable only)",IF($F45=0,0,$C45*(IF('B&C Inputs'!J47="Y",'B&C Inputs'!K12,0))/$F45),0)))))) -> 0
A46: ='B&C Inputs'!A48 -> 0 | B46: ='B&C Inputs'!B48 -> 0 | C46: ='B&C Inputs'!C48 -> 0 | D46: ='B&C Inputs'!D48 -> 0 | E46: =IF($A46="","",(IF('B&C Inputs'!E48="Y",'B&C Inputs'!G7,0)+IF('B&C Inputs'!F48="Y",'B&C Inputs'!G8,0)+IF('B&C Inputs'!G48="Y",'B&C Inputs'!G9,0)+IF('B&C Inputs'!H48="Y",'B&C Inputs'!G10,0)+IF('B&C Inputs'!I48="Y",'B&C Inputs'!G11,0)+IF('B&C Inputs'!J48="Y",'B&C Inputs'!G12,0))) -> 75816 | F46: =IF($A46="","",(IF('B&C Inputs'!E48="Y",'B&C Inputs'!K7,0)+IF('B&C Inputs'!F48="Y",'B&C Inputs'!K8,0)+IF('B&C Inputs'!G48="Y",'B&C Inputs'!K9,0)+IF('B&C Inputs'!H48="Y",'B&C Inputs'!K10,0)+IF('B&C Inputs'!I48="Y",'B&C Inputs'!K11,0)+IF('B&C Inputs'!J48="Y",'B&C Inputs'!K12,0))) -> 1.15 | G46: =IF($A46="","",IF($D46="Direct $",'B&C Inputs'!K48,IF($D46="Per Bill",$C46*'B&C Inputs'!H7,IF($D46="Time %",$C46*'B&C Inputs'!K7,IF($D46="Per Bill (Applicable only)",IF($E46=0,0,$C46*(IF('B&C Inputs'!E48="Y",'B&C Inputs'!G7,0))/$E46),IF($D46="Time % (Applicable only)",IF($F46=0,0,$C46*(IF('B&C Inputs'!E48="Y",'B&C Inputs'!K7,0))/$F46),0)))))) -> 0 | H46: =IF($A46="","",IF($D46="Direct $",'B&C Inputs'!L48,IF($D46="Per Bill",$C46*'B&C Inputs'!H8,IF($D46="Time %",$C46*'B&C Inputs'!K8,IF($D46="Per Bill (Applicable only)",IF($E46=0,0,$C46*(IF('B&C Inputs'!F48="Y",'B&C Inputs'!G8,0))/$E46),IF($D46="Time % (Applicable only)",IF($F46=0,0,$C46*(IF('B&C Inputs'!F48="Y",'B&C Inputs'!K8,0))/$F46),0)))))) -> 0 | I46: =IF($A46="","",IF($D46="Direct $",'B&C Inputs'!M48,IF($D46="Per Bill",$C46*'B&C Inputs'!H9,IF($D46="Time %",$C46*'B&C Inputs'!K9,IF($D46="Per Bill (Applicable only)",IF($E46=0,0,$C46*(IF('B&C Inputs'!G48="Y",'B&C Inputs'!G9,0))/$E46),IF($D46="Time % (Applicable only)",IF($F46=0,0,$C46*(IF('B&C Inputs'!G48="Y",'B&C Inputs'!K9,0))/$F46),0)))))) -> 0 | J46: =IF($A46="","",IF($D46="Direct $",'B&C Inputs'!N48,IF($D46="Per Bill",$C46*'B&C Inputs'!H10,IF($D46="Time %",$C46*'B&C Inputs'!K10,IF($D46="Per Bill (Applicable only)",IF($E46=0,0,$C46*(IF('B&C Inputs'!H48="Y",'B&C Inputs'!G10,0))/$E46),IF($D46="Time % (Applicable only)",IF($F46=0,0,$C46*(IF('B&C Inputs'!H48="Y",'B&C Inputs'!K10,0))/$F46),0)))))) -> 0 | K46: =IF($A46="","",IF($D46="Direct $",'B&C Inputs'!O48,IF($D46="Per Bill",$C46*'B&C Inputs'!H11,IF($D46="Time %",$C46*'B&C Inputs'!K11,IF($D46="Per Bill (Applicable only)",IF($E46=0,0,$C46*(IF('B&C Inputs'!I48="Y",'B&C Inputs'!G11,0))/$E46),IF($D46="Time % (Applicable only)",IF($F46=0,0,$C46*(IF('B&C Inputs'!I48="Y",'B&C Inputs'!K11,0))/$F46),0)))))) -> 0 | L46: =IF($A46="","",IF($D46="Direct $",'B&C Inputs'!P48,IF($D46="Per Bill",$C46*'B&C Inputs'!H12,IF($D46="Time %",$C46*'B&C Inputs'!K12,IF($D46="Per Bill (Applicable only)",IF($E46=0,0,$C46*(IF('B&C Inputs'!J48="Y",'B&C Inputs'!G12,0))/$E46),IF($D46="Time % (Applicable only)",IF($F46=0,0,$C46*(IF('B&C Inputs'!J48="Y",'B&C Inputs'!K12,0))/$F46),0)))))) -> 0
A47: ='B&C Inputs'!A49 -> 0 | B47: ='B&C Inputs'!B49 -> 0 | C47: ='B&C Inputs'!C49 -> 0 | D47: ='B&C Inputs'!D49 -> 0 | E47: =IF($A47="","",(IF('B&C Inputs'!E49="Y",'B&C Inputs'!G7,0)+IF('B&C Inputs'!F49="Y",'B&C Inputs'!G8,0)+IF('B&C Inputs'!G49="Y",'B&C Inputs'!G9,0)+IF('B&C Inputs'!H49="Y",'B&C Inputs'!G10,0)+IF('B&C Inputs'!I49="Y",'B&C Inputs'!G11,0)+IF('B&C Inputs'!J49="Y",'B&C Inputs'!G12,0))) -> 75816 | F47: =IF($A47="","",(IF('B&C Inputs'!E49="Y",'B&C Inputs'!K7,0)+IF('B&C Inputs'!F49="Y",'B&C Inputs'!K8,0)+IF('B&C Inputs'!G49="Y",'B&C Inputs'!K9,0)+IF('B&C Inputs'!H49="Y",'B&C Inputs'!K10,0)+IF('B&C Inputs'!I49="Y",'B&C Inputs'!K11,0)+IF('B&C Inputs'!J49="Y",'B&C Inputs'!K12,0))) -> 1.15 | G47: =IF($A47="","",IF($D47="Direct $",'B&C Inputs'!K49,IF($D47="Per Bill",$C47*'B&C Inputs'!H7,IF($D47="Time %",$C47*'B&C Inputs'!K7,IF($D47="Per Bill (Applicable only)",IF($E47=0,0,$C47*(IF('B&C Inputs'!E49="Y",'B&C Inputs'!G7,0))/$E47),IF($D47="Time % (Applicable only)",IF($F47=0,0,$C47*(IF('B&C Inputs'!E49="Y",'B&C Inputs'!K7,0))/$F47),0)))))) -> 0 | H47: =IF($A47="","",IF($D47="Direct $",'B&C Inputs'!L49,IF($D47="Per Bill",$C47*'B&C Inputs'!H8,IF($D47="Time %",$C47*'B&C Inputs'!K8,IF($D47="Per Bill (Applicable only)",IF($E47=0,0,$C47*(IF('B&C Inputs'!F49="Y",'B&C Inputs'!G8,0))/$E47),IF($D47="Time % (Applicable only)",IF($F47=0,0,$C47*(IF('B&C Inputs'!F49="Y",'B&C Inputs'!K8,0))/$F47),0)))))) -> 0 | I47: =IF($A47="","",IF($D47="Direct $",'B&C Inputs'!M49,IF($D47="Per Bill",$C47*'B&C Inputs'!H9,IF($D47="Time %",$C47*'B&C Inputs'!K9,IF($D47="Per Bill (Applicable only)",IF($E47=0,0,$C47*(IF('B&C Inputs'!G49="Y",'B&C Inputs'!G9,0))/$E47),IF($D47="Time % (Applicable only)",IF($F47=0,0,$C47*(IF('B&C Inputs'!G49="Y",'B&C Inputs'!K9,0))/$F47),0)))))) -> 0 | J47: =IF($A47="","",IF($D47="Direct $",'B&C Inputs'!N49,IF($D47="Per Bill",$C47*'B&C Inputs'!H10,IF($D47="Time %",$C47*'B&C Inputs'!K10,IF($D47="Per Bill (Applicable only)",IF($E47=0,0,$C47*(IF('B&C Inputs'!H49="Y",'B&C Inputs'!G10,0))/$E47),IF($D47="Time % (Applicable only)",IF($F47=0,0,$C47*(IF('B&C Inputs'!H49="Y",'B&C Inputs'!K10,0))/$F47),0)))))) -> 0 | K47: =IF($A47="","",IF($D47="Direct $",'B&C Inputs'!O49,IF($D47="Per Bill",$C47*'B&C Inputs'!H11,IF($D47="Time %",$C47*'B&C Inputs'!K11,IF($D47="Per Bill (Applicable only)",IF($E47=0,0,$C47*(IF('B&C Inputs'!I49="Y",'B&C Inputs'!G11,0))/$E47),IF($D47="Time % (Applicable only)",IF($F47=0,0,$C47*(IF('B&C Inputs'!I49="Y",'B&C Inputs'!K11,0))/$F47),0)))))) -> 0 | L47: =IF($A47="","",IF($D47="Direct $",'B&C Inputs'!P49,IF($D47="Per Bill",$C47*'B&C Inputs'!H12,IF($D47="Time %",$C47*'B&C Inputs'!K12,IF($D47="Per Bill (Applicable only)",IF($E47=0,0,$C47*(IF('B&C Inputs'!J49="Y",'B&C Inputs'!G12,0))/$E47),IF($D47="Time % (Applicable only)",IF($F47=0,0,$C47*(IF('B&C Inputs'!J49="Y",'B&C Inputs'!K12,0))/$F47),0)))))) -> 0
A48: ='B&C Inputs'!A50 -> 0 | B48: ='B&C Inputs'!B50 -> 0 | C48: ='B&C Inputs'!C50 -> 0 | D48: ='B&C Inputs'!D50 -> 0 | E48: =IF($A48="","",(IF('B&C Inputs'!E50="Y",'B&C Inputs'!G7,0)+IF('B&C Inputs'!F50="Y",'B&C Inputs'!G8,0)+IF('B&C Inputs'!G50="Y",'B&C Inputs'!G9,0)+IF('B&C Inputs'!H50="Y",'B&C Inputs'!G10,0)+IF('B&C Inputs'!I50="Y",'B&C Inputs'!G11,0)+IF('B&C Inputs'!J50="Y",'B&C Inputs'!G12,0))) -> 75816 | F48: =IF($A48="","",(IF('B&C Inputs'!E50="Y",'B&C Inputs'!K7,0)+IF('B&C Inputs'!F50="Y",'B&C Inputs'!K8,0)+IF('B&C Inputs'!G50="Y",'B&C Inputs'!K9,0)+IF('B&C Inputs'!H50="Y",'B&C Inputs'!K10,0)+IF('B&C Inputs'!I50="Y",'B&C Inputs'!K11,0)+IF('B&C Inputs'!J50="Y",'B&C Inputs'!K12,0))) -> 1.15 | G48: =IF($A48="","",IF($D48="Direct $",'B&C Inputs'!K50,IF($D48="Per Bill",$C48*'B&C Inputs'!H7,IF($D48="Time %",$C48*'B&C Inputs'!K7,IF($D48="Per Bill (Applicable only)",IF($E48=0,0,$C48*(IF('B&C Inputs'!E50="Y",'B&C Inputs'!G7,0))/$E48),IF($D48="Time % (Applicable only)",IF($F48=0,0,$C48*(IF('B&C Inputs'!E50="Y",'B&C Inputs'!K7,0))/$F48),0)))))) -> 0 | H48: =IF($A48="","",IF($D48="Direct $",'B&C Inputs'!L50,IF($D48="Per Bill",$C48*'B&C Inputs'!H8,IF($D48="Time %",$C48*'B&C Inputs'!K8,IF($D48="Per Bill (Applicable only)",IF($E48=0,0,$C48*(IF('B&C Inputs'!F50="Y",'B&C Inputs'!G8,0))/$E48),IF($D48="Time % (Applicable only)",IF($F48=0,0,$C48*(IF('B&C Inputs'!F50="Y",'B&C Inputs'!K8,0))/$F48),0)))))) -> 0 | I48: =IF($A48="","",IF($D48="Direct $",'B&C Inputs'!M50,IF($D48="Per Bill",$C48*'B&C Inputs'!H9,IF($D48="Time %",$C48*'B&C Inputs'!K9,IF($D48="Per Bill (Applicable only)",IF($E48=0,0,$C48*(IF('B&C Inputs'!G50="Y",'B&C Inputs'!G9,0))/$E48),IF($D48="Time % (Applicable only)",IF($F48=0,0,$C48*(IF('B&C Inputs'!G50="Y",'B&C Inputs'!K9,0))/$F48),0)))))) -> 0 | J48: =IF($A48="","",IF($D48="Direct $",'B&C Inputs'!N50,IF($D48="Per Bill",$C48*'B&C Inputs'!H10,IF($D48="Time %",$C48*'B&C Inputs'!K10,IF($D48="Per Bill (Applicable only)",IF($E48=0,0,$C48*(IF('B&C Inputs'!H50="Y",'B&C Inputs'!G10,0))/$E48),IF($D48="Time % (Applicable only)",IF($F48=0,0,$C48*(IF('B&C Inputs'!H50="Y",'B&C Inputs'!K10,0))/$F48),0)))))) -> 0 | K48: =IF($A48="","",IF($D48="Direct $",'B&C Inputs'!O50,IF($D48="Per Bill",$C48*'B&C Inputs'!H11,IF($D48="Time %",$C48*'B&C Inputs'!K11,IF($D48="Per Bill (Applicable only)",IF($E48=0,0,$C48*(IF('B&C Inputs'!I50="Y",'B&C Inputs'!G11,0))/$E48),IF($D48="Time % (Applicable only)",IF($F48=0,0,$C48*(IF('B&C Inputs'!I50="Y",'B&C Inputs'!K11,0))/$F48),0)))))) -> 0 | L48: =IF($A48="","",IF($D48="Direct $",'B&C Inputs'!P50,IF($D48="Per Bill",$C48*'B&C Inputs'!H12,IF($D48="Time %",$C48*'B&C Inputs'!K12,IF($D48="Per Bill (Applicable only)",IF($E48=0,0,$C48*(IF('B&C Inputs'!J50="Y",'B&C Inputs'!G12,0))/$E48),IF($D48="Time % (Applicable only)",IF($F48=0,0,$C48*(IF('B&C Inputs'!J50="Y",'B&C Inputs'!K12,0))/$F48),0)))))) -> 0
A49: ='B&C Inputs'!A51 -> 0 | B49: ='B&C Inputs'!B51 -> 0 | C49: ='B&C Inputs'!C51 -> 0 | D49: ='B&C Inputs'!D51 -> 0 | E49: =IF($A49="","",(IF('B&C Inputs'!E51="Y",'B&C Inputs'!G7,0)+IF('B&C Inputs'!F51="Y",'B&C Inputs'!G8,0)+IF('B&C Inputs'!G51="Y",'B&C Inputs'!G9,0)+IF('B&C Inputs'!H51="Y",'B&C Inputs'!G10,0)+IF('B&C Inputs'!I51="Y",'B&C Inputs'!G11,0)+IF('B&C Inputs'!J51="Y",'B&C Inputs'!G12,0))) -> 75816 | F49: =IF($A49="","",(IF('B&C Inputs'!E51="Y",'B&C Inputs'!K7,0)+IF('B&C Inputs'!F51="Y",'B&C Inputs'!K8,0)+IF('B&C Inputs'!G51="Y",'B&C Inputs'!K9,0)+IF('B&C Inputs'!H51="Y",'B&C Inputs'!K10,0)+IF('B&C Inputs'!I51="Y",'B&C Inputs'!K11,0)+IF('B&C Inputs'!J51="Y",'B&C Inputs'!K12,0))) -> 1.15 | G49: =IF($A49="","",IF($D49="Direct $",'B&C Inputs'!K51,IF($D49="Per Bill",$C49*'B&C Inputs'!H7,IF($D49="Time %",$C49*'B&C Inputs'!K7,IF($D49="Per Bill (Applicable only)",IF($E49=0,0,$C49*(IF('B&C Inputs'!E51="Y",'B&C Inputs'!G7,0))/$E49),IF($D49="Time % (Applicable only)",IF($F49=0,0,$C49*(IF('B&C Inputs'!E51="Y",'B&C Inputs'!K7,0))/$F49),0)))))) -> 0 | H49: =IF($A49="","",IF($D49="Direct $",'B&C Inputs'!L51,IF($D49="Per Bill",$C49*'B&C Inputs'!H8,IF($D49="Time %",$C49*'B&C Inputs'!K8,IF($D49="Per Bill (Applicable only)",IF($E49=0,0,$C49*(IF('B&C Inputs'!F51="Y",'B&C Inputs'!G8,0))/$E49),IF($D49="Time % (Applicable only)",IF($F49=0,0,$C49*(IF('B&C Inputs'!F51="Y",'B&C Inputs'!K8,0))/$F49),0)))))) -> 0 | I49: =IF($A49="","",IF($D49="Direct $",'B&C Inputs'!M51,IF($D49="Per Bill",$C49*'B&C Inputs'!H9,IF($D49="Time %",$C49*'B&C Inputs'!K9,IF($D49="Per Bill (Applicable only)",IF($E49=0,0,$C49*(IF('B&C Inputs'!G51="Y",'B&C Inputs'!G9,0))/$E49),IF($D49="Time % (Applicable only)",IF($F49=0,0,$C49*(IF('B&C Inputs'!G51="Y",'B&C Inputs'!K9,0))/$F49),0)))))) -> 0 | J49: =IF($A49="","",IF($D49="Direct $",'B&C Inputs'!N51,IF($D49="Per Bill",$C49*'B&C Inputs'!H10,IF($D49="Time %",$C49*'B&C Inputs'!K10,IF($D49="Per Bill (Applicable only)",IF($E49=0,0,$C49*(IF('B&C Inputs'!H51="Y",'B&C Inputs'!G10,0))/$E49),IF($D49="Time % (Applicable only)",IF($F49=0,0,$C49*(IF('B&C Inputs'!H51="Y",'B&C Inputs'!K10,0))/$F49),0)))))) -> 0 | K49: =IF($A49="","",IF($D49="Direct $",'B&C Inputs'!O51,IF($D49="Per Bill",$C49*'B&C Inputs'!H11,IF($D49="Time %",$C49*'B&C Inputs'!K11,IF($D49="Per Bill (Applicable only)",IF($E49=0,0,$C49*(IF('B&C Inputs'!I51="Y",'B&C Inputs'!G11,0))/$E49),IF($D49="Time % (Applicable only)",IF($F49=0,0,$C49*(IF('B&C Inputs'!I51="Y",'B&C Inputs'!K11,0))/$F49),0)))))) -> 0 | L49: =IF($A49="","",IF($D49="Direct $",'B&C Inputs'!P51,IF($D49="Per Bill",$C49*'B&C Inputs'!H12,IF($D49="Time %",$C49*'B&C Inputs'!K12,IF($D49="Per Bill (Applicable only)",IF($E49=0,0,$C49*(IF('B&C Inputs'!J51="Y",'B&C Inputs'!G12,0))/$E49),IF($D49="Time % (Applicable only)",IF($F49=0,0,$C49*(IF('B&C Inputs'!J51="Y",'B&C Inputs'!K12,0))/$F49),0)))))) -> 0
A50: ='B&C Inputs'!A52 -> 0 | B50: ='B&C Inputs'!B52 -> 0 | C50: ='B&C Inputs'!C52 -> 0 | D50: ='B&C Inputs'!D52 -> 0 | E50: =IF($A50="","",(IF('B&C Inputs'!E52="Y",'B&C Inputs'!G7,0)+IF('B&C Inputs'!F52="Y",'B&C Inputs'!G8,0)+IF('B&C Inputs'!G52="Y",'B&C Inputs'!G9,0)+IF('B&C Inputs'!H52="Y",'B&C Inputs'!G10,0)+IF('B&C Inputs'!I52="Y",'B&C Inputs'!G11,0)+IF('B&C Inputs'!J52="Y",'B&C Inputs'!G12,0))) -> 75816 | F50: =IF($A50="","",(IF('B&C Inputs'!E52="Y",'B&C Inputs'!K7,0)+IF('B&C Inputs'!F52="Y",'B&C Inputs'!K8,0)+IF('B&C Inputs'!G52="Y",'B&C Inputs'!K9,0)+IF('B&C Inputs'!H52="Y",'B&C Inputs'!K10,0)+IF('B&C Inputs'!I52="Y",'B&C Inputs'!K11,0)+IF('B&C Inputs'!J52="Y",'B&C Inputs'!K12,0))) -> 1.15 | G50: =IF($A50="","",IF($D50="Direct $",'B&C Inputs'!K52,IF($D50="Per Bill",$C50*'B&C Inputs'!H7,IF($D50="Time %",$C50*'B&C Inputs'!K7,IF($D50="Per Bill (Applicable only)",IF($E50=0,0,$C50*(IF('B&C Inputs'!E52="Y",'B&C Inputs'!G7,0))/$E50),IF($D50="Time % (Applicable only)",IF($F50=0,0,$C50*(IF('B&C Inputs'!E52="Y",'B&C Inputs'!K7,0))/$F50),0)))))) -> 0 | H50: =IF($A50="","",IF($D50="Direct $",'B&C Inputs'!L52,IF($D50="Per Bill",$C50*'B&C Inputs'!H8,IF($D50="Time %",$C50*'B&C Inputs'!K8,IF($D50="Per Bill (Applicable only)",IF($E50=0,0,$C50*(IF('B&C Inputs'!F52="Y",'B&C Inputs'!G8,0))/$E50),IF($D50="Time % (Applicable only)",IF($F50=0,0,$C50*(IF('B&C Inputs'!F52="Y",'B&C Inputs'!K8,0))/$F50),0)))))) -> 0 | I50: =IF($A50="","",IF($D50="Direct $",'B&C Inputs'!M52,IF($D50="Per Bill",$C50*'B&C Inputs'!H9,IF($D50="Time %",$C50*'B&C Inputs'!K9,IF($D50="Per Bill (Applicable only)",IF($E50=0,0,$C50*(IF('B&C Inputs'!G52="Y",'B&C Inputs'!G9,0))/$E50),IF($D50="Time % (Applicable only)",IF($F50=0,0,$C50*(IF('B&C Inputs'!G52="Y",'B&C Inputs'!K9,0))/$F50),0)))))) -> 0 | J50: =IF($A50="","",IF($D50="Direct $",'B&C Inputs'!N52,IF($D50="Per Bill",$C50*'B&C Inputs'!H10,IF($D50="Time %",$C50*'B&C Inputs'!K10,IF($D50="Per Bill (Applicable only)",IF($E50=0,0,$C50*(IF('B&C Inputs'!H52="Y",'B&C Inputs'!G10,0))/$E50),IF($D50="Time % (Applicable only)",IF($F50=0,0,$C50*(IF('B&C Inputs'!H52="Y",'B&C Inputs'!K10,0))/$F50),0)))))) -> 0 | K50: =IF($A50="","",IF($D50="Direct $",'B&C Inputs'!O52,IF($D50="Per Bill",$C50*'B&C Inputs'!H11,IF($D50="Time %",$C50*'B&C Inputs'!K11,IF($D50="Per Bill (Applicable only)",IF($E50=0,0,$C50*(IF('B&C Inputs'!I52="Y",'B&C Inputs'!G11,0))/$E50),IF($D50="Time % (Applicable only)",IF($F50=0,0,$C50*(IF('B&C Inputs'!I52="Y",'B&C Inputs'!K11,0))/$F50),0)))))) -> 0 | L50: =IF($A50="","",IF($D50="Direct $",'B&C Inputs'!P52,IF($D50="Per Bill",$C50*'B&C Inputs'!H12,IF($D50="Time %",$C50*'B&C Inputs'!K12,IF($D50="Per Bill (Applicable only)",IF($E50=0,0,$C50*(IF('B&C Inputs'!J52="Y",'B&C Inputs'!G12,0))/$E50),IF($D50="Time % (Applicable only)",IF($F50=0,0,$C50*(IF('B&C Inputs'!J52="Y",'B&C Inputs'!K12,0))/$F50),0)))))) -> 0
A51: ='B&C Inputs'!A53 -> 0 | B51: ='B&C Inputs'!B53 -> 0 | C51: ='B&C Inputs'!C53 -> 0 | D51: ='B&C Inputs'!D53 -> 0 | E51: =IF($A51="","",(IF('B&C Inputs'!E53="Y",'B&C Inputs'!G7,0)+IF('B&C Inputs'!F53="Y",'B&C Inputs'!G8,0)+IF('B&C Inputs'!G53="Y",'B&C Inputs'!G9,0)+IF('B&C Inputs'!H53="Y",'B&C Inputs'!G10,0)+IF('B&C Inputs'!I53="Y",'B&C Inputs'!G11,0)+IF('B&C Inputs'!J53="Y",'B&C Inputs'!G12,0))) -> 75816 | F51: =IF($A51="","",(IF('B&C Inputs'!E53="Y",'B&C Inputs'!K7,0)+IF('B&C Inputs'!F53="Y",'B&C Inputs'!K8,0)+IF('B&C Inputs'!G53="Y",'B&C Inputs'!K9,0)+IF('B&C Inputs'!H53="Y",'B&C Inputs'!K10,0)+IF('B&C Inputs'!I53="Y",'B&C Inputs'!K11,0)+IF('B&C Inputs'!J53="Y",'B&C Inputs'!K12,0))) -> 1.15 | G51: =IF($A51="","",IF($D51="Direct $",'B&C Inputs'!K53,IF($D51="Per Bill",$C51*'B&C Inputs'!H7,IF($D51="Time %",$C51*'B&C Inputs'!K7,IF($D51="Per Bill (Applicable only)",IF($E51=0,0,$C51*(IF('B&C Inputs'!E53="Y",'B&C Inputs'!G7,0))/$E51),IF($D51="Time % (Applicable only)",IF($F51=0,0,$C51*(IF('B&C Inputs'!E53="Y",'B&C Inputs'!K7,0))/$F51),0)))))) -> 0 | H51: =IF($A51="","",IF($D51="Direct $",'B&C Inputs'!L53,IF($D51="Per Bill",$C51*'B&C Inputs'!H8,IF($D51="Time %",$C51*'B&C Inputs'!K8,IF($D51="Per Bill (Applicable only)",IF($E51=0,0,$C51*(IF('B&C Inputs'!F53="Y",'B&C Inputs'!G8,0))/$E51),IF($D51="Time % (Applicable only)",IF($F51=0,0,$C51*(IF('B&C Inputs'!F53="Y",'B&C Inputs'!K8,0))/$F51),0)))))) -> 0 | I51: =IF($A51="","",IF($D51="Direct $",'B&C Inputs'!M53,IF($D51="Per Bill",$C51*'B&C Inputs'!H9,IF($D51="Time %",$C51*'B&C Inputs'!K9,IF($D51="Per Bill (Applicable only)",IF($E51=0,0,$C51*(IF('B&C Inputs'!G53="Y",'B&C Inputs'!G9,0))/$E51),IF($D51="Time % (Applicable only)",IF($F51=0,0,$C51*(IF('B&C Inputs'!G53="Y",'B&C Inputs'!K9,0))/$F51),0)))))) -> 0 | J51: =IF($A51="","",IF($D51="Direct $",'B&C Inputs'!N53,IF($D51="Per Bill",$C51*'B&C Inputs'!H10,IF($D51="Time %",$C51*'B&C Inputs'!K10,IF($D51="Per Bill (Applicable only)",IF($E51=0,0,$C51*(IF('B&C Inputs'!H53="Y",'B&C Inputs'!G10,0))/$E51),IF($D51="Time % (Applicable only)",IF($F51=0,0,$C51*(IF('B&C Inputs'!H53="Y",'B&C Inputs'!K10,0))/$F51),0)))))) -> 0 | K51: =IF($A51="","",IF($D51="Direct $",'B&C Inputs'!O53,IF($D51="Per Bill",$C51*'B&C Inputs'!H11,IF($D51="Time %",$C51*'B&C Inputs'!K11,IF($D51="Per Bill (Applicable only)",IF($E51=0,0,$C51*(IF('B&C Inputs'!I53="Y",'B&C Inputs'!G11,0))/$E51),IF($D51="Time % (Applicable only)",IF($F51=0,0,$C51*(IF('B&C Inputs'!I53="Y",'B&C Inputs'!K11,0))/$F51),0)))))) -> 0 | L51: =IF($A51="","",IF($D51="Direct $",'B&C Inputs'!P53,IF($D51="Per Bill",$C51*'B&C Inputs'!H12,IF($D51="Time %",$C51*'B&C Inputs'!K12,IF($D51="Per Bill (Applicable only)",IF($E51=0,0,$C51*(IF('B&C Inputs'!J53="Y",'B&C Inputs'!G12,0))/$E51),IF($D51="Time % (Applicable only)",IF($F51=0,0,$C51*(IF('B&C Inputs'!J53="Y",'B&C Inputs'!K12,0))/$F51),0)))))) -> 0
A52: ='B&C Inputs'!A54 -> 0 | B52: ='B&C Inputs'!B54 -> 0 | C52: ='B&C Inputs'!C54 -> 0 | D52: ='B&C Inputs'!D54 -> 0 | E52: =IF($A52="","",(IF('B&C Inputs'!E54="Y",'B&C Inputs'!G7,0)+IF('B&C Inputs'!F54="Y",'B&C Inputs'!G8,0)+IF('B&C Inputs'!G54="Y",'B&C Inputs'!G9,0)+IF('B&C Inputs'!H54="Y",'B&C Inputs'!G10,0)+IF('B&C Inputs'!I54="Y",'B&C Inputs'!G11,0)+IF('B&C Inputs'!J54="Y",'B&C Inputs'!G12,0))) -> 75816 | F52: =IF($A52="","",(IF('B&C Inputs'!E54="Y",'B&C Inputs'!K7,0)+IF('B&C Inputs'!F54="Y",'B&C Inputs'!K8,0)+IF('B&C Inputs'!G54="Y",'B&C Inputs'!K9,0)+IF('B&C Inputs'!H54="Y",'B&C Inputs'!K10,0)+IF('B&C Inputs'!I54="Y",'B&C Inputs'!K11,0)+IF('B&C Inputs'!J54="Y",'B&C Inputs'!K12,0))) -> 1.15 | G52: =IF($A52="","",IF($D52="Direct $",'B&C Inputs'!K54,IF($D52="Per Bill",$C52*'B&C Inputs'!H7,IF($D52="Time %",$C52*'B&C Inputs'!K7,IF($D52="Per Bill (Applicable only)",IF($E52=0,0,$C52*(IF('B&C Inputs'!E54="Y",'B&C Inputs'!G7,0))/$E52),IF($D52="Time % (Applicable only)",IF($F52=0,0,$C52*(IF('B&C Inputs'!E54="Y",'B&C Inputs'!K7,0))/$F52),0)))))) -> 0 | H52: =IF($A52="","",IF($D52="Direct $",'B&C Inputs'!L54,IF($D52="Per Bill",$C52*'B&C Inputs'!H8,IF($D52="Time %",$C52*'B&C Inputs'!K8,IF($D52="Per Bill (Applicable only)",IF($E52=0,0,$C52*(IF('B&C Inputs'!F54="Y",'B&C Inputs'!G8,0))/$E52),IF($D52="Time % (Applicable only)",IF($F52=0,0,$C52*(IF('B&C Inputs'!F54="Y",'B&C Inputs'!K8,0))/$F52),0)))))) -> 0 | I52: =IF($A52="","",IF($D52="Direct $",'B&C Inputs'!M54,IF($D52="Per Bill",$C52*'B&C Inputs'!H9,IF($D52="Time %",$C52*'B&C Inputs'!K9,IF($D52="Per Bill (Applicable only)",IF($E52=0,0,$C52*(IF('B&C Inputs'!G54="Y",'B&C Inputs'!G9,0))/$E52),IF($D52="Time % (Applicable only)",IF($F52=0,0,$C52*(IF('B&C Inputs'!G54="Y",'B&C Inputs'!K9,0))/$F52),0)))))) -> 0 | J52: =IF($A52="","",IF($D52="Direct $",'B&C Inputs'!N54,IF($D52="Per Bill",$C52*'B&C Inputs'!H10,IF($D52="Time %",$C52*'B&C Inputs'!K10,IF($D52="Per Bill (Applicable only)",IF($E52=0,0,$C52*(IF('B&C Inputs'!H54="Y",'B&C Inputs'!G10,0))/$E52),IF($D52="Time % (Applicable only)",IF($F52=0,0,$C52*(IF('B&C Inputs'!H54="Y",'B&C Inputs'!K10,0))/$F52),0)))))) -> 0 | K52: =IF($A52="","",IF($D52="Direct $",'B&C Inputs'!O54,IF($D52="Per Bill",$C52*'B&C Inputs'!H11,IF($D52="Time %",$C52*'B&C Inputs'!K11,IF($D52="Per Bill (Applicable only)",IF($E52=0,0,$C52*(IF('B&C Inputs'!I54="Y",'B&C Inputs'!G11,0))/$E52),IF($D52="Time % (Applicable only)",IF($F52=0,0,$C52*(IF('B&C Inputs'!I54="Y",'B&C Inputs'!K11,0))/$F52),0)))))) -> 0 | L52: =IF($A52="","",IF($D52="Direct $",'B&C Inputs'!P54,IF($D52="Per Bill",$C52*'B&C Inputs'!H12,IF($D52="Time %",$C52*'B&C Inputs'!K12,IF($D52="Per Bill (Applicable only)",IF($E52=0,0,$C52*(IF('B&C Inputs'!J54="Y",'B&C Inputs'!G12,0))/$E52),IF($D52="Time % (Applicable only)",IF($F52=0,0,$C52*(IF('B&C Inputs'!J54="Y",'B&C Inputs'!K12,0))/$F52),0)))))) -> 0
A53: ='B&C Inputs'!A55 -> 0 | B53: ='B&C Inputs'!B55 -> 0 | C53: ='B&C Inputs'!C55 -> 0 | D53: ='B&C Inputs'!D55 -> 0 | E53: =IF($A53="","",(IF('B&C Inputs'!E55="Y",'B&C Inputs'!G7,0)+IF('B&C Inputs'!F55="Y",'B&C Inputs'!G8,0)+IF('B&C Inputs'!G55="Y",'B&C Inputs'!G9,0)+IF('B&C Inputs'!H55="Y",'B&C Inputs'!G10,0)+IF('B&C Inputs'!I55="Y",'B&C Inputs'!G11,0)+IF('B&C Inputs'!J55="Y",'B&C Inputs'!G12,0))) -> 75816 | F53: =IF($A53="","",(IF('B&C Inputs'!E55="Y",'B&C Inputs'!K7,0)+IF('B&C Inputs'!F55="Y",'B&C Inputs'!K8,0)+IF('B&C Inputs'!G55="Y",'B&C Inputs'!K9,0)+IF('B&C Inputs'!H55="Y",'B&C Inputs'!K10,0)+IF('B&C Inputs'!I55="Y",'B&C Inputs'!K11,0)+IF('B&C Inputs'!J55="Y",'B&C Inputs'!K12,0))) -> 1.15 | G53: =IF($A53="","",IF($D53="Direct $",'B&C Inputs'!K55,IF($D53="Per Bill",$C53*'B&C Inputs'!H7,IF($D53="Time %",$C53*'B&C Inputs'!K7,IF($D53="Per Bill (Applicable only)",IF($E53=0,0,$C53*(IF('B&C Inputs'!E55="Y",'B&C Inputs'!G7,0))/$E53),IF($D53="Time % (Applicable only)",IF($F53=0,0,$C53*(IF('B&C Inputs'!E55="Y",'B&C Inputs'!K7,0))/$F53),0)))))) -> 0 | H53: =IF($A53="","",IF($D53="Direct $",'B&C Inputs'!L55,IF($D53="Per Bill",$C53*'B&C Inputs'!H8,IF($D53="Time %",$C53*'B&C Inputs'!K8,IF($D53="Per Bill (Applicable only)",IF($E53=0,0,$C53*(IF('B&C Inputs'!F55="Y",'B&C Inputs'!G8,0))/$E53),IF($D53="Time % (Applicable only)",IF($F53=0,0,$C53*(IF('B&C Inputs'!F55="Y",'B&C Inputs'!K8,0))/$F53),0)))))) -> 0 | I53: =IF($A53="","",IF($D53="Direct $",'B&C Inputs'!M55,IF($D53="Per Bill",$C53*'B&C Inputs'!H9,IF($D53="Time %",$C53*'B&C Inputs'!K9,IF($D53="Per Bill (Applicable only)",IF($E53=0,0,$C53*(IF('B&C Inputs'!G55="Y",'B&C Inputs'!G9,0))/$E53),IF($D53="Time % (Applicable only)",IF($F53=0,0,$C53*(IF('B&C Inputs'!G55="Y",'B&C Inputs'!K9,0))/$F53),0)))))) -> 0 | J53: =IF($A53="","",IF($D53="Direct $",'B&C Inputs'!N55,IF($D53="Per Bill",$C53*'B&C Inputs'!H10,IF($D53="Time %",$C53*'B&C Inputs'!K10,IF($D53="Per Bill (Applicable only)",IF($E53=0,0,$C53*(IF('B&C Inputs'!H55="Y",'B&C Inputs'!G10,0))/$E53),IF($D53="Time % (Applicable only)",IF($F53=0,0,$C53*(IF('B&C Inputs'!H55="Y",'B&C Inputs'!K10,0))/$F53),0)))))) -> 0 | K53: =IF($A53="","",IF($D53="Direct $",'B&C Inputs'!O55,IF($D53="Per Bill",$C53*'B&C Inputs'!H11,IF($D53="Time %",$C53*'B&C Inputs'!K11,IF($D53="Per Bill (Applicable only)",IF($E53=0,0,$C53*(IF('B&C Inputs'!I55="Y",'B&C Inputs'!G11,0))/$E53),IF($D53="Time % (Applicable only)",IF($F53=0,0,$C53*(IF('B&C Inputs'!I55="Y",'B&C Inputs'!K11,0))/$F53),0)))))) -> 0 | L53: =IF($A53="","",IF($D53="Direct $",'B&C Inputs'!P55,IF($D53="Per Bill",$C53*'B&C Inputs'!H12,IF($D53="Time %",$C53*'B&C Inputs'!K12,IF($D53="Per Bill (Applicable only)",IF($E53=0,0,$C53*(IF('B&C Inputs'!J55="Y",'B&C Inputs'!G12,0))/$E53),IF($D53="Time % (Applicable only)",IF($F53=0,0,$C53*(IF('B&C Inputs'!J55="Y",'B&C Inputs'!K12,0))/$F53),0)))))) -> 0
A54: ='B&C Inputs'!A56 -> 0 | B54: ='B&C Inputs'!B56 -> 0 | C54: ='B&C Inputs'!C56 -> 0 | D54: ='B&C Inputs'!D56 -> 0 | E54: =IF($A54="","",(IF('B&C Inputs'!E56="Y",'B&C Inputs'!G7,0)+IF('B&C Inputs'!F56="Y",'B&C Inputs'!G8,0)+IF('B&C Inputs'!G56="Y",'B&C Inputs'!G9,0)+IF('B&C Inputs'!H56="Y",'B&C Inputs'!G10,0)+IF('B&C Inputs'!I56="Y",'B&C Inputs'!G11,0)+IF('B&C Inputs'!J56="Y",'B&C Inputs'!G12,0))) -> 75816 | F54: =IF($A54="","",(IF('B&C Inputs'!E56="Y",'B&C Inputs'!K7,0)+IF('B&C Inputs'!F56="Y",'B&C Inputs'!K8,0)+IF('B&C Inputs'!G56="Y",'B&C Inputs'!K9,0)+IF('B&C Inputs'!H56="Y",'B&C Inputs'!K10,0)+IF('B&C Inputs'!I56="Y",'B&C Inputs'!K11,0)+IF('B&C Inputs'!J56="Y",'B&C Inputs'!K12,0))) -> 1.15 | G54: =IF($A54="","",IF($D54="Direct $",'B&C Inputs'!K56,IF($D54="Per Bill",$C54*'B&C Inputs'!H7,IF($D54="Time %",$C54*'B&C Inputs'!K7,IF($D54="Per Bill (Applicable only)",IF($E54=0,0,$C54*(IF('B&C Inputs'!E56="Y",'B&C Inputs'!G7,0))/$E54),IF($D54="Time % (Applicable only)",IF($F54=0,0,$C54*(IF('B&C Inputs'!E56="Y",'B&C Inputs'!K7,0))/$F54),0)))))) -> 0 | H54: =IF($A54="","",IF($D54="Direct $",'B&C Inputs'!L56,IF($D54="Per Bill",$C54*'B&C Inputs'!H8,IF($D54="Time %",$C54*'B&C Inputs'!K8,IF($D54="Per Bill (Applicable only)",IF($E54=0,0,$C54*(IF('B&C Inputs'!F56="Y",'B&C Inputs'!G8,0))/$E54),IF($D54="Time % (Applicable only)",IF($F54=0,0,$C54*(IF('B&C Inputs'!F56="Y",'B&C Inputs'!K8,0))/$F54),0)))))) -> 0 | I54: =IF($A54="","",IF($D54="Direct $",'B&C Inputs'!M56,IF($D54="Per Bill",$C54*'B&C Inputs'!H9,IF($D54="Time %",$C54*'B&C Inputs'!K9,IF($D54="Per Bill (Applicable only)",IF($E54=0,0,$C54*(IF('B&C Inputs'!G56="Y",'B&C Inputs'!G9,0))/$E54),IF($D54="Time % (Applicable only)",IF($F54=0,0,$C54*(IF('B&C Inputs'!G56="Y",'B&C Inputs'!K9,0))/$F54),0)))))) -> 0 | J54: =IF($A54="","",IF($D54="Direct $",'B&C Inputs'!N56,IF($D54="Per Bill",$C54*'B&C Inputs'!H10,IF($D54="Time %",$C54*'B&C Inputs'!K10,IF($D54="Per Bill (Applicable only)",IF($E54=0,0,$C54*(IF('B&C Inputs'!H56="Y",'B&C Inputs'!G10,0))/$E54),IF($D54="Time % (Applicable only)",IF($F54=0,0,$C54*(IF('B&C Inputs'!H56="Y",'B&C Inputs'!K10,0))/$F54),0)))))) -> 0 | K54: =IF($A54="","",IF($D54="Direct $",'B&C Inputs'!O56,IF($D54="Per Bill",$C54*'B&C Inputs'!H11,IF($D54="Time %",$C54*'B&C Inputs'!K11,IF($D54="Per Bill (Applicable only)",IF($E54=0,0,$C54*(IF('B&C Inputs'!I56="Y",'B&C Inputs'!G11,0))/$E54),IF($D54="Time % (Applicable only)",IF($F54=0,0,$C54*(IF('B&C Inputs'!I56="Y",'B&C Inputs'!K11,0))/$F54),0)))))) -> 0 | L54: =IF($A54="","",IF($D54="Direct $",'B&C Inputs'!P56,IF($D54="Per Bill",$C54*'B&C Inputs'!H12,IF($D54="Time %",$C54*'B&C Inputs'!K12,IF($D54="Per Bill (Applicable only)",IF($E54=0,0,$C54*(IF('B&C Inputs'!J56="Y",'B&C Inputs'!G12,0))/$E54),IF($D54="Time % (Applicable only)",IF($F54=0,0,$C54*(IF('B&C Inputs'!J56="Y",'B&C Inputs'!K12,0))/$F54),0)))))) -> 0
A55: ='B&C Inputs'!A57 -> 0 | B55: ='B&C Inputs'!B57 -> 0 | C55: ='B&C Inputs'!C57 -> 0 | D55: ='B&C Inputs'!D57 -> 0 | E55: =IF($A55="","",(IF('B&C Inputs'!E57="Y",'B&C Inputs'!G7,0)+IF('B&C Inputs'!F57="Y",'B&C Inputs'!G8,0)+IF('B&C Inputs'!G57="Y",'B&C Inputs'!G9,0)+IF('B&C Inputs'!H57="Y",'B&C Inputs'!G10,0)+IF('B&C Inputs'!I57="Y",'B&C Inputs'!G11,0)+IF('B&C Inputs'!J57="Y",'B&C Inputs'!G12,0))) -> 75816 | F55: =IF($A55="","",(IF('B&C Inputs'!E57="Y",'B&C Inputs'!K7,0)+IF('B&C Inputs'!F57="Y",'B&C Inputs'!K8,0)+IF('B&C Inputs'!G57="Y",'B&C Inputs'!K9,0)+IF('B&C Inputs'!H57="Y",'B&C Inputs'!K10,0)+IF('B&C Inputs'!I57="Y",'B&C Inputs'!K11,0)+IF('B&C Inputs'!J57="Y",'B&C Inputs'!K12,0))) -> 1.15 | G55: =IF($A55="","",IF($D55="Direct $",'B&C Inputs'!K57,IF($D55="Per Bill",$C55*'B&C Inputs'!H7,IF($D55="Time %",$C55*'B&C Inputs'!K7,IF($D55="Per Bill (Applicable only)",IF($E55=0,0,$C55*(IF('B&C Inputs'!E57="Y",'B&C Inputs'!G7,0))/$E55),IF($D55="Time % (Applicable only)",IF($F55=0,0,$C55*(IF('B&C Inputs'!E57="Y",'B&C Inputs'!K7,0))/$F55),0)))))) -> 0 | H55: =IF($A55="","",IF($D55="Direct $",'B&C Inputs'!L57,IF($D55="Per Bill",$C55*'B&C Inputs'!H8,IF($D55="Time %",$C55*'B&C Inputs'!K8,IF($D55="Per Bill (Applicable only)",IF($E55=0,0,$C55*(IF('B&C Inputs'!F57="Y",'B&C Inputs'!G8,0))/$E55),IF($D55="Time % (Applicable only)",IF($F55=0,0,$C55*(IF('B&C Inputs'!F57="Y",'B&C Inputs'!K8,0))/$F55),0)))))) -> 0 | I55: =IF($A55="","",IF($D55="Direct $",'B&C Inputs'!M57,IF($D55="Per Bill",$C55*'B&C Inputs'!H9,IF($D55="Time %",$C55*'B&C Inputs'!K9,IF($D55="Per Bill (Applicable only)",IF($E55=0,0,$C55*(IF('B&C Inputs'!G57="Y",'B&C Inputs'!G9,0))/$E55),IF($D55="Time % (Applicable only)",IF($F55=0,0,$C55*(IF('B&C Inputs'!G57="Y",'B&C Inputs'!K9,0))/$F55),0)))))) -> 0 | J55: =IF($A55="","",IF($D55="Direct $",'B&C Inputs'!N57,IF($D55="Per Bill",$C55*'B&C Inputs'!H10,IF($D55="Time %",$C55*'B&C Inputs'!K10,IF($D55="Per Bill (Applicable only)",IF($E55=0,0,$C55*(IF('B&C Inputs'!H57="Y",'B&C Inputs'!G10,0))/$E55),IF($D55="Time % (Applicable only)",IF($F55=0,0,$C55*(IF('B&C Inputs'!H57="Y",'B&C Inputs'!K10,0))/$F55),0)))))) -> 0 | K55: =IF($A55="","",IF($D55="Direct $",'B&C Inputs'!O57,IF($D55="Per Bill",$C55*'B&C Inputs'!H11,IF($D55="Time %",$C55*'B&C Inputs'!K11,IF($D55="Per Bill (Applicable only)",IF($E55=0,0,$C55*(IF('B&C Inputs'!I57="Y",'B&C Inputs'!G11,0))/$E55),IF($D55="Time % (Applicable only)",IF($F55=0,0,$C55*(IF('B&C Inputs'!I57="Y",'B&C Inputs'!K11,0))/$F55),0)))))) -> 0 | L55: =IF($A55="","",IF($D55="Direct $",'B&C Inputs'!P57,IF($D55="Per Bill",$C55*'B&C Inputs'!H12,IF($D55="Time %",$C55*'B&C Inputs'!K12,IF($D55="Per Bill (Applicable only)",IF($E55=0,0,$C55*(IF('B&C Inputs'!J57="Y",'B&C Inputs'!G12,0))/$E55),IF($D55="Time % (Applicable only)",IF($F55=0,0,$C55*(IF('B&C Inputs'!J57="Y",'B&C Inputs'!K12,0))/$F55),0)))))) -> 0
A56: ='B&C Inputs'!A58 -> 0 | B56: ='B&C Inputs'!B58 -> 0 | C56: ='B&C Inputs'!C58 -> 0 | D56: ='B&C Inputs'!D58 -> 0 | E56: =IF($A56="","",(IF('B&C Inputs'!E58="Y",'B&C Inputs'!G7,0)+IF('B&C Inputs'!F58="Y",'B&C Inputs'!G8,0)+IF('B&C Inputs'!G58="Y",'B&C Inputs'!G9,0)+IF('B&C Inputs'!H58="Y",'B&C Inputs'!G10,0)+IF('B&C Inputs'!I58="Y",'B&C Inputs'!G11,0)+IF('B&C Inputs'!J58="Y",'B&C Inputs'!G12,0))) -> 75816 | F56: =IF($A56="","",(IF('B&C Inputs'!E58="Y",'B&C Inputs'!K7,0)+IF('B&C Inputs'!F58="Y",'B&C Inputs'!K8,0)+IF('B&C Inputs'!G58="Y",'B&C Inputs'!K9,0)+IF('B&C Inputs'!H58="Y",'B&C Inputs'!K10,0)+IF('B&C Inputs'!I58="Y",'B&C Inputs'!K11,0)+IF('B&C Inputs'!J58="Y",'B&C Inputs'!K12,0))) -> 1.15 | G56: =IF($A56="","",IF($D56="Direct $",'B&C Inputs'!K58,IF($D56="Per Bill",$C56*'B&C Inputs'!H7,IF($D56="Time %",$C56*'B&C Inputs'!K7,IF($D56="Per Bill (Applicable only)",IF($E56=0,0,$C56*(IF('B&C Inputs'!E58="Y",'B&C Inputs'!G7,0))/$E56),IF($D56="Time % (Applicable only)",IF($F56=0,0,$C56*(IF('B&C Inputs'!E58="Y",'B&C Inputs'!K7,0))/$F56),0)))))) -> 0 | H56: =IF($A56="","",IF($D56="Direct $",'B&C Inputs'!L58,IF($D56="Per Bill",$C56*'B&C Inputs'!H8,IF($D56="Time %",$C56*'B&C Inputs'!K8,IF($D56="Per Bill (Applicable only)",IF($E56=0,0,$C56*(IF('B&C Inputs'!F58="Y",'B&C Inputs'!G8,0))/$E56),IF($D56="Time % (Applicable only)",IF($F56=0,0,$C56*(IF('B&C Inputs'!F58="Y",'B&C Inputs'!K8,0))/$F56),0)))))) -> 0 | I56: =IF($A56="","",IF($D56="Direct $",'B&C Inputs'!M58,IF($D56="Per Bill",$C56*'B&C Inputs'!H9,IF($D56="Time %",$C56*'B&C Inputs'!K9,IF($D56="Per Bill (Applicable only)",IF($E56=0,0,$C56*(IF('B&C Inputs'!G58="Y",'B&C Inputs'!G9,0))/$E56),IF($D56="Time % (Applicable only)",IF($F56=0,0,$C56*(IF('B&C Inputs'!G58="Y",'B&C Inputs'!K9,0))/$F56),0)))))) -> 0 | J56: =IF($A56="","",IF($D56="Direct $",'B&C Inputs'!N58,IF($D56="Per Bill",$C56*'B&C Inputs'!H10,IF($D56="Time %",$C56*'B&C Inputs'!K10,IF($D56="Per Bill (Applicable only)",IF($E56=0,0,$C56*(IF('B&C Inputs'!H58="Y",'B&C Inputs'!G10,0))/$E56),IF($D56="Time % (Applicable only)",IF($F56=0,0,$C56*(IF('B&C Inputs'!H58="Y",'B&C Inputs'!K10,0))/$F56),0)))))) -> 0 | K56: =IF($A56="","",IF($D56="Direct $",'B&C Inputs'!O58,IF($D56="Per Bill",$C56*'B&C Inputs'!H11,IF($D56="Time %",$C56*'B&C Inputs'!K11,IF($D56="Per Bill (Applicable only)",IF($E56=0,0,$C56*(IF('B&C Inputs'!I58="Y",'B&C Inputs'!G11,0))/$E56),IF($D56="Time % (Applicable only)",IF($F56=0,0,$C56*(IF('B&C Inputs'!I58="Y",'B&C Inputs'!K11,0))/$F56),0)))))) -> 0 | L56: =IF($A56="","",IF($D56="Direct $",'B&C Inputs'!P58,IF($D56="Per Bill",$C56*'B&C Inputs'!H12,IF($D56="Time %",$C56*'B&C Inputs'!K12,IF($D56="Per Bill (Applicable only)",IF($E56=0,0,$C56*(IF('B&C Inputs'!J58="Y",'B&C Inputs'!G12,0))/$E56),IF($D56="Time % (Applicable only)",IF($F56=0,0,$C56*(IF('B&C Inputs'!J58="Y",'B&C Inputs'!K12,0))/$F56),0)))))) -> 0
A57: ='B&C Inputs'!A59 -> 0 | B57: ='B&C Inputs'!B59 -> 0 | C57: ='B&C Inputs'!C59 -> 0 | D57: ='B&C Inputs'!D59 -> 0 | E57: =IF($A57="","",(IF('B&C Inputs'!E59="Y",'B&C Inputs'!G7,0)+IF('B&C Inputs'!F59="Y",'B&C Inputs'!G8,0)+IF('B&C Inputs'!G59="Y",'B&C Inputs'!G9,0)+IF('B&C Inputs'!H59="Y",'B&C Inputs'!G10,0)+IF('B&C Inputs'!I59="Y",'B&C Inputs'!G11,0)+IF('B&C Inputs'!J59="Y",'B&C Inputs'!G12,0))) -> 75816 | F57: =IF($A57="","",(IF('B&C Inputs'!E59="Y",'B&C Inputs'!K7,0)+IF('B&C Inputs'!F59="Y",'B&C Inputs'!K8,0)+IF('B&C Inputs'!G59="Y",'B&C Inputs'!K9,0)+IF('B&C Inputs'!H59="Y",'B&C Inputs'!K10,0)+IF('B&C Inputs'!I59="Y",'B&C Inputs'!K11,0)+IF('B&C Inputs'!J59="Y",'B&C Inputs'!K12,0))) -> 1.15 | G57: =IF($A57="","",IF($D57="Direct $",'B&C Inputs'!K59,IF($D57="Per Bill",$C57*'B&C Inputs'!H7,IF($D57="Time %",$C57*'B&C Inputs'!K7,IF($D57="Per Bill (Applicable only)",IF($E57=0,0,$C57*(IF('B&C Inputs'!E59="Y",'B&C Inputs'!G7,0))/$E57),IF($D57="Time % (Applicable only)",IF($F57=0,0,$C57*(IF('B&C Inputs'!E59="Y",'B&C Inputs'!K7,0))/$F57),0)))))) -> 0 | H57: =IF($A57="","",IF($D57="Direct $",'B&C Inputs'!L59,IF($D57="Per Bill",$C57*'B&C Inputs'!H8,IF($D57="Time %",$C57*'B&C Inputs'!K8,IF($D57="Per Bill (Applicable only)",IF($E57=0,0,$C57*(IF('B&C Inputs'!F59="Y",'B&C Inputs'!G8,0))/$E57),IF($D57="Time % (Applicable only)",IF($F57=0,0,$C57*(IF('B&C Inputs'!F59="Y",'B&C Inputs'!K8,0))/$F57),0)))))) -> 0 | I57: =IF($A57="","",IF($D57="Direct $",'B&C Inputs'!M59,IF($D57="Per Bill",$C57*'B&C Inputs'!H9,IF($D57="Time %",$C57*'B&C Inputs'!K9,IF($D57="Per Bill (Applicable only)",IF($E57=0,0,$C57*(IF('B&C Inputs'!G59="Y",'B&C Inputs'!G9,0))/$E57),IF($D57="Time % (Applicable only)",IF($F57=0,0,$C57*(IF('B&C Inputs'!G59="Y",'B&C Inputs'!K9,0))/$F57),0)))))) -> 0 | J57: =IF($A57="","",IF($D57="Direct $",'B&C Inputs'!N59,IF($D57="Per Bill",$C57*'B&C Inputs'!H10,IF($D57="Time %",$C57*'B&C Inputs'!K10,IF($D57="Per Bill (Applicable only)",IF($E57=0,0,$C57*(IF('B&C Inputs'!H59="Y",'B&C Inputs'!G10,0))/$E57),IF($D57="Time % (Applicable only)",IF($F57=0,0,$C57*(IF('B&C Inputs'!H59="Y",'B&C Inputs'!K10,0))/$F57),0)))))) -> 0 | K57: =IF($A57="","",IF($D57="Direct $",'B&C Inputs'!O59,IF($D57="Per Bill",$C57*'B&C Inputs'!H11,IF($D57="Time %",$C57*'B&C Inputs'!K11,IF($D57="Per Bill (Applicable only)",IF($E57=0,0,$C57*(IF('B&C Inputs'!I59="Y",'B&C Inputs'!G11,0))/$E57),IF($D57="Time % (Applicable only)",IF($F57=0,0,$C57*(IF('B&C Inputs'!I59="Y",'B&C Inputs'!K11,0))/$F57),0)))))) -> 0 | L57: =IF($A57="","",IF($D57="Direct $",'B&C Inputs'!P59,IF($D57="Per Bill",$C57*'B&C Inputs'!H12,IF($D57="Time %",$C57*'B&C Inputs'!K12,IF($D57="Per Bill (Applicable only)",IF($E57=0,0,$C57*(IF('B&C Inputs'!J59="Y",'B&C Inputs'!G12,0))/$E57),IF($D57="Time % (Applicable only)",IF($F57=0,0,$C57*(IF('B&C Inputs'!J59="Y",'B&C Inputs'!K12,0))/$F57),0)))))) -> 0
A58: ='B&C Inputs'!A60 -> 0 | B58: ='B&C Inputs'!B60 -> 0 | C58: ='B&C Inputs'!C60 -> 0 | D58: ='B&C Inputs'!D60 -> 0 | E58: =IF($A58="","",(IF('B&C Inputs'!E60="Y",'B&C Inputs'!G7,0)+IF('B&C Inputs'!F60="Y",'B&C Inputs'!G8,0)+IF('B&C Inputs'!G60="Y",'B&C Inputs'!G9,0)+IF('B&C Inputs'!H60="Y",'B&C Inputs'!G10,0)+IF('B&C Inputs'!I60="Y",'B&C Inputs'!G11,0)+IF('B&C Inputs'!J60="Y",'B&C Inputs'!G12,0))) -> 75816 | F58: =IF($A58="","",(IF('B&C Inputs'!E60="Y",'B&C Inputs'!K7,0)+IF('B&C Inputs'!F60="Y",'B&C Inputs'!K8,0)+IF('B&C Inputs'!G60="Y",'B&C Inputs'!K9,0)+IF('B&C Inputs'!H60="Y",'B&C Inputs'!K10,0)+IF('B&C Inputs'!I60="Y",'B&C Inputs'!K11,0)+IF('B&C Inputs'!J60="Y",'B&C Inputs'!K12,0))) -> 1.15 | G58: =IF($A58="","",IF($D58="Direct $",'B&C Inputs'!K60,IF($D58="Per Bill",$C58*'B&C Inputs'!H7,IF($D58="Time %",$C58*'B&C Inputs'!K7,IF($D58="Per Bill (Applicable only)",IF($E58=0,0,$C58*(IF('B&C Inputs'!E60="Y",'B&C Inputs'!G7,0))/$E58),IF($D58="Time % (Applicable only)",IF($F58=0,0,$C58*(IF('B&C Inputs'!E60="Y",'B&C Inputs'!K7,0))/$F58),0)))))) -> 0 | H58: =IF($A58="","",IF($D58="Direct $",'B&C Inputs'!L60,IF($D58="Per Bill",$C58*'B&C Inputs'!H8,IF($D58="Time %",$C58*'B&C Inputs'!K8,IF($D58="Per Bill (Applicable only)",IF($E58=0,0,$C58*(IF('B&C Inputs'!F60="Y",'B&C Inputs'!G8,0))/$E58),IF($D58="Time % (Applicable only)",IF($F58=0,0,$C58*(IF('B&C Inputs'!F60="Y",'B&C Inputs'!K8,0))/$F58),0)))))) -> 0 | I58: =IF($A58="","",IF($D58="Direct $",'B&C Inputs'!M60,IF($D58="Per Bill",$C58*'B&C Inputs'!H9,IF($D58="Time %",$C58*'B&C Inputs'!K9,IF($D58="Per Bill (Applicable only)",IF($E58=0,0,$C58*(IF('B&C Inputs'!G60="Y",'B&C Inputs'!G9,0))/$E58),IF($D58="Time % (Applicable only)",IF($F58=0,0,$C58*(IF('B&C Inputs'!G60="Y",'B&C Inputs'!K9,0))/$F58),0)))))) -> 0 | J58: =IF($A58="","",IF($D58="Direct $",'B&C Inputs'!N60,IF($D58="Per Bill",$C58*'B&C Inputs'!H10,IF($D58="Time %",$C58*'B&C Inputs'!K10,IF($D58="Per Bill (Applicable only)",IF($E58=0,0,$C58*(IF('B&C Inputs'!H60="Y",'B&C Inputs'!G10,0))/$E58),IF($D58="Time % (Applicable only)",IF($F58=0,0,$C58*(IF('B&C Inputs'!H60="Y",'B&C Inputs'!K10,0))/$F58),0)))))) -> 0 | K58: =IF($A58="","",IF($D58="Direct $",'B&C Inputs'!O60,IF($D58="Per Bill",$C58*'B&C Inputs'!H11,IF($D58="Time %",$C58*'B&C Inputs'!K11,IF($D58="Per Bill (Applicable only)",IF($E58=0,0,$C58*(IF('B&C Inputs'!I60="Y",'B&C Inputs'!G11,0))/$E58),IF($D58="Time % (Applicable only)",IF($F58=0,0,$C58*(IF('B&C Inputs'!I60="Y",'B&C Inputs'!K11,0))/$F58),0)))))) -> 0 | L58: =IF($A58="","",IF($D58="Direct $",'B&C Inputs'!P60,IF($D58="Per Bill",$C58*'B&C Inputs'!H12,IF($D58="Time %",$C58*'B&C Inputs'!K12,IF($D58="Per Bill (Applicable only)",IF($E58=0,0,$C58*(IF('B&C Inputs'!J60="Y",'B&C Inputs'!G12,0))/$E58),IF($D58="Time % (Applicable only)",IF($F58=0,0,$C58*(IF('B&C Inputs'!J60="Y",'B&C Inputs'!K12,0))/$F58),0)))))) -> 0
A59: ='B&C Inputs'!A61 -> 0 | B59: ='B&C Inputs'!B61 -> 0 | C59: ='B&C Inputs'!C61 -> 0 | D59: ='B&C Inputs'!D61 -> 0 | E59: =IF($A59="","",(IF('B&C Inputs'!E61="Y",'B&C Inputs'!G7,0)+IF('B&C Inputs'!F61="Y",'B&C Inputs'!G8,0)+IF('B&C Inputs'!G61="Y",'B&C Inputs'!G9,0)+IF('B&C Inputs'!H61="Y",'B&C Inputs'!G10,0)+IF('B&C Inputs'!I61="Y",'B&C Inputs'!G11,0)+IF('B&C Inputs'!J61="Y",'B&C Inputs'!G12,0))) -> 75816 | F59: =IF($A59="","",(IF('B&C Inputs'!E61="Y",'B&C Inputs'!K7,0)+IF('B&C Inputs'!F61="Y",'B&C Inputs'!K8,0)+IF('B&C Inputs'!G61="Y",'B&C Inputs'!K9,0)+IF('B&C Inputs'!H61="Y",'B&C Inputs'!K10,0)+IF('B&C Inputs'!I61="Y",'B&C Inputs'!K11,0)+IF('B&C Inputs'!J61="Y",'B&C Inputs'!K12,0))) -> 1.15 | G59: =IF($A59="","",IF($D59="Direct $",'B&C Inputs'!K61,IF($D59="Per Bill",$C59*'B&C Inputs'!H7,IF($D59="Time %",$C59*'B&C Inputs'!K7,IF($D59="Per Bill (Applicable only)",IF($E59=0,0,$C59*(IF('B&C Inputs'!E61="Y",'B&C Inputs'!G7,0))/$E59),IF($D59="Time % (Applicable only)",IF($F59=0,0,$C59*(IF('B&C Inputs'!E61="Y",'B&C Inputs'!K7,0))/$F59),0)))))) -> 0 | H59: =IF($A59="","",IF($D59="Direct $",'B&C Inputs'!L61,IF($D59="Per Bill",$C59*'B&C Inputs'!H8,IF($D59="Time %",$C59*'B&C Inputs'!K8,IF($D59="Per Bill (Applicable only)",IF($E59=0,0,$C59*(IF('B&C Inputs'!F61="Y",'B&C Inputs'!G8,0))/$E59),IF($D59="Time % (Applicable only)",IF($F59=0,0,$C59*(IF('B&C Inputs'!F61="Y",'B&C Inputs'!K8,0))/$F59),0)))))) -> 0 | I59: =IF($A59="","",IF($D59="Direct $",'B&C Inputs'!M61,IF($D59="Per Bill",$C59*'B&C Inputs'!H9,IF($D59="Time %",$C59*'B&C Inputs'!K9,IF($D59="Per Bill (Applicable only)",IF($E59=0,0,$C59*(IF('B&C Inputs'!G61="Y",'B&C Inputs'!G9,0))/$E59),IF($D59="Time % (Applicable only)",IF($F59=0,0,$C59*(IF('B&C Inputs'!G61="Y",'B&C Inputs'!K9,0))/$F59),0)))))) -> 0 | J59: =IF($A59="","",IF($D59="Direct $",'B&C Inputs'!N61,IF($D59="Per Bill",$C59*'B&C Inputs'!H10,IF($D59="Time %",$C59*'B&C Inputs'!K10,IF($D59="Per Bill (Applicable only)",IF($E59=0,0,$C59*(IF('B&C Inputs'!H61="Y",'B&C Inputs'!G10,0))/$E59),IF($D59="Time % (Applicable only)",IF($F59=0,0,$C59*(IF('B&C Inputs'!H61="Y",'B&C Inputs'!K10,0))/$F59),0)))))) -> 0 | K59: =IF($A59="","",IF($D59="Direct $",'B&C Inputs'!O61,IF($D59="Per Bill",$C59*'B&C Inputs'!H11,IF($D59="Time %",$C59*'B&C Inputs'!K11,IF($D59="Per Bill (Applicable only)",IF($E59=0,0,$C59*(IF('B&C Inputs'!I61="Y",'B&C Inputs'!G11,0))/$E59),IF($D59="Time % (Applicable only)",IF($F59=0,0,$C59*(IF('B&C Inputs'!I61="Y",'B&C Inputs'!K11,0))/$F59),0)))))) -> 0 | L59: =IF($A59="","",IF($D59="Direct $",'B&C Inputs'!P61,IF($D59="Per Bill",$C59*'B&C Inputs'!H12,IF($D59="Time %",$C59*'B&C Inputs'!K12,IF($D59="Per Bill (Applicable only)",IF($E59=0,0,$C59*(IF('B&C Inputs'!J61="Y",'B&C Inputs'!G12,0))/$E59),IF($D59="Time % (Applicable only)",IF($F59=0,0,$C59*(IF('B&C Inputs'!J61="Y",'B&C Inputs'!K12,0))/$F59),0)))))) -> 0
A60: ='B&C Inputs'!A62 -> 0 | B60: ='B&C Inputs'!B62 -> 0 | C60: ='B&C Inputs'!C62 -> 0 | D60: ='B&C Inputs'!D62 -> 0 | E60: =IF($A60="","",(IF('B&C Inputs'!E62="Y",'B&C Inputs'!G7,0)+IF('B&C Inputs'!F62="Y",'B&C Inputs'!G8,0)+IF('B&C Inputs'!G62="Y",'B&C Inputs'!G9,0)+IF('B&C Inputs'!H62="Y",'B&C Inputs'!G10,0)+IF('B&C Inputs'!I62="Y",'B&C Inputs'!G11,0)+IF('B&C Inputs'!J62="Y",'B&C Inputs'!G12,0))) -> 75816 | F60: =IF($A60="","",(IF('B&C Inputs'!E62="Y",'B&C Inputs'!K7,0)+IF('B&C Inputs'!F62="Y",'B&C Inputs'!K8,0)+IF('B&C Inputs'!G62="Y",'B&C Inputs'!K9,0)+IF('B&C Inputs'!H62="Y",'B&C Inputs'!K10,0)+IF('B&C Inputs'!I62="Y",'B&C Inputs'!K11,0)+IF('B&C Inputs'!J62="Y",'B&C Inputs'!K12,0))) -> 1.15 | G60: =IF($A60="","",IF($D60="Direct $",'B&C Inputs'!K62,IF($D60="Per Bill",$C60*'B&C Inputs'!H7,IF($D60="Time %",$C60*'B&C Inputs'!K7,IF($D60="Per Bill (Applicable only)",IF($E60=0,0,$C60*(IF('B&C Inputs'!E62="Y",'B&C Inputs'!G7,0))/$E60),IF($D60="Time % (Applicable only)",IF($F60=0,0,$C60*(IF('B&C Inputs'!E62="Y",'B&C Inputs'!K7,0))/$F60),0)))))) -> 0 | H60: =IF($A60="","",IF($D60="Direct $",'B&C Inputs'!L62,IF($D60="Per Bill",$C60*'B&C Inputs'!H8,IF($D60="Time %",$C60*'B&C Inputs'!K8,IF($D60="Per Bill (Applicable only)",IF($E60=0,0,$C60*(IF('B&C Inputs'!F62="Y",'B&C Inputs'!G8,0))/$E60),IF($D60="Time % (Applicable only)",IF($F60=0,0,$C60*(IF('B&C Inputs'!F62="Y",'B&C Inputs'!K8,0))/$F60),0)))))) -> 0 | I60: =IF($A60="","",IF($D60="Direct $",'B&C Inputs'!M62,IF($D60="Per Bill",$C60*'B&C Inputs'!H9,IF($D60="Time %",$C60*'B&C Inputs'!K9,IF($D60="Per Bill (Applicable only)",IF($E60=0,0,$C60*(IF('B&C Inputs'!G62="Y",'B&C Inputs'!G9,0))/$E60),IF($D60="Time % (Applicable only)",IF($F60=0,0,$C60*(IF('B&C Inputs'!G62="Y",'B&C Inputs'!K9,0))/$F60),0)))))) -> 0 | J60: =IF($A60="","",IF($D60="Direct $",'B&C Inputs'!N62,IF($D60="Per Bill",$C60*'B&C Inputs'!H10,IF($D60="Time %",$C60*'B&C Inputs'!K10,IF($D60="Per Bill (Applicable only)",IF($E60=0,0,$C60*(IF('B&C Inputs'!H62="Y",'B&C Inputs'!G10,0))/$E60),IF($D60="Time % (Applicable only)",IF($F60=0,0,$C60*(IF('B&C Inputs'!H62="Y",'B&C Inputs'!K10,0))/$F60),0)))))) -> 0 | K60: =IF($A60="","",IF($D60="Direct $",'B&C Inputs'!O62,IF($D60="Per Bill",$C60*'B&C Inputs'!H11,IF($D60="Time %",$C60*'B&C Inputs'!K11,IF($D60="Per Bill (Applicable only)",IF($E60=0,0,$C60*(IF('B&C Inputs'!I62="Y",'B&C Inputs'!G11,0))/$E60),IF($D60="Time % (Applicable only)",IF($F60=0,0,$C60*(IF('B&C Inputs'!I62="Y",'B&C Inputs'!K11,0))/$F60),0)))))) -> 0 | L60: =IF($A60="","",IF($D60="Direct $",'B&C Inputs'!P62,IF($D60="Per Bill",$C60*'B&C Inputs'!H12,IF($D60="Time %",$C60*'B&C Inputs'!K12,IF($D60="Per Bill (Applicable only)",IF($E60=0,0,$C60*(IF('B&C Inputs'!J62="Y",'B&C Inputs'!G12,0))/$E60),IF($D60="Time % (Applicable only)",IF($F60=0,0,$C60*(IF('B&C Inputs'!J62="Y",'B&C Inputs'!K12,0))/$F60),0)))))) -> 0
A61: ='B&C Inputs'!A63 -> 0 | B61: ='B&C Inputs'!B63 -> 0 | C61: ='B&C Inputs'!C63 -> 0 | D61: ='B&C Inputs'!D63 -> 0 | E61: =IF($A61="","",(IF('B&C Inputs'!E63="Y",'B&C Inputs'!G7,0)+IF('B&C Inputs'!F63="Y",'B&C Inputs'!G8,0)+IF('B&C Inputs'!G63="Y",'B&C Inputs'!G9,0)+IF('B&C Inputs'!H63="Y",'B&C Inputs'!G10,0)+IF('B&C Inputs'!I63="Y",'B&C Inputs'!G11,0)+IF('B&C Inputs'!J63="Y",'B&C Inputs'!G12,0))) -> 75816 | F61: =IF($A61="","",(IF('B&C Inputs'!E63="Y",'B&C Inputs'!K7,0)+IF('B&C Inputs'!F63="Y",'B&C Inputs'!K8,0)+IF('B&C Inputs'!G63="Y",'B&C Inputs'!K9,0)+IF('B&C Inputs'!H63="Y",'B&C Inputs'!K10,0)+IF('B&C Inputs'!I63="Y",'B&C Inputs'!K11,0)+IF('B&C Inputs'!J63="Y",'B&C Inputs'!K12,0))) -> 1.15 | G61: =IF($A61="","",IF($D61="Direct $",'B&C Inputs'!K63,IF($D61="Per Bill",$C61*'B&C Inputs'!H7,IF($D61="Time %",$C61*'B&C Inputs'!K7,IF($D61="Per Bill (Applicable only)",IF($E61=0,0,$C61*(IF('B&C Inputs'!E63="Y",'B&C Inputs'!G7,0))/$E61),IF($D61="Time % (Applicable only)",IF($F61=0,0,$C61*(IF('B&C Inputs'!E63="Y",'B&C Inputs'!K7,0))/$F61),0)))))) -> 0 | H61: =IF($A61="","",IF($D61="Direct $",'B&C Inputs'!L63,IF($D61="Per Bill",$C61*'B&C Inputs'!H8,IF($D61="Time %",$C61*'B&C Inputs'!K8,IF($D61="Per Bill (Applicable only)",IF($E61=0,0,$C61*(IF('B&C Inputs'!F63="Y",'B&C Inputs'!G8,0))/$E61),IF($D61="Time % (Applicable only)",IF($F61=0,0,$C61*(IF('B&C Inputs'!F63="Y",'B&C Inputs'!K8,0))/$F61),0)))))) -> 0 | I61: =IF($A61="","",IF($D61="Direct $",'B&C Inputs'!M63,IF($D61="Per Bill",$C61*'B&C Inputs'!H9,IF($D61="Time %",$C61*'B&C Inputs'!K9,IF($D61="Per Bill (Applicable only)",IF($E61=0,0,$C61*(IF('B&C Inputs'!G63="Y",'B&C Inputs'!G9,0))/$E61),IF($D61="Time % (Applicable only)",IF($F61=0,0,$C61*(IF('B&C Inputs'!G63="Y",'B&C Inputs'!K9,0))/$F61),0)))))) -> 0 | J61: =IF($A61="","",IF($D61="Direct $",'B&C Inputs'!N63,IF($D61="Per Bill",$C61*'B&C Inputs'!H10,IF($D61="Time %",$C61*'B&C Inputs'!K10,IF($D61="Per Bill (Applicable only)",IF($E61=0,0,$C61*(IF('B&C Inputs'!H63="Y",'B&C Inputs'!G10,0))/$E61),IF($D61="Time % (Applicable only)",IF($F61=0,0,$C61*(IF('B&C Inputs'!H63="Y",'B&C Inputs'!K10,0))/$F61),0)))))) -> 0 | K61: =IF($A61="","",IF($D61="Direct $",'B&C Inputs'!O63,IF($D61="Per Bill",$C61*'B&C Inputs'!H11,IF($D61="Time %",$C61*'B&C Inputs'!K11,IF($D61="Per Bill (Applicable only)",IF($E61=0,0,$C61*(IF('B&C Inputs'!I63="Y",'B&C Inputs'!G11,0))/$E61),IF($D61="Time % (Applicable only)",IF($F61=0,0,$C61*(IF('B&C Inputs'!I63="Y",'B&C Inputs'!K11,0))/$F61),0)))))) -> 0 | L61: =IF($A61="","",IF($D61="Direct $",'B&C Inputs'!P63,IF($D61="Per Bill",$C61*'B&C Inputs'!H12,IF($D61="Time %",$C61*'B&C Inputs'!K12,IF($D61="Per Bill (Applicable only)",IF($E61=0,0,$C61*(IF('B&C Inputs'!J63="Y",'B&C Inputs'!G12,0))/$E61),IF($D61="Time % (Applicable only)",IF($F61=0,0,$C61*(IF('B&C Inputs'!J63="Y",'B&C Inputs'!K12,0))/$F61),0)))))) -> 0
A62: ='B&C Inputs'!A64 -> 0 | B62: ='B&C Inputs'!B64 -> 0 | C62: ='B&C Inputs'!C64 -> 0 | D62: ='B&C Inputs'!D64 -> 0 | E62: =IF($A62="","",(IF('B&C Inputs'!E64="Y",'B&C Inputs'!G7,0)+IF('B&C Inputs'!F64="Y",'B&C Inputs'!G8,0)+IF('B&C Inputs'!G64="Y",'B&C Inputs'!G9,0)+IF('B&C Inputs'!H64="Y",'B&C Inputs'!G10,0)+IF('B&C Inputs'!I64="Y",'B&C Inputs'!G11,0)+IF('B&C Inputs'!J64="Y",'B&C Inputs'!G12,0))) -> 75816 | F62: =IF($A62="","",(IF('B&C Inputs'!E64="Y",'B&C Inputs'!K7,0)+IF('B&C Inputs'!F64="Y",'B&C Inputs'!K8,0)+IF('B&C Inputs'!G64="Y",'B&C Inputs'!K9,0)+IF('B&C Inputs'!H64="Y",'B&C Inputs'!K10,0)+IF('B&C Inputs'!I64="Y",'B&C Inputs'!K11,0)+IF('B&C Inputs'!J64="Y",'B&C Inputs'!K12,0))) -> 1.15 | G62: =IF($A62="","",IF($D62="Direct $",'B&C Inputs'!K64,IF($D62="Per Bill",$C62*'B&C Inputs'!H7,IF($D62="Time %",$C62*'B&C Inputs'!K7,IF($D62="Per Bill (Applicable only)",IF($E62=0,0,$C62*(IF('B&C Inputs'!E64="Y",'B&C Inputs'!G7,0))/$E62),IF($D62="Time % (Applicable only)",IF($F62=0,0,$C62*(IF('B&C Inputs'!E64="Y",'B&C Inputs'!K7,0))/$F62),0)))))) -> 0 | H62: =IF($A62="","",IF($D62="Direct $",'B&C Inputs'!L64,IF($D62="Per Bill",$C62*'B&C Inputs'!H8,IF($D62="Time %",$C62*'B&C Inputs'!K8,IF($D62="Per Bill (Applicable only)",IF($E62=0,0,$C62*(IF('B&C Inputs'!F64="Y",'B&C Inputs'!G8,0))/$E62),IF($D62="Time % (Applicable only)",IF($F62=0,0,$C62*(IF('B&C Inputs'!F64="Y",'B&C Inputs'!K8,0))/$F62),0)))))) -> 0 | I62: =IF($A62="","",IF($D62="Direct $",'B&C Inputs'!M64,IF($D62="Per Bill",$C62*'B&C Inputs'!H9,IF($D62="Time %",$C62*'B&C Inputs'!K9,IF($D62="Per Bill (Applicable only)",IF($E62=0,0,$C62*(IF('B&C Inputs'!G64="Y",'B&C Inputs'!G9,0))/$E62),IF($D62="Time % (Applicable only)",IF($F62=0,0,$C62*(IF('B&C Inputs'!G64="Y",'B&C Inputs'!K9,0))/$F62),0)))))) -> 0 | J62: =IF($A62="","",IF($D62="Direct $",'B&C Inputs'!N64,IF($D62="Per Bill",$C62*'B&C Inputs'!H10,IF($D62="Time %",$C62*'B&C Inputs'!K10,IF($D62="Per Bill (Applicable only)",IF($E62=0,0,$C62*(IF('B&C Inputs'!H64="Y",'B&C Inputs'!G10,0))/$E62),IF($D62="Time % (Applicable only)",IF($F62=0,0,$C62*(IF('B&C Inputs'!H64="Y",'B&C Inputs'!K10,0))/$F62),0)))))) -> 0 | K62: =IF($A62="","",IF($D62="Direct $",'B&C Inputs'!O64,IF($D62="Per Bill",$C62*'B&C Inputs'!H11,IF($D62="Time %",$C62*'B&C Inputs'!K11,IF($D62="Per Bill (Applicable only)",IF($E62=0,0,$C62*(IF('B&C Inputs'!I64="Y",'B&C Inputs'!G11,0))/$E62),IF($D62="Time % (Applicable only)",IF($F62=0,0,$C62*(IF('B&C Inputs'!I64="Y",'B&C Inputs'!K11,0))/$F62),0)))))) -> 0 | L62: =IF($A62="","",IF($D62="Direct $",'B&C Inputs'!P64,IF($D62="Per Bill",$C62*'B&C Inputs'!H12,IF($D62="Time %",$C62*'B&C Inputs'!K12,IF($D62="Per Bill (Applicable only)",IF($E62=0,0,$C62*(IF('B&C Inputs'!J64="Y",'B&C Inputs'!G12,0))/$E62),IF($D62="Time % (Applicable only)",IF($F62=0,0,$C62*(IF('B&C Inputs'!J64="Y",'B&C Inputs'!K12,0))/$F62),0)))))) -> 0
A63: ='B&C Inputs'!A65 -> 0 | B63: ='B&C Inputs'!B65 -> 0 | C63: ='B&C Inputs'!C65 -> 0 | D63: ='B&C Inputs'!D65 -> 0 | E63: =IF($A63="","",(IF('B&C Inputs'!E65="Y",'B&C Inputs'!G7,0)+IF('B&C Inputs'!F65="Y",'B&C Inputs'!G8,0)+IF('B&C Inputs'!G65="Y",'B&C Inputs'!G9,0)+IF('B&C Inputs'!H65="Y",'B&C Inputs'!G10,0)+IF('B&C Inputs'!I65="Y",'B&C Inputs'!G11,0)+IF('B&C Inputs'!J65="Y",'B&C Inputs'!G12,0))) -> 75816 | F63: =IF($A63="","",(IF('B&C Inputs'!E65="Y",'B&C Inputs'!K7,0)+IF('B&C Inputs'!F65="Y",'B&C Inputs'!K8,0)+IF('B&C Inputs'!G65="Y",'B&C Inputs'!K9,0)+IF('B&C Inputs'!H65="Y",'B&C Inputs'!K10,0)+IF('B&C Inputs'!I65="Y",'B&C Inputs'!K11,0)+IF('B&C Inputs'!J65="Y",'B&C Inputs'!K12,0))) -> 1.15 | G63: =IF($A63="","",IF($D63="Direct $",'B&C Inputs'!K65,IF($D63="Per Bill",$C63*'B&C Inputs'!H7,IF($D63="Time %",$C63*'B&C Inputs'!K7,IF($D63="Per Bill (Applicable only)",IF($E63=0,0,$C63*(IF('B&C Inputs'!E65="Y",'B&C Inputs'!G7,0))/$E63),IF($D63="Time % (Applicable only)",IF($F63=0,0,$C63*(IF('B&C Inputs'!E65="Y",'B&C Inputs'!K7,0))/$F63),0)))))) -> 0 | H63: =IF($A63="","",IF($D63="Direct $",'B&C Inputs'!L65,IF($D63="Per Bill",$C63*'B&C Inputs'!H8,IF($D63="Time %",$C63*'B&C Inputs'!K8,IF($D63="Per Bill (Applicable only)",IF($E63=0,0,$C63*(IF('B&C Inputs'!F65="Y",'B&C Inputs'!G8,0))/$E63),IF($D63="Time % (Applicable only)",IF($F63=0,0,$C63*(IF('B&C Inputs'!F65="Y",'B&C Inputs'!K8,0))/$F63),0)))))) -> 0 | I63: =IF($A63="","",IF($D63="Direct $",'B&C Inputs'!M65,IF($D63="Per Bill",$C63*'B&C Inputs'!H9,IF($D63="Time %",$C63*'B&C Inputs'!K9,IF($D63="Per Bill (Applicable only)",IF($E63=0,0,$C63*(IF('B&C Inputs'!G65="Y",'B&C Inputs'!G9,0))/$E63),IF($D63="Time % (Applicable only)",IF($F63=0,0,$C63*(IF('B&C Inputs'!G65="Y",'B&C Inputs'!K9,0))/$F63),0)))))) -> 0 | J63: =IF($A63="","",IF($D63="Direct $",'B&C Inputs'!N65,IF($D63="Per Bill",$C63*'B&C Inputs'!H10,IF($D63="Time %",$C63*'B&C Inputs'!K10,IF($D63="Per Bill (Applicable only)",IF($E63=0,0,$C63*(IF('B&C Inputs'!H65="Y",'B&C Inputs'!G10,0))/$E63),IF($D63="Time % (Applicable only)",IF($F63=0,0,$C63*(IF('B&C Inputs'!H65="Y",'B&C Inputs'!K10,0))/$F63),0)))))) -> 0 | K63: =IF($A63="","",IF($D63="Direct $",'B&C Inputs'!O65,IF($D63="Per Bill",$C63*'B&C Inputs'!H11,IF($D63="Time %",$C63*'B&C Inputs'!K11,IF($D63="Per Bill (Applicable only)",IF($E63=0,0,$C63*(IF('B&C Inputs'!I65="Y",'B&C Inputs'!G11,0))/$E63),IF($D63="Time % (Applicable only)",IF($F63=0,0,$C63*(IF('B&C Inputs'!I65="Y",'B&C Inputs'!K11,0))/$F63),0)))))) -> 0 | L63: =IF($A63="","",IF($D63="Direct $",'B&C Inputs'!P65,IF($D63="Per Bill",$C63*'B&C Inputs'!H12,IF($D63="Time %",$C63*'B&C Inputs'!K12,IF($D63="Per Bill (Applicable only)",IF($E63=0,0,$C63*(IF('B&C Inputs'!J65="Y",'B&C Inputs'!G12,0))/$E63),IF($D63="Time % (Applicable only)",IF($F63=0,0,$C63*(IF('B&C Inputs'!J65="Y",'B&C Inputs'!K12,0))/$F63),0)))))) -> 0
A64: ='B&C Inputs'!A66 -> 0 | B64: ='B&C Inputs'!B66 -> 0 | C64: ='B&C Inputs'!C66 -> 0 | D64: ='B&C Inputs'!D66 -> 0 | E64: =IF($A64="","",(IF('B&C Inputs'!E66="Y",'B&C Inputs'!G7,0)+IF('B&C Inputs'!F66="Y",'B&C Inputs'!G8,0)+IF('B&C Inputs'!G66="Y",'B&C Inputs'!G9,0)+IF('B&C Inputs'!H66="Y",'B&C Inputs'!G10,0)+IF('B&C Inputs'!I66="Y",'B&C Inputs'!G11,0)+IF('B&C Inputs'!J66="Y",'B&C Inputs'!G12,0))) -> 75816 | F64: =IF($A64="","",(IF('B&C Inputs'!E66="Y",'B&C Inputs'!K7,0)+IF('B&C Inputs'!F66="Y",'B&C Inputs'!K8,0)+IF('B&C Inputs'!G66="Y",'B&C Inputs'!K9,0)+IF('B&C Inputs'!H66="Y",'B&C Inputs'!K10,0)+IF('B&C Inputs'!I66="Y",'B&C Inputs'!K11,0)+IF('B&C Inputs'!J66="Y",'B&C Inputs'!K12,0))) -> 1.15 | G64: =IF($A64="","",IF($D64="Direct $",'B&C Inputs'!K66,IF($D64="Per Bill",$C64*'B&C Inputs'!H7,IF($D64="Time %",$C64*'B&C Inputs'!K7,IF($D64="Per Bill (Applicable only)",IF($E64=0,0,$C64*(IF('B&C Inputs'!E66="Y",'B&C Inputs'!G7,0))/$E64),IF($D64="Time % (Applicable only)",IF($F64=0,0,$C64*(IF('B&C Inputs'!E66="Y",'B&C Inputs'!K7,0))/$F64),0)))))) -> 0 | H64: =IF($A64="","",IF($D64="Direct $",'B&C Inputs'!L66,IF($D64="Per Bill",$C64*'B&C Inputs'!H8,IF($D64="Time %",$C64*'B&C Inputs'!K8,IF($D64="Per Bill (Applicable only)",IF($E64=0,0,$C64*(IF('B&C Inputs'!F66="Y",'B&C Inputs'!G8,0))/$E64),IF($D64="Time % (Applicable only)",IF($F64=0,0,$C64*(IF('B&C Inputs'!F66="Y",'B&C Inputs'!K8,0))/$F64),0)))))) -> 0 | I64: =IF($A64="","",IF($D64="Direct $",'B&C Inputs'!M66,IF($D64="Per Bill",$C64*'B&C Inputs'!H9,IF($D64="Time %",$C64*'B&C Inputs'!K9,IF($D64="Per Bill (Applicable only)",IF($E64=0,0,$C64*(IF('B&C Inputs'!G66="Y",'B&C Inputs'!G9,0))/$E64),IF($D64="Time % (Applicable only)",IF($F64=0,0,$C64*(IF('B&C Inputs'!G66="Y",'B&C Inputs'!K9,0))/$F64),0)))))) -> 0 | J64: =IF($A64="","",IF($D64="Direct $",'B&C Inputs'!N66,IF($D64="Per Bill",$C64*'B&C Inputs'!H10,IF($D64="Time %",$C64*'B&C Inputs'!K10,IF($D64="Per Bill (Applicable only)",IF($E64=0,0,$C64*(IF('B&C Inputs'!H66="Y",'B&C Inputs'!G10,0))/$E64),IF($D64="Time % (Applicable only)",IF($F64=0,0,$C64*(IF('B&C Inputs'!H66="Y",'B&C Inputs'!K10,0))/$F64),0)))))) -> 0 | K64: =IF($A64="","",IF($D64="Direct $",'B&C Inputs'!O66,IF($D64="Per Bill",$C64*'B&C Inputs'!H11,IF($D64="Time %",$C64*'B&C Inputs'!K11,IF($D64="Per Bill (Applicable only)",IF($E64=0,0,$C64*(IF('B&C Inputs'!I66="Y",'B&C Inputs'!G11,0))/$E64),IF($D64="Time % (Applicable only)",IF($F64=0,0,$C64*(IF('B&C Inputs'!I66="Y",'B&C Inputs'!K11,0))/$F64),0)))))) -> 0 | L64: =IF($A64="","",IF($D64="Direct $",'B&C Inputs'!P66,IF($D64="Per Bill",$C64*'B&C Inputs'!H12,IF($D64="Time %",$C64*'B&C Inputs'!K12,IF($D64="Per Bill (Applicable only)",IF($E64=0,0,$C64*(IF('B&C Inputs'!J66="Y",'B&C Inputs'!G12,0))/$E64),IF($D64="Time % (Applicable only)",IF($F64=0,0,$C64*(IF('B&C Inputs'!J66="Y",'B&C Inputs'!K12,0))/$F64),0)))))) -> 0
A65: ='B&C Inputs'!A67 -> 0 | B65: ='B&C Inputs'!B67 -> 0 | C65: ='B&C Inputs'!C67 -> 0 | D65: ='B&C Inputs'!D67 -> 0 | E65: =IF($A65="","",(IF('B&C Inputs'!E67="Y",'B&C Inputs'!G7,0)+IF('B&C Inputs'!F67="Y",'B&C Inputs'!G8,0)+IF('B&C Inputs'!G67="Y",'B&C Inputs'!G9,0)+IF('B&C Inputs'!H67="Y",'B&C Inputs'!G10,0)+IF('B&C Inputs'!I67="Y",'B&C Inputs'!G11,0)+IF('B&C Inputs'!J67="Y",'B&C Inputs'!G12,0))) -> 75816 | F65: =IF($A65="","",(IF('B&C Inputs'!E67="Y",'B&C Inputs'!K7,0)+IF('B&C Inputs'!F67="Y",'B&C Inputs'!K8,0)+IF('B&C Inputs'!G67="Y",'B&C Inputs'!K9,0)+IF('B&C Inputs'!H67="Y",'B&C Inputs'!K10,0)+IF('B&C Inputs'!I67="Y",'B&C Inputs'!K11,0)+IF('B&C Inputs'!J67="Y",'B&C Inputs'!K12,0))) -> 1.15 | G65: =IF($A65="","",IF($D65="Direct $",'B&C Inputs'!K67,IF($D65="Per Bill",$C65*'B&C Inputs'!H7,IF($D65="Time %",$C65*'B&C Inputs'!K7,IF($D65="Per Bill (Applicable only)",IF($E65=0,0,$C65*(IF('B&C Inputs'!E67="Y",'B&C Inputs'!G7,0))/$E65),IF($D65="Time % (Applicable only)",IF($F65=0,0,$C65*(IF('B&C Inputs'!E67="Y",'B&C Inputs'!K7,0))/$F65),0)))))) -> 0 | H65: =IF($A65="","",IF($D65="Direct $",'B&C Inputs'!L67,IF($D65="Per Bill",$C65*'B&C Inputs'!H8,IF($D65="Time %",$C65*'B&C Inputs'!K8,IF($D65="Per Bill (Applicable only)",IF($E65=0,0,$C65*(IF('B&C Inputs'!F67="Y",'B&C Inputs'!G8,0))/$E65),IF($D65="Time % (Applicable only)",IF($F65=0,0,$C65*(IF('B&C Inputs'!F67="Y",'B&C Inputs'!K8,0))/$F65),0)))))) -> 0 | I65: =IF($A65="","",IF($D65="Direct $",'B&C Inputs'!M67,IF($D65="Per Bill",$C65*'B&C Inputs'!H9,IF($D65="Time %",$C65*'B&C Inputs'!K9,IF($D65="Per Bill (Applicable only)",IF($E65=0,0,$C65*(IF('B&C Inputs'!G67="Y",'B&C Inputs'!G9,0))/$E65),IF($D65="Time % (Applicable only)",IF($F65=0,0,$C65*(IF('B&C Inputs'!G67="Y",'B&C Inputs'!K9,0))/$F65),0)))))) -> 0 | J65: =IF($A65="","",IF($D65="Direct $",'B&C Inputs'!N67,IF($D65="Per Bill",$C65*'B&C Inputs'!H10,IF($D65="Time %",$C65*'B&C Inputs'!K10,IF($D65="Per Bill (Applicable only)",IF($E65=0,0,$C65*(IF('B&C Inputs'!H67="Y",'B&C Inputs'!G10,0))/$E65),IF($D65="Time % (Applicable only)",IF($F65=0,0,$C65*(IF('B&C Inputs'!H67="Y",'B&C Inputs'!K10,0))/$F65),0)))))) -> 0 | K65: =IF($A65="","",IF($D65="Direct $",'B&C Inputs'!O67,IF($D65="Per Bill",$C65*'B&C Inputs'!H11,IF($D65="Time %",$C65*'B&C Inputs'!K11,IF($D65="Per Bill (Applicable only)",IF($E65=0,0,$C65*(IF('B&C Inputs'!I67="Y",'B&C Inputs'!G11,0))/$E65),IF($D65="Time % (Applicable only)",IF($F65=0,0,$C65*(IF('B&C Inputs'!I67="Y",'B&C Inputs'!K11,0))/$F65),0)))))) -> 0 | L65: =IF($A65="","",IF($D65="Direct $",'B&C Inputs'!P67,IF($D65="Per Bill",$C65*'B&C Inputs'!H12,IF($D65="Time %",$C65*'B&C Inputs'!K12,IF($D65="Per Bill (Applicable only)",IF($E65=0,0,$C65*(IF('B&C Inputs'!J67="Y",'B&C Inputs'!G12,0))/$E65),IF($D65="Time % (Applicable only)",IF($F65=0,0,$C65*(IF('B&C Inputs'!J67="Y",'B&C Inputs'!K12,0))/$F65),0)))))) -> 0
A66: ='B&C Inputs'!A68 -> 0 | B66: ='B&C Inputs'!B68 -> 0 | C66: ='B&C Inputs'!C68 -> 0 | D66: ='B&C Inputs'!D68 -> 0 | E66: =IF($A66="","",(IF('B&C Inputs'!E68="Y",'B&C Inputs'!G7,0)+IF('B&C Inputs'!F68="Y",'B&C Inputs'!G8,0)+IF('B&C Inputs'!G68="Y",'B&C Inputs'!G9,0)+IF('B&C Inputs'!H68="Y",'B&C Inputs'!G10,0)+IF('B&C Inputs'!I68="Y",'B&C Inputs'!G11,0)+IF('B&C Inputs'!J68="Y",'B&C Inputs'!G12,0))) -> 75816 | F66: =IF($A66="","",(IF('B&C Inputs'!E68="Y",'B&C Inputs'!K7,0)+IF('B&C Inputs'!F68="Y",'B&C Inputs'!K8,0)+IF('B&C Inputs'!G68="Y",'B&C Inputs'!K9,0)+IF('B&C Inputs'!H68="Y",'B&C Inputs'!K10,0)+IF('B&C Inputs'!I68="Y",'B&C Inputs'!K11,0)+IF('B&C Inputs'!J68="Y",'B&C Inputs'!K12,0))) -> 1.15 | G66: =IF($A66="","",IF($D66="Direct $",'B&C Inputs'!K68,IF($D66="Per Bill",$C66*'B&C Inputs'!H7,IF($D66="Time %",$C66*'B&C Inputs'!K7,IF($D66="Per Bill (Applicable only)",IF($E66=0,0,$C66*(IF('B&C Inputs'!E68="Y",'B&C Inputs'!G7,0))/$E66),IF($D66="Time % (Applicable only)",IF($F66=0,0,$C66*(IF('B&C Inputs'!E68="Y",'B&C Inputs'!K7,0))/$F66),0)))))) -> 0 | H66: =IF($A66="","",IF($D66="Direct $",'B&C Inputs'!L68,IF($D66="Per Bill",$C66*'B&C Inputs'!H8,IF($D66="Time %",$C66*'B&C Inputs'!K8,IF($D66="Per Bill (Applicable only)",IF($E66=0,0,$C66*(IF('B&C Inputs'!F68="Y",'B&C Inputs'!G8,0))/$E66),IF($D66="Time % (Applicable only)",IF($F66=0,0,$C66*(IF('B&C Inputs'!F68="Y",'B&C Inputs'!K8,0))/$F66),0)))))) -> 0 | I66: =IF($A66="","",IF($D66="Direct $",'B&C Inputs'!M68,IF($D66="Per Bill",$C66*'B&C Inputs'!H9,IF($D66="Time %",$C66*'B&C Inputs'!K9,IF($D66="Per Bill (Applicable only)",IF($E66=0,0,$C66*(IF('B&C Inputs'!G68="Y",'B&C Inputs'!G9,0))/$E66),IF($D66="Time % (Applicable only)",IF($F66=0,0,$C66*(IF('B&C Inputs'!G68="Y",'B&C Inputs'!K9,0))/$F66),0)))))) -> 0 | J66: =IF($A66="","",IF($D66="Direct $",'B&C Inputs'!N68,IF($D66="Per Bill",$C66*'B&C Inputs'!H10,IF($D66="Time %",$C66*'B&C Inputs'!K10,IF($D66="Per Bill (Applicable only)",IF($E66=0,0,$C66*(IF('B&C Inputs'!H68="Y",'B&C Inputs'!G10,0))/$E66),IF($D66="Time % (Applicable only)",IF($F66=0,0,$C66*(IF('B&C Inputs'!H68="Y",'B&C Inputs'!K10,0))/$F66),0)))))) -> 0 | K66: =IF($A66="","",IF($D66="Direct $",'B&C Inputs'!O68,IF($D66="Per Bill",$C66*'B&C Inputs'!H11,IF($D66="Time %",$C66*'B&C Inputs'!K11,IF($D66="Per Bill (Applicable only)",IF($E66=0,0,$C66*(IF('B&C Inputs'!I68="Y",'B&C Inputs'!G11,0))/$E66),IF($D66="Time % (Applicable only)",IF($F66=0,0,$C66*(IF('B&C Inputs'!I68="Y",'B&C Inputs'!K11,0))/$F66),0)))))) -> 0 | L66: =IF($A66="","",IF($D66="Direct $",'B&C Inputs'!P68,IF($D66="Per Bill",$C66*'B&C Inputs'!H12,IF($D66="Time %",$C66*'B&C Inputs'!K12,IF($D66="Per Bill (Applicable only)",IF($E66=0,0,$C66*(IF('B&C Inputs'!J68="Y",'B&C Inputs'!G12,0))/$E66),IF($D66="Time % (Applicable only)",IF($F66=0,0,$C66*(IF('B&C Inputs'!J68="Y",'B&C Inputs'!K12,0))/$F66),0)))))) -> 0
A67: ='B&C Inputs'!A69 -> 0 | B67: ='B&C Inputs'!B69 -> 0 | C67: ='B&C Inputs'!C69 -> 0 | D67: ='B&C Inputs'!D69 -> 0 | E67: =IF($A67="","",(IF('B&C Inputs'!E69="Y",'B&C Inputs'!G7,0)+IF('B&C Inputs'!F69="Y",'B&C Inputs'!G8,0)+IF('B&C Inputs'!G69="Y",'B&C Inputs'!G9,0)+IF('B&C Inputs'!H69="Y",'B&C Inputs'!G10,0)+IF('B&C Inputs'!I69="Y",'B&C Inputs'!G11,0)+IF('B&C Inputs'!J69="Y",'B&C Inputs'!G12,0))) -> 75816 | F67: =IF($A67="","",(IF('B&C Inputs'!E69="Y",'B&C Inputs'!K7,0)+IF('B&C Inputs'!F69="Y",'B&C Inputs'!K8,0)+IF('B&C Inputs'!G69="Y",'B&C Inputs'!K9,0)+IF('B&C Inputs'!H69="Y",'B&C Inputs'!K10,0)+IF('B&C Inputs'!I69="Y",'B&C Inputs'!K11,0)+IF('B&C Inputs'!J69="Y",'B&C Inputs'!K12,0))) -> 1.15 | G67: =IF($A67="","",IF($D67="Direct $",'B&C Inputs'!K69,IF($D67="Per Bill",$C67*'B&C Inputs'!H7,IF($D67="Time %",$C67*'B&C Inputs'!K7,IF($D67="Per Bill (Applicable only)",IF($E67=0,0,$C67*(IF('B&C Inputs'!E69="Y",'B&C Inputs'!G7,0))/$E67),IF($D67="Time % (Applicable only)",IF($F67=0,0,$C67*(IF('B&C Inputs'!E69="Y",'B&C Inputs'!K7,0))/$F67),0)))))) -> 0 | H67: =IF($A67="","",IF($D67="Direct $",'B&C Inputs'!L69,IF($D67="Per Bill",$C67*'B&C Inputs'!H8,IF($D67="Time %",$C67*'B&C Inputs'!K8,IF($D67="Per Bill (Applicable only)",IF($E67=0,0,$C67*(IF('B&C Inputs'!F69="Y",'B&C Inputs'!G8,0))/$E67),IF($D67="Time % (Applicable only)",IF($F67=0,0,$C67*(IF('B&C Inputs'!F69="Y",'B&C Inputs'!K8,0))/$F67),0)))))) -> 0 | I67: =IF($A67="","",IF($D67="Direct $",'B&C Inputs'!M69,IF($D67="Per Bill",$C67*'B&C Inputs'!H9,IF($D67="Time %",$C67*'B&C Inputs'!K9,IF($D67="Per Bill (Applicable only)",IF($E67=0,0,$C67*(IF('B&C Inputs'!G69="Y",'B&C Inputs'!G9,0))/$E67),IF($D67="Time % (Applicable only)",IF($F67=0,0,$C67*(IF('B&C Inputs'!G69="Y",'B&C Inputs'!K9,0))/$F67),0)))))) -> 0 | J67: =IF($A67="","",IF($D67="Direct $",'B&C Inputs'!N69,IF($D67="Per Bill",$C67*'B&C Inputs'!H10,IF($D67="Time %",$C67*'B&C Inputs'!K10,IF($D67="Per Bill (Applicable only)",IF($E67=0,0,$C67*(IF('B&C Inputs'!H69="Y",'B&C Inputs'!G10,0))/$E67),IF($D67="Time % (Applicable only)",IF($F67=0,0,$C67*(IF('B&C Inputs'!H69="Y",'B&C Inputs'!K10,0))/$F67),0)))))) -> 0 | K67: =IF($A67="","",IF($D67="Direct $",'B&C Inputs'!O69,IF($D67="Per Bill",$C67*'B&C Inputs'!H11,IF($D67="Time %",$C67*'B&C Inputs'!K11,IF($D67="Per Bill (Applicable only)",IF($E67=0,0,$C67*(IF('B&C Inputs'!I69="Y",'B&C Inputs'!G11,0))/$E67),IF($D67="Time % (Applicable only)",IF($F67=0,0,$C67*(IF('B&C Inputs'!I69="Y",'B&C Inputs'!K11,0))/$F67),0)))))) -> 0 | L67: =IF($A67="","",IF($D67="Direct $",'B&C Inputs'!P69,IF($D67="Per Bill",$C67*'B&C Inputs'!H12,IF($D67="Time %",$C67*'B&C Inputs'!K12,IF($D67="Per Bill (Applicable only)",IF($E67=0,0,$C67*(IF('B&C Inputs'!J69="Y",'B&C Inputs'!G12,0))/$E67),IF($D67="Time % (Applicable only)",IF($F67=0,0,$C67*(IF('B&C Inputs'!J69="Y",'B&C Inputs'!K12,0))/$F67),0)))))) -> 0
A68: ='B&C Inputs'!A70 -> 0 | B68: ='B&C Inputs'!B70 -> 0 | C68: ='B&C Inputs'!C70 -> 0 | D68: ='B&C Inputs'!D70 -> 0 | E68: =IF($A68="","",(IF('B&C Inputs'!E70="Y",'B&C Inputs'!G7,0)+IF('B&C Inputs'!F70="Y",'B&C Inputs'!G8,0)+IF('B&C Inputs'!G70="Y",'B&C Inputs'!G9,0)+IF('B&C Inputs'!H70="Y",'B&C Inputs'!G10,0)+IF('B&C Inputs'!I70="Y",'B&C Inputs'!G11,0)+IF('B&C Inputs'!J70="Y",'B&C Inputs'!G12,0))) -> 75816 | F68: =IF($A68="","",(IF('B&C Inputs'!E70="Y",'B&C Inputs'!K7,0)+IF('B&C Inputs'!F70="Y",'B&C Inputs'!K8,0)+IF('B&C Inputs'!G70="Y",'B&C Inputs'!K9,0)+IF('B&C Inputs'!H70="Y",'B&C Inputs'!K10,0)+IF('B&C Inputs'!I70="Y",'B&C Inputs'!K11,0)+IF('B&C Inputs'!J70="Y",'B&C Inputs'!K12,0))) -> 1.15 | G68: =IF($A68="","",IF($D68="Direct $",'B&C Inputs'!K70,IF($D68="Per Bill",$C68*'B&C Inputs'!H7,IF($D68="Time %",$C68*'B&C Inputs'!K7,IF($D68="Per Bill (Applicable only)",IF($E68=0,0,$C68*(IF('B&C Inputs'!E70="Y",'B&C Inputs'!G7,0))/$E68),IF($D68="Time % (Applicable only)",IF($F68=0,0,$C68*(IF('B&C Inputs'!E70="Y",'B&C Inputs'!K7,0))/$F68),0)))))) -> 0 | H68: =IF($A68="","",IF($D68="Direct $",'B&C Inputs'!L70,IF($D68="Per Bill",$C68*'B&C Inputs'!H8,IF($D68="Time %",$C68*'B&C Inputs'!K8,IF($D68="Per Bill (Applicable only)",IF($E68=0,0,$C68*(IF('B&C Inputs'!F70="Y",'B&C Inputs'!G8,0))/$E68),IF($D68="Time % (Applicable only)",IF($F68=0,0,$C68*(IF('B&C Inputs'!F70="Y",'B&C Inputs'!K8,0))/$F68),0)))))) -> 0 | I68: =IF($A68="","",IF($D68="Direct $",'B&C Inputs'!M70,IF($D68="Per Bill",$C68*'B&C Inputs'!H9,IF($D68="Time %",$C68*'B&C Inputs'!K9,IF($D68="Per Bill (Applicable only)",IF($E68=0,0,$C68*(IF('B&C Inputs'!G70="Y",'B&C Inputs'!G9,0))/$E68),IF($D68="Time % (Applicable only)",IF($F68=0,0,$C68*(IF('B&C Inputs'!G70="Y",'B&C Inputs'!K9,0))/$F68),0)))))) -> 0 | J68: =IF($A68="","",IF($D68="Direct $",'B&C Inputs'!N70,IF($D68="Per Bill",$C68*'B&C Inputs'!H10,IF($D68="Time %",$C68*'B&C Inputs'!K10,IF($D68="Per Bill (Applicable only)",IF($E68=0,0,$C68*(IF('B&C Inputs'!H70="Y",'B&C Inputs'!G10,0))/$E68),IF($D68="Time % (Applicable only)",IF($F68=0,0,$C68*(IF('B&C Inputs'!H70="Y",'B&C Inputs'!K10,0))/$F68),0)))))) -> 0 | K68: =IF($A68="","",IF($D68="Direct $",'B&C Inputs'!O70,IF($D68="Per Bill",$C68*'B&C Inputs'!H11,IF($D68="Time %",$C68*'B&C Inputs'!K11,IF($D68="Per Bill (Applicable only)",IF($E68=0,0,$C68*(IF('B&C Inputs'!I70="Y",'B&C Inputs'!G11,0))/$E68),IF($D68="Time % (Applicable only)",IF($F68=0,0,$C68*(IF('B&C Inputs'!I70="Y",'B&C Inputs'!K11,0))/$F68),0)))))) -> 0 | L68: =IF($A68="","",IF($D68="Direct $",'B&C Inputs'!P70,IF($D68="Per Bill",$C68*'B&C Inputs'!H12,IF($D68="Time %",$C68*'B&C Inputs'!K12,IF($D68="Per Bill (Applicable only)",IF($E68=0,0,$C68*(IF('B&C Inputs'!J70="Y",'B&C Inputs'!G12,0))/$E68),IF($D68="Time % (Applicable only)",IF($F68=0,0,$C68*(IF('B&C Inputs'!J70="Y",'B&C Inputs'!K12,0))/$F68),0)))))) -> 0
A69: ='B&C Inputs'!A71 -> 0 | B69: ='B&C Inputs'!B71 -> 0 | C69: ='B&C Inputs'!C71 -> 0 | D69: ='B&C Inputs'!D71 -> 0 | E69: =IF($A69="","",(IF('B&C Inputs'!E71="Y",'B&C Inputs'!G7,0)+IF('B&C Inputs'!F71="Y",'B&C Inputs'!G8,0)+IF('B&C Inputs'!G71="Y",'B&C Inputs'!G9,0)+IF('B&C Inputs'!H71="Y",'B&C Inputs'!G10,0)+IF('B&C Inputs'!I71="Y",'B&C Inputs'!G11,0)+IF('B&C Inputs'!J71="Y",'B&C Inputs'!G12,0))) -> 75816 | F69: =IF($A69="","",(IF('B&C Inputs'!E71="Y",'B&C Inputs'!K7,0)+IF('B&C Inputs'!F71="Y",'B&C Inputs'!K8,0)+IF('B&C Inputs'!G71="Y",'B&C Inputs'!K9,0)+IF('B&C Inputs'!H71="Y",'B&C Inputs'!K10,0)+IF('B&C Inputs'!I71="Y",'B&C Inputs'!K11,0)+IF('B&C Inputs'!J71="Y",'B&C Inputs'!K12,0))) -> 1.15 | G69: =IF($A69="","",IF($D69="Direct $",'B&C Inputs'!K71,IF($D69="Per Bill",$C69*'B&C Inputs'!H7,IF($D69="Time %",$C69*'B&C Inputs'!K7,IF($D69="Per Bill (Applicable only)",IF($E69=0,0,$C69*(IF('B&C Inputs'!E71="Y",'B&C Inputs'!G7,0))/$E69),IF($D69="Time % (Applicable only)",IF($F69=0,0,$C69*(IF('B&C Inputs'!E71="Y",'B&C Inputs'!K7,0))/$F69),0)))))) -> 0 | H69: =IF($A69="","",IF($D69="Direct $",'B&C Inputs'!L71,IF($D69="Per Bill",$C69*'B&C Inputs'!H8,IF($D69="Time %",$C69*'B&C Inputs'!K8,IF($D69="Per Bill (Applicable only)",IF($E69=0,0,$C69*(IF('B&C Inputs'!F71="Y",'B&C Inputs'!G8,0))/$E69),IF($D69="Time % (Applicable only)",IF($F69=0,0,$C69*(IF('B&C Inputs'!F71="Y",'B&C Inputs'!K8,0))/$F69),0)))))) -> 0 | I69: =IF($A69="","",IF($D69="Direct $",'B&C Inputs'!M71,IF($D69="Per Bill",$C69*'B&C Inputs'!H9,IF($D69="Time %",$C69*'B&C Inputs'!K9,IF($D69="Per Bill (Applicable only)",IF($E69=0,0,$C69*(IF('B&C Inputs'!G71="Y",'B&C Inputs'!G9,0))/$E69),IF($D69="Time % (Applicable only)",IF($F69=0,0,$C69*(IF('B&C Inputs'!G71="Y",'B&C Inputs'!K9,0))/$F69),0)))))) -> 0 | J69: =IF($A69="","",IF($D69="Direct $",'B&C Inputs'!N71,IF($D69="Per Bill",$C69*'B&C Inputs'!H10,IF($D69="Time %",$C69*'B&C Inputs'!K10,IF($D69="Per Bill (Applicable only)",IF($E69=0,0,$C69*(IF('B&C Inputs'!H71="Y",'B&C Inputs'!G10,0))/$E69),IF($D69="Time % (Applicable only)",IF($F69=0,0,$C69*(IF('B&C Inputs'!H71="Y",'B&C Inputs'!K10,0))/$F69),0)))))) -> 0 | K69: =IF($A69="","",IF($D69="Direct $",'B&C Inputs'!O71,IF($D69="Per Bill",$C69*'B&C Inputs'!H11,IF($D69="Time %",$C69*'B&C Inputs'!K11,IF($D69="Per Bill (Applicable only)",IF($E69=0,0,$C69*(IF('B&C Inputs'!I71="Y",'B&C Inputs'!G11,0))/$E69),IF($D69="Time % (Applicable only)",IF($F69=0,0,$C69*(IF('B&C Inputs'!I71="Y",'B&C Inputs'!K11,0))/$F69),0)))))) -> 0 | L69: =IF($A69="","",IF($D69="Direct $",'B&C Inputs'!P71,IF($D69="Per Bill",$C69*'B&C Inputs'!H12,IF($D69="Time %",$C69*'B&C Inputs'!K12,IF($D69="Per Bill (Applicable only)",IF($E69=0,0,$C69*(IF('B&C Inputs'!J71="Y",'B&C Inputs'!G12,0))/$E69),IF($D69="Time % (Applicable only)",IF($F69=0,0,$C69*(IF('B&C Inputs'!J71="Y",'B&C Inputs'!K12,0))/$F69),0)))))) -> 0
A70: ='B&C Inputs'!A72 -> 0 | B70: ='B&C Inputs'!B72 -> 0 | C70: ='B&C Inputs'!C72 -> 0 | D70: ='B&C Inputs'!D72 -> 0 | E70: =IF($A70="","",(IF('B&C Inputs'!E72="Y",'B&C Inputs'!G7,0)+IF('B&C Inputs'!F72="Y",'B&C Inputs'!G8,0)+IF('B&C Inputs'!G72="Y",'B&C Inputs'!G9,0)+IF('B&C Inputs'!H72="Y",'B&C Inputs'!G10,0)+IF('B&C Inputs'!I72="Y",'B&C Inputs'!G11,0)+IF('B&C Inputs'!J72="Y",'B&C Inputs'!G12,0))) -> 75816 | F70: =IF($A70="","",(IF('B&C Inputs'!E72="Y",'B&C Inputs'!K7,0)+IF('B&C Inputs'!F72="Y",'B&C Inputs'!K8,0)+IF('B&C Inputs'!G72="Y",'B&C Inputs'!K9,0)+IF('B&C Inputs'!H72="Y",'B&C Inputs'!K10,0)+IF('B&C Inputs'!I72="Y",'B&C Inputs'!K11,0)+IF('B&C Inputs'!J72="Y",'B&C Inputs'!K12,0))) -> 1.15 | G70: =IF($A70="","",IF($D70="Direct $",'B&C Inputs'!K72,IF($D70="Per Bill",$C70*'B&C Inputs'!H7,IF($D70="Time %",$C70*'B&C Inputs'!K7,IF($D70="Per Bill (Applicable only)",IF($E70=0,0,$C70*(IF('B&C Inputs'!E72="Y",'B&C Inputs'!G7,0))/$E70),IF($D70="Time % (Applicable only)",IF($F70=0,0,$C70*(IF('B&C Inputs'!E72="Y",'B&C Inputs'!K7,0))/$F70),0)))))) -> 0 | H70: =IF($A70="","",IF($D70="Direct $",'B&C Inputs'!L72,IF($D70="Per Bill",$C70*'B&C Inputs'!H8,IF($D70="Time %",$C70*'B&C Inputs'!K8,IF($D70="Per Bill (Applicable only)",IF($E70=0,0,$C70*(IF('B&C Inputs'!F72="Y",'B&C Inputs'!G8,0))/$E70),IF($D70="Time % (Applicable only)",IF($F70=0,0,$C70*(IF('B&C Inputs'!F72="Y",'B&C Inputs'!K8,0))/$F70),0)))))) -> 0 | I70: =IF($A70="","",IF($D70="Direct $",'B&C Inputs'!M72,IF($D70="Per Bill",$C70*'B&C Inputs'!H9,IF($D70="Time %",$C70*'B&C Inputs'!K9,IF($D70="Per Bill (Applicable only)",IF($E70=0,0,$C70*(IF('B&C Inputs'!G72="Y",'B&C Inputs'!G9,0))/$E70),IF($D70="Time % (Applicable only)",IF($F70=0,0,$C70*(IF('B&C Inputs'!G72="Y",'B&C Inputs'!K9,0))/$F70),0)))))) -> 0 | J70: =IF($A70="","",IF($D70="Direct $",'B&C Inputs'!N72,IF($D70="Per Bill",$C70*'B&C Inputs'!H10,IF($D70="Time %",$C70*'B&C Inputs'!K10,IF($D70="Per Bill (Applicable only)",IF($E70=0,0,$C70*(IF('B&C Inputs'!H72="Y",'B&C Inputs'!G10,0))/$E70),IF($D70="Time % (Applicable only)",IF($F70=0,0,$C70*(IF('B&C Inputs'!H72="Y",'B&C Inputs'!K10,0))/$F70),0)))))) -> 0 | K70: =IF($A70="","",IF($D70="Direct $",'B&C Inputs'!O72,IF($D70="Per Bill",$C70*'B&C Inputs'!H11,IF($D70="Time %",$C70*'B&C Inputs'!K11,IF($D70="Per Bill (Applicable only)",IF($E70=0,0,$C70*(IF('B&C Inputs'!I72="Y",'B&C Inputs'!G11,0))/$E70),IF($D70="Time % (Applicable only)",IF($F70=0,0,$C70*(IF('B&C Inputs'!I72="Y",'B&C Inputs'!K11,0))/$F70),0)))))) -> 0 | L70: =IF($A70="","",IF($D70="Direct $",'B&C Inputs'!P72,IF($D70="Per Bill",$C70*'B&C Inputs'!H12,IF($D70="Time %",$C70*'B&C Inputs'!K12,IF($D70="Per Bill (Applicable only)",IF($E70=0,0,$C70*(IF('B&C Inputs'!J72="Y",'B&C Inputs'!G12,0))/$E70),IF($D70="Time % (Applicable only)",IF($F70=0,0,$C70*(IF('B&C Inputs'!J72="Y",'B&C Inputs'!K12,0))/$F70),0)))))) -> 0
A71: ='B&C Inputs'!A73 -> 0 | B71: ='B&C Inputs'!B73 -> 0 | C71: ='B&C Inputs'!C73 -> 0 | D71: ='B&C Inputs'!D73 -> 0 | E71: =IF($A71="","",(IF('B&C Inputs'!E73="Y",'B&C Inputs'!G7,0)+IF('B&C Inputs'!F73="Y",'B&C Inputs'!G8,0)+IF('B&C Inputs'!G73="Y",'B&C Inputs'!G9,0)+IF('B&C Inputs'!H73="Y",'B&C Inputs'!G10,0)+IF('B&C Inputs'!I73="Y",'B&C Inputs'!G11,0)+IF('B&C Inputs'!J73="Y",'B&C Inputs'!G12,0))) -> 75816 | F71: =IF($A71="","",(IF('B&C Inputs'!E73="Y",'B&C Inputs'!K7,0)+IF('B&C Inputs'!F73="Y",'B&C Inputs'!K8,0)+IF('B&C Inputs'!G73="Y",'B&C Inputs'!K9,0)+IF('B&C Inputs'!H73="Y",'B&C Inputs'!K10,0)+IF('B&C Inputs'!I73="Y",'B&C Inputs'!K11,0)+IF('B&C Inputs'!J73="Y",'B&C Inputs'!K12,0))) -> 1.15 | G71: =IF($A71="","",IF($D71="Direct $",'B&C Inputs'!K73,IF($D71="Per Bill",$C71*'B&C Inputs'!H7,IF($D71="Time %",$C71*'B&C Inputs'!K7,IF($D71="Per Bill (Applicable only)",IF($E71=0,0,$C71*(IF('B&C Inputs'!E73="Y",'B&C Inputs'!G7,0))/$E71),IF($D71="Time % (Applicable only)",IF($F71=0,0,$C71*(IF('B&C Inputs'!E73="Y",'B&C Inputs'!K7,0))/$F71),0)))))) -> 0 | H71: =IF($A71="","",IF($D71="Direct $",'B&C Inputs'!L73,IF($D71="Per Bill",$C71*'B&C Inputs'!H8,IF($D71="Time %",$C71*'B&C Inputs'!K8,IF($D71="Per Bill (Applicable only)",IF($E71=0,0,$C71*(IF('B&C Inputs'!F73="Y",'B&C Inputs'!G8,0))/$E71),IF($D71="Time % (Applicable only)",IF($F71=0,0,$C71*(IF('B&C Inputs'!F73="Y",'B&C Inputs'!K8,0))/$F71),0)))))) -> 0 | I71: =IF($A71="","",IF($D71="Direct $",'B&C Inputs'!M73,IF($D71="Per Bill",$C71*'B&C Inputs'!H9,IF($D71="Time %",$C71*'B&C Inputs'!K9,IF($D71="Per Bill (Applicable only)",IF($E71=0,0,$C71*(IF('B&C Inputs'!G73="Y",'B&C Inputs'!G9,0))/$E71),IF($D71="Time % (Applicable only)",IF($F71=0,0,$C71*(IF('B&C Inputs'!G73="Y",'B&C Inputs'!K9,0))/$F71),0)))))) -> 0 | J71: =IF($A71="","",IF($D71="Direct $",'B&C Inputs'!N73,IF($D71="Per Bill",$C71*'B&C Inputs'!H10,IF($D71="Time %",$C71*'B&C Inputs'!K10,IF($D71="Per Bill (Applicable only)",IF($E71=0,0,$C71*(IF('B&C Inputs'!H73="Y",'B&C Inputs'!G10,0))/$E71),IF($D71="Time % (Applicable only)",IF($F71=0,0,$C71*(IF('B&C Inputs'!H73="Y",'B&C Inputs'!K10,0))/$F71),0)))))) -> 0 | K71: =IF($A71="","",IF($D71="Direct $",'B&C Inputs'!O73,IF($D71="Per Bill",$C71*'B&C Inputs'!H11,IF($D71="Time %",$C71*'B&C Inputs'!K11,IF($D71="Per Bill (Applicable only)",IF($E71=0,0,$C71*(IF('B&C Inputs'!I73="Y",'B&C Inputs'!G11,0))/$E71),IF($D71="Time % (Applicable only)",IF($F71=0,0,$C71*(IF('B&C Inputs'!I73="Y",'B&C Inputs'!K11,0))/$F71),0)))))) -> 0 | L71: =IF($A71="","",IF($D71="Direct $",'B&C Inputs'!P73,IF($D71="Per Bill",$C71*'B&C Inputs'!H12,IF($D71="Time %",$C71*'B&C Inputs'!K12,IF($D71="Per Bill (Applicable only)",IF($E71=0,0,$C71*(IF('B&C Inputs'!J73="Y",'B&C Inputs'!G12,0))/$E71),IF($D71="Time % (Applicable only)",IF($F71=0,0,$C71*(IF('B&C Inputs'!J73="Y",'B&C Inputs'!K12,0))/$F71),0)))))) -> 0
A72: ='B&C Inputs'!A74 -> 0 | B72: ='B&C Inputs'!B74 -> 0 | C72: ='B&C Inputs'!C74 -> 0 | D72: ='B&C Inputs'!D74 -> 0 | E72: =IF($A72="","",(IF('B&C Inputs'!E74="Y",'B&C Inputs'!G7,0)+IF('B&C Inputs'!F74="Y",'B&C Inputs'!G8,0)+IF('B&C Inputs'!G74="Y",'B&C Inputs'!G9,0)+IF('B&C Inputs'!H74="Y",'B&C Inputs'!G10,0)+IF('B&C Inputs'!I74="Y",'B&C Inputs'!G11,0)+IF('B&C Inputs'!J74="Y",'B&C Inputs'!G12,0))) -> 75816 | F72: =IF($A72="","",(IF('B&C Inputs'!E74="Y",'B&C Inputs'!K7,0)+IF('B&C Inputs'!F74="Y",'B&C Inputs'!K8,0)+IF('B&C Inputs'!G74="Y",'B&C Inputs'!K9,0)+IF('B&C Inputs'!H74="Y",'B&C Inputs'!K10,0)+IF('B&C Inputs'!I74="Y",'B&C Inputs'!K11,0)+IF('B&C Inputs'!J74="Y",'B&C Inputs'!K12,0))) -> 1.15 | G72: =IF($A72="","",IF($D72="Direct $",'B&C Inputs'!K74,IF($D72="Per Bill",$C72*'B&C Inputs'!H7,IF($D72="Time %",$C72*'B&C Inputs'!K7,IF($D72="Per Bill (Applicable only)",IF($E72=0,0,$C72*(IF('B&C Inputs'!E74="Y",'B&C Inputs'!G7,0))/$E72),IF($D72="Time % (Applicable only)",IF($F72=0,0,$C72*(IF('B&C Inputs'!E74="Y",'B&C Inputs'!K7,0))/$F72),0)))))) -> 0 | H72: =IF($A72="","",IF($D72="Direct $",'B&C Inputs'!L74,IF($D72="Per Bill",$C72*'B&C Inputs'!H8,IF($D72="Time %",$C72*'B&C Inputs'!K8,IF($D72="Per Bill (Applicable only)",IF($E72=0,0,$C72*(IF('B&C Inputs'!F74="Y",'B&C Inputs'!G8,0))/$E72),IF($D72="Time % (Applicable only)",IF($F72=0,0,$C72*(IF('B&C Inputs'!F74="Y",'B&C Inputs'!K8,0))/$F72),0)))))) -> 0 | I72: =IF($A72="","",IF($D72="Direct $",'B&C Inputs'!M74,IF($D72="Per Bill",$C72*'B&C Inputs'!H9,IF($D72="Time %",$C72*'B&C Inputs'!K9,IF($D72="Per Bill (Applicable only)",IF($E72=0,0,$C72*(IF('B&C Inputs'!G74="Y",'B&C Inputs'!G9,0))/$E72),IF($D72="Time % (Applicable only)",IF($F72=0,0,$C72*(IF('B&C Inputs'!G74="Y",'B&C Inputs'!K9,0))/$F72),0)))))) -> 0 | J72: =IF($A72="","",IF($D72="Direct $",'B&C Inputs'!N74,IF($D72="Per Bill",$C72*'B&C Inputs'!H10,IF($D72="Time %",$C72*'B&C Inputs'!K10,IF($D72="Per Bill (Applicable only)",IF($E72=0,0,$C72*(IF('B&C Inputs'!H74="Y",'B&C Inputs'!G10,0))/$E72),IF($D72="Time % (Applicable only)",IF($F72=0,0,$C72*(IF('B&C Inputs'!H74="Y",'B&C Inputs'!K10,0))/$F72),0)))))) -> 0 | K72: =IF($A72="","",IF($D72="Direct $",'B&C Inputs'!O74,IF($D72="Per Bill",$C72*'B&C Inputs'!H11,IF($D72="Time %",$C72*'B&C Inputs'!K11,IF($D72="Per Bill (Applicable only)",IF($E72=0,0,$C72*(IF('B&C Inputs'!I74="Y",'B&C Inputs'!G11,0))/$E72),IF($D72="Time % (Applicable only)",IF($F72=0,0,$C72*(IF('B&C Inputs'!I74="Y",'B&C Inputs'!K11,0))/$F72),0)))))) -> 0 | L72: =IF($A72="","",IF($D72="Direct $",'B&C Inputs'!P74,IF($D72="Per Bill",$C72*'B&C Inputs'!H12,IF($D72="Time %",$C72*'B&C Inputs'!K12,IF($D72="Per Bill (Applicable only)",IF($E72=0,0,$C72*(IF('B&C Inputs'!J74="Y",'B&C Inputs'!G12,0))/$E72),IF($D72="Time % (Applicable only)",IF($F72=0,0,$C72*(IF('B&C Inputs'!J74="Y",'B&C Inputs'!K12,0))/$F72),0)))))) -> 0
A73: ='B&C Inputs'!A75 -> 0 | B73: ='B&C Inputs'!B75 -> 0 | C73: ='B&C Inputs'!C75 -> 0 | D73: ='B&C Inputs'!D75 -> 0 | E73: =IF($A73="","",(IF('B&C Inputs'!E75="Y",'B&C Inputs'!G7,0)+IF('B&C Inputs'!F75="Y",'B&C Inputs'!G8,0)+IF('B&C Inputs'!G75="Y",'B&C Inputs'!G9,0)+IF('B&C Inputs'!H75="Y",'B&C Inputs'!G10,0)+IF('B&C Inputs'!I75="Y",'B&C Inputs'!G11,0)+IF('B&C Inputs'!J75="Y",'B&C Inputs'!G12,0))) -> 75816 | F73: =IF($A73="","",(IF('B&C Inputs'!E75="Y",'B&C Inputs'!K7,0)+IF('B&C Inputs'!F75="Y",'B&C Inputs'!K8,0)+IF('B&C Inputs'!G75="Y",'B&C Inputs'!K9,0)+IF('B&C Inputs'!H75="Y",'B&C Inputs'!K10,0)+IF('B&C Inputs'!I75="Y",'B&C Inputs'!K11,0)+IF('B&C Inputs'!J75="Y",'B&C Inputs'!K12,0))) -> 1.15 | G73: =IF($A73="","",IF($D73="Direct $",'B&C Inputs'!K75,IF($D73="Per Bill",$C73*'B&C Inputs'!H7,IF($D73="Time %",$C73*'B&C Inputs'!K7,IF($D73="Per Bill (Applicable only)",IF($E73=0,0,$C73*(IF('B&C Inputs'!E75="Y",'B&C Inputs'!G7,0))/$E73),IF($D73="Time % (Applicable only)",IF($F73=0,0,$C73*(IF('B&C Inputs'!E75="Y",'B&C Inputs'!K7,0))/$F73),0)))))) -> 0 | H73: =IF($A73="","",IF($D73="Direct $",'B&C Inputs'!L75,IF($D73="Per Bill",$C73*'B&C Inputs'!H8,IF($D73="Time %",$C73*'B&C Inputs'!K8,IF($D73="Per Bill (Applicable only)",IF($E73=0,0,$C73*(IF('B&C Inputs'!F75="Y",'B&C Inputs'!G8,0))/$E73),IF($D73="Time % (Applicable only)",IF($F73=0,0,$C73*(IF('B&C Inputs'!F75="Y",'B&C Inputs'!K8,0))/$F73),0)))))) -> 0 | I73: =IF($A73="","",IF($D73="Direct $",'B&C Inputs'!M75,IF($D73="Per Bill",$C73*'B&C Inputs'!H9,IF($D73="Time %",$C73*'B&C Inputs'!K9,IF($D73="Per Bill (Applicable only)",IF($E73=0,0,$C73*(IF('B&C Inputs'!G75="Y",'B&C Inputs'!G9,0))/$E73),IF($D73="Time % (Applicable only)",IF($F73=0,0,$C73*(IF('B&C Inputs'!G75="Y",'B&C Inputs'!K9,0))/$F73),0)))))) -> 0 | J73: =IF($A73="","",IF($D73="Direct $",'B&C Inputs'!N75,IF($D73="Per Bill",$C73*'B&C Inputs'!H10,IF($D73="Time %",$C73*'B&C Inputs'!K10,IF($D73="Per Bill (Applicable only)",IF($E73=0,0,$C73*(IF('B&C Inputs'!H75="Y",'B&C Inputs'!G10,0))/$E73),IF($D73="Time % (Applicable only)",IF($F73=0,0,$C73*(IF('B&C Inputs'!H75="Y",'B&C Inputs'!K10,0))/$F73),0)))))) -> 0 | K73: =IF($A73="","",IF($D73="Direct $",'B&C Inputs'!O75,IF($D73="Per Bill",$C73*'B&C Inputs'!H11,IF($D73="Time %",$C73*'B&C Inputs'!K11,IF($D73="Per Bill (Applicable only)",IF($E73=0,0,$C73*(IF('B&C Inputs'!I75="Y",'B&C Inputs'!G11,0))/$E73),IF($D73="Time % (Applicable only)",IF($F73=0,0,$C73*(IF('B&C Inputs'!I75="Y",'B&C Inputs'!K11,0))/$F73),0)))))) -> 0 | L73: =IF($A73="","",IF($D73="Direct $",'B&C Inputs'!P75,IF($D73="Per Bill",$C73*'B&C Inputs'!H12,IF($D73="Time %",$C73*'B&C Inputs'!K12,IF($D73="Per Bill (Applicable only)",IF($E73=0,0,$C73*(IF('B&C Inputs'!J75="Y",'B&C Inputs'!G12,0))/$E73),IF($D73="Time % (Applicable only)",IF($F73=0,0,$C73*(IF('B&C Inputs'!J75="Y",'B&C Inputs'!K12,0))/$F73),0)))))) -> 0
A74: ='B&C Inputs'!A76 -> 0 | B74: ='B&C Inputs'!B76 -> 0 | C74: ='B&C Inputs'!C76 -> 0 | D74: ='B&C Inputs'!D76 -> 0 | E74: =IF($A74="","",(IF('B&C Inputs'!E76="Y",'B&C Inputs'!G7,0)+IF('B&C Inputs'!F76="Y",'B&C Inputs'!G8,0)+IF('B&C Inputs'!G76="Y",'B&C Inputs'!G9,0)+IF('B&C Inputs'!H76="Y",'B&C Inputs'!G10,0)+IF('B&C Inputs'!I76="Y",'B&C Inputs'!G11,0)+IF('B&C Inputs'!J76="Y",'B&C Inputs'!G12,0))) -> 75816 | F74: =IF($A74="","",(IF('B&C Inputs'!E76="Y",'B&C Inputs'!K7,0)+IF('B&C Inputs'!F76="Y",'B&C Inputs'!K8,0)+IF('B&C Inputs'!G76="Y",'B&C Inputs'!K9,0)+IF('B&C Inputs'!H76="Y",'B&C Inputs'!K10,0)+IF('B&C Inputs'!I76="Y",'B&C Inputs'!K11,0)+IF('B&C Inputs'!J76="Y",'B&C Inputs'!K12,0))) -> 1.15 | G74: =IF($A74="","",IF($D74="Direct $",'B&C Inputs'!K76,IF($D74="Per Bill",$C74*'B&C Inputs'!H7,IF($D74="Time %",$C74*'B&C Inputs'!K7,IF($D74="Per Bill (Applicable only)",IF($E74=0,0,$C74*(IF('B&C Inputs'!E76="Y",'B&C Inputs'!G7,0))/$E74),IF($D74="Time % (Applicable only)",IF($F74=0,0,$C74*(IF('B&C Inputs'!E76="Y",'B&C Inputs'!K7,0))/$F74),0)))))) -> 0 | H74: =IF($A74="","",IF($D74="Direct $",'B&C Inputs'!L76,IF($D74="Per Bill",$C74*'B&C Inputs'!H8,IF($D74="Time %",$C74*'B&C Inputs'!K8,IF($D74="Per Bill (Applicable only)",IF($E74=0,0,$C74*(IF('B&C Inputs'!F76="Y",'B&C Inputs'!G8,0))/$E74),IF($D74="Time % (Applicable only)",IF($F74=0,0,$C74*(IF('B&C Inputs'!F76="Y",'B&C Inputs'!K8,0))/$F74),0)))))) -> 0 | I74: =IF($A74="","",IF($D74="Direct $",'B&C Inputs'!M76,IF($D74="Per Bill",$C74*'B&C Inputs'!H9,IF($D74="Time %",$C74*'B&C Inputs'!K9,IF($D74="Per Bill (Applicable only)",IF($E74=0,0,$C74*(IF('B&C Inputs'!G76="Y",'B&C Inputs'!G9,0))/$E74),IF($D74="Time % (Applicable only)",IF($F74=0,0,$C74*(IF('B&C Inputs'!G76="Y",'B&C Inputs'!K9,0))/$F74),0)))))) -> 0 | J74: =IF($A74="","",IF($D74="Direct $",'B&C Inputs'!N76,IF($D74="Per Bill",$C74*'B&C Inputs'!H10,IF($D74="Time %",$C74*'B&C Inputs'!K10,IF($D74="Per Bill (Applicable only)",IF($E74=0,0,$C74*(IF('B&C Inputs'!H76="Y",'B&C Inputs'!G10,0))/$E74),IF($D74="Time % (Applicable only)",IF($F74=0,0,$C74*(IF('B&C Inputs'!H76="Y",'B&C Inputs'!K10,0))/$F74),0)))))) -> 0 | K74: =IF($A74="","",IF($D74="Direct $",'B&C Inputs'!O76,IF($D74="Per Bill",$C74*'B&C Inputs'!H11,IF($D74="Time %",$C74*'B&C Inputs'!K11,IF($D74="Per Bill (Applicable only)",IF($E74=0,0,$C74*(IF('B&C Inputs'!I76="Y",'B&C Inputs'!G11,0))/$E74),IF($D74="Time % (Applicable only)",IF($F74=0,0,$C74*(IF('B&C Inputs'!I76="Y",'B&C Inputs'!K11,0))/$F74),0)))))) -> 0 | L74: =IF($A74="","",IF($D74="Direct $",'B&C Inputs'!P76,IF($D74="Per Bill",$C74*'B&C Inputs'!H12,IF($D74="Time %",$C74*'B&C Inputs'!K12,IF($D74="Per Bill (Applicable only)",IF($E74=0,0,$C74*(IF('B&C Inputs'!J76="Y",'B&C Inputs'!G12,0))/$E74),IF($D74="Time % (Applicable only)",IF($F74=0,0,$C74*(IF('B&C Inputs'!J76="Y",'B&C Inputs'!K12,0))/$F74),0)))))) -> 0
A75: ='B&C Inputs'!A77 -> 0 | B75: ='B&C Inputs'!B77 -> 0 | C75: ='B&C Inputs'!C77 -> 0 | D75: ='B&C Inputs'!D77 -> 0 | E75: =IF($A75="","",(IF('B&C Inputs'!E77="Y",'B&C Inputs'!G7,0)+IF('B&C Inputs'!F77="Y",'B&C Inputs'!G8,0)+IF('B&C Inputs'!G77="Y",'B&C Inputs'!G9,0)+IF('B&C Inputs'!H77="Y",'B&C Inputs'!G10,0)+IF('B&C Inputs'!I77="Y",'B&C Inputs'!G11,0)+IF('B&C Inputs'!J77="Y",'B&C Inputs'!G12,0))) -> 75816 | F75: =IF($A75="","",(IF('B&C Inputs'!E77="Y",'B&C Inputs'!K7,0)+IF('B&C Inputs'!F77="Y",'B&C Inputs'!K8,0)+IF('B&C Inputs'!G77="Y",'B&C Inputs'!K9,0)+IF('B&C Inputs'!H77="Y",'B&C Inputs'!K10,0)+IF('B&C Inputs'!I77="Y",'B&C Inputs'!K11,0)+IF('B&C Inputs'!J77="Y",'B&C Inputs'!K12,0))) -> 1.15 | G75: =IF($A75="","",IF($D75="Direct $",'B&C Inputs'!K77,IF($D75="Per Bill",$C75*'B&C Inputs'!H7,IF($D75="Time %",$C75*'B&C Inputs'!K7,IF($D75="Per Bill (Applicable only)",IF($E75=0,0,$C75*(IF('B&C Inputs'!E77="Y",'B&C Inputs'!G7,0))/$E75),IF($D75="Time % (Applicable only)",IF($F75=0,0,$C75*(IF('B&C Inputs'!E77="Y",'B&C Inputs'!K7,0))/$F75),0)))))) -> 0 | H75: =IF($A75="","",IF($D75="Direct $",'B&C Inputs'!L77,IF($D75="Per Bill",$C75*'B&C Inputs'!H8,IF($D75="Time %",$C75*'B&C Inputs'!K8,IF($D75="Per Bill (Applicable only)",IF($E75=0,0,$C75*(IF('B&C Inputs'!F77="Y",'B&C Inputs'!G8,0))/$E75),IF($D75="Time % (Applicable only)",IF($F75=0,0,$C75*(IF('B&C Inputs'!F77="Y",'B&C Inputs'!K8,0))/$F75),0)))))) -> 0 | I75: =IF($A75="","",IF($D75="Direct $",'B&C Inputs'!M77,IF($D75="Per Bill",$C75*'B&C Inputs'!H9,IF($D75="Time %",$C75*'B&C Inputs'!K9,IF($D75="Per Bill (Applicable only)",IF($E75=0,0,$C75*(IF('B&C Inputs'!G77="Y",'B&C Inputs'!G9,0))/$E75),IF($D75="Time % (Applicable only)",IF($F75=0,0,$C75*(IF('B&C Inputs'!G77="Y",'B&C Inputs'!K9,0))/$F75),0)))))) -> 0 | J75: =IF($A75="","",IF($D75="Direct $",'B&C Inputs'!N77,IF($D75="Per Bill",$C75*'B&C Inputs'!H10,IF($D75="Time %",$C75*'B&C Inputs'!K10,IF($D75="Per Bill (Applicable only)",IF($E75=0,0,$C75*(IF('B&C Inputs'!H77="Y",'B&C Inputs'!G10,0))/$E75),IF($D75="Time % (Applicable only)",IF($F75=0,0,$C75*(IF('B&C Inputs'!H77="Y",'B&C Inputs'!K10,0))/$F75),0)))))) -> 0 | K75: =IF($A75="","",IF($D75="Direct $",'B&C Inputs'!O77,IF($D75="Per Bill",$C75*'B&C Inputs'!H11,IF($D75="Time %",$C75*'B&C Inputs'!K11,IF($D75="Per Bill (Applicable only)",IF($E75=0,0,$C75*(IF('B&C Inputs'!I77="Y",'B&C Inputs'!G11,0))/$E75),IF($D75="Time % (Applicable only)",IF($F75=0,0,$C75*(IF('B&C Inputs'!I77="Y",'B&C Inputs'!K11,0))/$F75),0)))))) -> 0 | L75: =IF($A75="","",IF($D75="Direct $",'B&C Inputs'!P77,IF($D75="Per Bill",$C75*'B&C Inputs'!H12,IF($D75="Time %",$C75*'B&C Inputs'!K12,IF($D75="Per Bill (Applicable only)",IF($E75=0,0,$C75*(IF('B&C Inputs'!J77="Y",'B&C Inputs'!G12,0))/$E75),IF($D75="Time % (Applicable only)",IF($F75=0,0,$C75*(IF('B&C Inputs'!J77="Y",'B&C Inputs'!K12,0))/$F75),0)))))) -> 0
A76: ='B&C Inputs'!A78 -> 0 | B76: ='B&C Inputs'!B78 -> 0 | C76: ='B&C Inputs'!C78 -> 0 | D76: ='B&C Inputs'!D78 -> 0 | E76: =IF($A76="","",(IF('B&C Inputs'!E78="Y",'B&C Inputs'!G7,0)+IF('B&C Inputs'!F78="Y",'B&C Inputs'!G8,0)+IF('B&C Inputs'!G78="Y",'B&C Inputs'!G9,0)+IF('B&C Inputs'!H78="Y",'B&C Inputs'!G10,0)+IF('B&C Inputs'!I78="Y",'B&C Inputs'!G11,0)+IF('B&C Inputs'!J78="Y",'B&C Inputs'!G12,0))) -> 75816 | F76: =IF($A76="","",(IF('B&C Inputs'!E78="Y",'B&C Inputs'!K7,0)+IF('B&C Inputs'!F78="Y",'B&C Inputs'!K8,0)+IF('B&C Inputs'!G78="Y",'B&C Inputs'!K9,0)+IF('B&C Inputs'!H78="Y",'B&C Inputs'!K10,0)+IF('B&C Inputs'!I78="Y",'B&C Inputs'!K11,0)+IF('B&C Inputs'!J78="Y",'B&C Inputs'!K12,0))) -> 1.15 | G76: =IF($A76="","",IF($D76="Direct $",'B&C Inputs'!K78,IF($D76="Per Bill",$C76*'B&C Inputs'!H7,IF($D76="Time %",$C76*'B&C Inputs'!K7,IF($D76="Per Bill (Applicable only)",IF($E76=0,0,$C76*(IF('B&C Inputs'!E78="Y",'B&C Inputs'!G7,0))/$E76),IF($D76="Time % (Applicable only)",IF($F76=0,0,$C76*(IF('B&C Inputs'!E78="Y",'B&C Inputs'!K7,0))/$F76),0)))))) -> 0 | H76: =IF($A76="","",IF($D76="Direct $",'B&C Inputs'!L78,IF($D76="Per Bill",$C76*'B&C Inputs'!H8,IF($D76="Time %",$C76*'B&C Inputs'!K8,IF($D76="Per Bill (Applicable only)",IF($E76=0,0,$C76*(IF('B&C Inputs'!F78="Y",'B&C Inputs'!G8,0))/$E76),IF($D76="Time % (Applicable only)",IF($F76=0,0,$C76*(IF('B&C Inputs'!F78="Y",'B&C Inputs'!K8,0))/$F76),0)))))) -> 0 | I76: =IF($A76="","",IF($D76="Direct $",'B&C Inputs'!M78,IF($D76="Per Bill",$C76*'B&C Inputs'!H9,IF($D76="Time %",$C76*'B&C Inputs'!K9,IF($D76="Per Bill (Applicable only)",IF($E76=0,0,$C76*(IF('B&C Inputs'!G78="Y",'B&C Inputs'!G9,0))/$E76),IF($D76="Time % (Applicable only)",IF($F76=0,0,$C76*(IF('B&C Inputs'!G78="Y",'B&C Inputs'!K9,0))/$F76),0)))))) -> 0 | J76: =IF($A76="","",IF($D76="Direct $",'B&C Inputs'!N78,IF($D76="Per Bill",$C76*'B&C Inputs'!H10,IF($D76="Time %",$C76*'B&C Inputs'!K10,IF($D76="Per Bill (Applicable only)",IF($E76=0,0,$C76*(IF('B&C Inputs'!H78="Y",'B&C Inputs'!G10,0))/$E76),IF($D76="Time % (Applicable only)",IF($F76=0,0,$C76*(IF('B&C Inputs'!H78="Y",'B&C Inputs'!K10,0))/$F76),0)))))) -> 0 | K76: =IF($A76="","",IF($D76="Direct $",'B&C Inputs'!O78,IF($D76="Per Bill",$C76*'B&C Inputs'!H11,IF($D76="Time %",$C76*'B&C Inputs'!K11,IF($D76="Per Bill (Applicable only)",IF($E76=0,0,$C76*(IF('B&C Inputs'!I78="Y",'B&C Inputs'!G11,0))/$E76),IF($D76="Time % (Applicable only)",IF($F76=0,0,$C76*(IF('B&C Inputs'!I78="Y",'B&C Inputs'!K11,0))/$F76),0)))))) -> 0 | L76: =IF($A76="","",IF($D76="Direct $",'B&C Inputs'!P78,IF($D76="Per Bill",$C76*'B&C Inputs'!H12,IF($D76="Time %",$C76*'B&C Inputs'!K12,IF($D76="Per Bill (Applicable only)",IF($E76=0,0,$C76*(IF('B&C Inputs'!J78="Y",'B&C Inputs'!G12,0))/$E76),IF($D76="Time % (Applicable only)",IF($F76=0,0,$C76*(IF('B&C Inputs'!J78="Y",'B&C Inputs'!K12,0))/$F76),0)))))) -> 0
A77: ='B&C Inputs'!A79 -> 0 | B77: ='B&C Inputs'!B79 -> 0 | C77: ='B&C Inputs'!C79 -> 0 | D77: ='B&C Inputs'!D79 -> 0 | E77: =IF($A77="","",(IF('B&C Inputs'!E79="Y",'B&C Inputs'!G7,0)+IF('B&C Inputs'!F79="Y",'B&C Inputs'!G8,0)+IF('B&C Inputs'!G79="Y",'B&C Inputs'!G9,0)+IF('B&C Inputs'!H79="Y",'B&C Inputs'!G10,0)+IF('B&C Inputs'!I79="Y",'B&C Inputs'!G11,0)+IF('B&C Inputs'!J79="Y",'B&C Inputs'!G12,0))) -> 75816 | F77: =IF($A77="","",(IF('B&C Inputs'!E79="Y",'B&C Inputs'!K7,0)+IF('B&C Inputs'!F79="Y",'B&C Inputs'!K8,0)+IF('B&C Inputs'!G79="Y",'B&C Inputs'!K9,0)+IF('B&C Inputs'!H79="Y",'B&C Inputs'!K10,0)+IF('B&C Inputs'!I79="Y",'B&C Inputs'!K11,0)+IF('B&C Inputs'!J79="Y",'B&C Inputs'!K12,0))) -> 1.15 | G77: =IF($A77="","",IF($D77="Direct $",'B&C Inputs'!K79,IF($D77="Per Bill",$C77*'B&C Inputs'!H7,IF($D77="Time %",$C77*'B&C Inputs'!K7,IF($D77="Per Bill (Applicable only)",IF($E77=0,0,$C77*(IF('B&C Inputs'!E79="Y",'B&C Inputs'!G7,0))/$E77),IF($D77="Time % (Applicable only)",IF($F77=0,0,$C77*(IF('B&C Inputs'!E79="Y",'B&C Inputs'!K7,0))/$F77),0)))))) -> 0 | H77: =IF($A77="","",IF($D77="Direct $",'B&C Inputs'!L79,IF($D77="Per Bill",$C77*'B&C Inputs'!H8,IF($D77="Time %",$C77*'B&C Inputs'!K8,IF($D77="Per Bill (Applicable only)",IF($E77=0,0,$C77*(IF('B&C Inputs'!F79="Y",'B&C Inputs'!G8,0))/$E77),IF($D77="Time % (Applicable only)",IF($F77=0,0,$C77*(IF('B&C Inputs'!F79="Y",'B&C Inputs'!K8,0))/$F77),0)))))) -> 0 | I77: =IF($A77="","",IF($D77="Direct $",'B&C Inputs'!M79,IF($D77="Per Bill",$C77*'B&C Inputs'!H9,IF($D77="Time %",$C77*'B&C Inputs'!K9,IF($D77="Per Bill (Applicable only)",IF($E77=0,0,$C77*(IF('B&C Inputs'!G79="Y",'B&C Inputs'!G9,0))/$E77),IF($D77="Time % (Applicable only)",IF($F77=0,0,$C77*(IF('B&C Inputs'!G79="Y",'B&C Inputs'!K9,0))/$F77),0)))))) -> 0 | J77: =IF($A77="","",IF($D77="Direct $",'B&C Inputs'!N79,IF($D77="Per Bill",$C77*'B&C Inputs'!H10,IF($D77="Time %",$C77*'B&C Inputs'!K10,IF($D77="Per Bill (Applicable only)",IF($E77=0,0,$C77*(IF('B&C Inputs'!H79="Y",'B&C Inputs'!G10,0))/$E77),IF($D77="Time % (Applicable only)",IF($F77=0,0,$C77*(IF('B&C Inputs'!H79="Y",'B&C Inputs'!K10,0))/$F77),0)))))) -> 0 | K77: =IF($A77="","",IF($D77="Direct $",'B&C Inputs'!O79,IF($D77="Per Bill",$C77*'B&C Inputs'!H11,IF($D77="Time %",$C77*'B&C Inputs'!K11,IF($D77="Per Bill (Applicable only)",IF($E77=0,0,$C77*(IF('B&C Inputs'!I79="Y",'B&C Inputs'!G11,0))/$E77),IF($D77="Time % (Applicable only)",IF($F77=0,0,$C77*(IF('B&C Inputs'!I79="Y",'B&C Inputs'!K11,0))/$F77),0)))))) -> 0 | L77: =IF($A77="","",IF($D77="Direct $",'B&C Inputs'!P79,IF($D77="Per Bill",$C77*'B&C Inputs'!H12,IF($D77="Time %",$C77*'B&C Inputs'!K12,IF($D77="Per Bill (Applicable only)",IF($E77=0,0,$C77*(IF('B&C Inputs'!J79="Y",'B&C Inputs'!G12,0))/$E77),IF($D77="Time % (Applicable only)",IF($F77=0,0,$C77*(IF('B&C Inputs'!J79="Y",'B&C Inputs'!K12,0))/$F77),0)))))) -> 0
A78: ='B&C Inputs'!A80 -> 0 | B78: ='B&C Inputs'!B80 -> 0 | C78: ='B&C Inputs'!C80 -> 0 | D78: ='B&C Inputs'!D80 -> 0 | E78: =IF($A78="","",(IF('B&C Inputs'!E80="Y",'B&C Inputs'!G7,0)+IF('B&C Inputs'!F80="Y",'B&C Inputs'!G8,0)+IF('B&C Inputs'!G80="Y",'B&C Inputs'!G9,0)+IF('B&C Inputs'!H80="Y",'B&C Inputs'!G10,0)+IF('B&C Inputs'!I80="Y",'B&C Inputs'!G11,0)+IF('B&C Inputs'!J80="Y",'B&C Inputs'!G12,0))) -> 75816 | F78: =IF($A78="","",(IF('B&C Inputs'!E80="Y",'B&C Inputs'!K7,0)+IF('B&C Inputs'!F80="Y",'B&C Inputs'!K8,0)+IF('B&C Inputs'!G80="Y",'B&C Inputs'!K9,0)+IF('B&C Inputs'!H80="Y",'B&C Inputs'!K10,0)+IF('B&C Inputs'!I80="Y",'B&C Inputs'!K11,0)+IF('B&C Inputs'!J80="Y",'B&C Inputs'!K12,0))) -> 1.15 | G78: =IF($A78="","",IF($D78="Direct $",'B&C Inputs'!K80,IF($D78="Per Bill",$C78*'B&C Inputs'!H7,IF($D78="Time %",$C78*'B&C Inputs'!K7,IF($D78="Per Bill (Applicable only)",IF($E78=0,0,$C78*(IF('B&C Inputs'!E80="Y",'B&C Inputs'!G7,0))/$E78),IF($D78="Time % (Applicable only)",IF($F78=0,0,$C78*(IF('B&C Inputs'!E80="Y",'B&C Inputs'!K7,0))/$F78),0)))))) -> 0 | H78: =IF($A78="","",IF($D78="Direct $",'B&C Inputs'!L80,IF($D78="Per Bill",$C78*'B&C Inputs'!H8,IF($D78="Time %",$C78*'B&C Inputs'!K8,IF($D78="Per Bill (Applicable only)",IF($E78=0,0,$C78*(IF('B&C Inputs'!F80="Y",'B&C Inputs'!G8,0))/$E78),IF($D78="Time % (Applicable only)",IF($F78=0,0,$C78*(IF('B&C Inputs'!F80="Y",'B&C Inputs'!K8,0))/$F78),0)))))) -> 0 | I78: =IF($A78="","",IF($D78="Direct $",'B&C Inputs'!M80,IF($D78="Per Bill",$C78*'B&C Inputs'!H9,IF($D78="Time %",$C78*'B&C Inputs'!K9,IF($D78="Per Bill (Applicable only)",IF($E78=0,0,$C78*(IF('B&C Inputs'!G80="Y",'B&C Inputs'!G9,0))/$E78),IF($D78="Time % (Applicable only)",IF($F78=0,0,$C78*(IF('B&C Inputs'!G80="Y",'B&C Inputs'!K9,0))/$F78),0)))))) -> 0 | J78: =IF($A78="","",IF($D78="Direct $",'B&C Inputs'!N80,IF($D78="Per Bill",$C78*'B&C Inputs'!H10,IF($D78="Time %",$C78*'B&C Inputs'!K10,IF($D78="Per Bill (Applicable only)",IF($E78=0,0,$C78*(IF('B&C Inputs'!H80="Y",'B&C Inputs'!G10,0))/$E78),IF($D78="Time % (Applicable only)",IF($F78=0,0,$C78*(IF('B&C Inputs'!H80="Y",'B&C Inputs'!K10,0))/$F78),0)))))) -> 0 | K78: =IF($A78="","",IF($D78="Direct $",'B&C Inputs'!O80,IF($D78="Per Bill",$C78*'B&C Inputs'!H11,IF($D78="Time %",$C78*'B&C Inputs'!K11,IF($D78="Per Bill (Applicable only)",IF($E78=0,0,$C78*(IF('B&C Inputs'!I80="Y",'B&C Inputs'!G11,0))/$E78),IF($D78="Time % (Applicable only)",IF($F78=0,0,$C78*(IF('B&C Inputs'!I80="Y",'B&C Inputs'!K11,0))/$F78),0)))))) -> 0 | L78: =IF($A78="","",IF($D78="Direct $",'B&C Inputs'!P80,IF($D78="Per Bill",$C78*'B&C Inputs'!H12,IF($D78="Time %",$C78*'B&C Inputs'!K12,IF($D78="Per Bill (Applicable only)",IF($E78=0,0,$C78*(IF('B&C Inputs'!J80="Y",'B&C Inputs'!G12,0))/$E78),IF($D78="Time % (Applicable only)",IF($F78=0,0,$C78*(IF('B&C Inputs'!J80="Y",'B&C Inputs'!K12,0))/$F78),0)))))) -> 0
A79: ='B&C Inputs'!A81 -> 0 | B79: ='B&C Inputs'!B81 -> 0 | C79: ='B&C Inputs'!C81 -> 0 | D79: ='B&C Inputs'!D81 -> 0 | E79: =IF($A79="","",(IF('B&C Inputs'!E81="Y",'B&C Inputs'!G7,0)+IF('B&C Inputs'!F81="Y",'B&C Inputs'!G8,0)+IF('B&C Inputs'!G81="Y",'B&C Inputs'!G9,0)+IF('B&C Inputs'!H81="Y",'B&C Inputs'!G10,0)+IF('B&C Inputs'!I81="Y",'B&C Inputs'!G11,0)+IF('B&C Inputs'!J81="Y",'B&C Inputs'!G12,0))) -> 75816 | F79: =IF($A79="","",(IF('B&C Inputs'!E81="Y",'B&C Inputs'!K7,0)+IF('B&C Inputs'!F81="Y",'B&C Inputs'!K8,0)+IF('B&C Inputs'!G81="Y",'B&C Inputs'!K9,0)+IF('B&C Inputs'!H81="Y",'B&C Inputs'!K10,0)+IF('B&C Inputs'!I81="Y",'B&C Inputs'!K11,0)+IF('B&C Inputs'!J81="Y",'B&C Inputs'!K12,0))) -> 1.15 | G79: =IF($A79="","",IF($D79="Direct $",'B&C Inputs'!K81,IF($D79="Per Bill",$C79*'B&C Inputs'!H7,IF($D79="Time %",$C79*'B&C Inputs'!K7,IF($D79="Per Bill (Applicable only)",IF($E79=0,0,$C79*(IF('B&C Inputs'!E81="Y",'B&C Inputs'!G7,0))/$E79),IF($D79="Time % (Applicable only)",IF($F79=0,0,$C79*(IF('B&C Inputs'!E81="Y",'B&C Inputs'!K7,0))/$F79),0)))))) -> 0 | H79: =IF($A79="","",IF($D79="Direct $",'B&C Inputs'!L81,IF($D79="Per Bill",$C79*'B&C Inputs'!H8,IF($D79="Time %",$C79*'B&C Inputs'!K8,IF($D79="Per Bill (Applicable only)",IF($E79=0,0,$C79*(IF('B&C Inputs'!F81="Y",'B&C Inputs'!G8,0))/$E79),IF($D79="Time % (Applicable only)",IF($F79=0,0,$C79*(IF('B&C Inputs'!F81="Y",'B&C Inputs'!K8,0))/$F79),0)))))) -> 0 | I79: =IF($A79="","",IF($D79="Direct $",'B&C Inputs'!M81,IF($D79="Per Bill",$C79*'B&C Inputs'!H9,IF($D79="Time %",$C79*'B&C Inputs'!K9,IF($D79="Per Bill (Applicable only)",IF($E79=0,0,$C79*(IF('B&C Inputs'!G81="Y",'B&C Inputs'!G9,0))/$E79),IF($D79="Time % (Applicable only)",IF($F79=0,0,$C79*(IF('B&C Inputs'!G81="Y",'B&C Inputs'!K9,0))/$F79),0)))))) -> 0 | J79: =IF($A79="","",IF($D79="Direct $",'B&C Inputs'!N81,IF($D79="Per Bill",$C79*'B&C Inputs'!H10,IF($D79="Time %",$C79*'B&C Inputs'!K10,IF($D79="Per Bill (Applicable only)",IF($E79=0,0,$C79*(IF('B&C Inputs'!H81="Y",'B&C Inputs'!G10,0))/$E79),IF($D79="Time % (Applicable only)",IF($F79=0,0,$C79*(IF('B&C Inputs'!H81="Y",'B&C Inputs'!K10,0))/$F79),0)))))) -> 0 | K79: =IF($A79="","",IF($D79="Direct $",'B&C Inputs'!O81,IF($D79="Per Bill",$C79*'B&C Inputs'!H11,IF($D79="Time %",$C79*'B&C Inputs'!K11,IF($D79="Per Bill (Applicable only)",IF($E79=0,0,$C79*(IF('B&C Inputs'!I81="Y",'B&C Inputs'!G11,0))/$E79),IF($D79="Time % (Applicable only)",IF($F79=0,0,$C79*(IF('B&C Inputs'!I81="Y",'B&C Inputs'!K11,0))/$F79),0)))))) -> 0 | L79: =IF($A79="","",IF($D79="Direct $",'B&C Inputs'!P81,IF($D79="Per Bill",$C79*'B&C Inputs'!H12,IF($D79="Time %",$C79*'B&C Inputs'!K12,IF($D79="Per Bill (Applicable only)",IF($E79=0,0,$C79*(IF('B&C Inputs'!J81="Y",'B&C Inputs'!G12,0))/$E79),IF($D79="Time % (Applicable only)",IF($F79=0,0,$C79*(IF('B&C Inputs'!J81="Y",'B&C Inputs'!K12,0))/$F79),0)))))) -> 0
A80: ='B&C Inputs'!A82 -> 0 | B80: ='B&C Inputs'!B82 -> 0 | C80: ='B&C Inputs'!C82 -> 0 | D80: ='B&C Inputs'!D82 -> 0 | E80: =IF($A80="","",(IF('B&C Inputs'!E82="Y",'B&C Inputs'!G7,0)+IF('B&C Inputs'!F82="Y",'B&C Inputs'!G8,0)+IF('B&C Inputs'!G82="Y",'B&C Inputs'!G9,0)+IF('B&C Inputs'!H82="Y",'B&C Inputs'!G10,0)+IF('B&C Inputs'!I82="Y",'B&C Inputs'!G11,0)+IF('B&C Inputs'!J82="Y",'B&C Inputs'!G12,0))) -> 75816 | F80: =IF($A80="","",(IF('B&C Inputs'!E82="Y",'B&C Inputs'!K7,0)+IF('B&C Inputs'!F82="Y",'B&C Inputs'!K8,0)+IF('B&C Inputs'!G82="Y",'B&C Inputs'!K9,0)+IF('B&C Inputs'!H82="Y",'B&C Inputs'!K10,0)+IF('B&C Inputs'!I82="Y",'B&C Inputs'!K11,0)+IF('B&C Inputs'!J82="Y",'B&C Inputs'!K12,0))) -> 1.15 | G80: =IF($A80="","",IF($D80="Direct $",'B&C Inputs'!K82,IF($D80="Per Bill",$C80*'B&C Inputs'!H7,IF($D80="Time %",$C80*'B&C Inputs'!K7,IF($D80="Per Bill (Applicable only)",IF($E80=0,0,$C80*(IF('B&C Inputs'!E82="Y",'B&C Inputs'!G7,0))/$E80),IF($D80="Time % (Applicable only)",IF($F80=0,0,$C80*(IF('B&C Inputs'!E82="Y",'B&C Inputs'!K7,0))/$F80),0)))))) -> 0 | H80: =IF($A80="","",IF($D80="Direct $",'B&C Inputs'!L82,IF($D80="Per Bill",$C80*'B&C Inputs'!H8,IF($D80="Time %",$C80*'B&C Inputs'!K8,IF($D80="Per Bill (Applicable only)",IF($E80=0,0,$C80*(IF('B&C Inputs'!F82="Y",'B&C Inputs'!G8,0))/$E80),IF($D80="Time % (Applicable only)",IF($F80=0,0,$C80*(IF('B&C Inputs'!F82="Y",'B&C Inputs'!K8,0))/$F80),0)))))) -> 0 | I80: =IF($A80="","",IF($D80="Direct $",'B&C Inputs'!M82,IF($D80="Per Bill",$C80*'B&C Inputs'!H9,IF($D80="Time %",$C80*'B&C Inputs'!K9,IF($D80="Per Bill (Applicable only)",IF($E80=0,0,$C80*(IF('B&C Inputs'!G82="Y",'B&C Inputs'!G9,0))/$E80),IF($D80="Time % (Applicable only)",IF($F80=0,0,$C80*(IF('B&C Inputs'!G82="Y",'B&C Inputs'!K9,0))/$F80),0)))))) -> 0 | J80: =IF($A80="","",IF($D80="Direct $",'B&C Inputs'!N82,IF($D80="Per Bill",$C80*'B&C Inputs'!H10,IF($D80="Time %",$C80*'B&C Inputs'!K10,IF($D80="Per Bill (Applicable only)",IF($E80=0,0,$C80*(IF('B&C Inputs'!H82="Y",'B&C Inputs'!G10,0))/$E80),IF($D80="Time % (Applicable only)",IF($F80=0,0,$C80*(IF('B&C Inputs'!H82="Y",'B&C Inputs'!K10,0))/$F80),0)))))) -> 0 | K80: =IF($A80="","",IF($D80="Direct $",'B&C Inputs'!O82,IF($D80="Per Bill",$C80*'B&C Inputs'!H11,IF($D80="Time %",$C80*'B&C Inputs'!K11,IF($D80="Per Bill (Applicable only)",IF($E80=0,0,$C80*(IF('B&C Inputs'!I82="Y",'B&C Inputs'!G11,0))/$E80),IF($D80="Time % (Applicable only)",IF($F80=0,0,$C80*(IF('B&C Inputs'!I82="Y",'B&C Inputs'!K11,0))/$F80),0)))))) -> 0 | L80: =IF($A80="","",IF($D80="Direct $",'B&C Inputs'!P82,IF($D80="Per Bill",$C80*'B&C Inputs'!H12,IF($D80="Time %",$C80*'B&C Inputs'!K12,IF($D80="Per Bill (Applicable only)",IF($E80=0,0,$C80*(IF('B&C Inputs'!J82="Y",'B&C Inputs'!G12,0))/$E80),IF($D80="Time % (Applicable only)",IF($F80=0,0,$C80*(IF('B&C Inputs'!J82="Y",'B&C Inputs'!K12,0))/$F80),0)))))) -> 0
A81: ='B&C Inputs'!A83 -> 0 | B81: ='B&C Inputs'!B83 -> 0 | C81: ='B&C Inputs'!C83 -> 0 | D81: ='B&C Inputs'!D83 -> 0 | E81: =IF($A81="","",(IF('B&C Inputs'!E83="Y",'B&C Inputs'!G7,0)+IF('B&C Inputs'!F83="Y",'B&C Inputs'!G8,0)+IF('B&C Inputs'!G83="Y",'B&C Inputs'!G9,0)+IF('B&C Inputs'!H83="Y",'B&C Inputs'!G10,0)+IF('B&C Inputs'!I83="Y",'B&C Inputs'!G11,0)+IF('B&C Inputs'!J83="Y",'B&C Inputs'!G12,0))) -> 75816 | F81: =IF($A81="","",(IF('B&C Inputs'!E83="Y",'B&C Inputs'!K7,0)+IF('B&C Inputs'!F83="Y",'B&C Inputs'!K8,0)+IF('B&C Inputs'!G83="Y",'B&C Inputs'!K9,0)+IF('B&C Inputs'!H83="Y",'B&C Inputs'!K10,0)+IF('B&C Inputs'!I83="Y",'B&C Inputs'!K11,0)+IF('B&C Inputs'!J83="Y",'B&C Inputs'!K12,0))) -> 1.15 | G81: =IF($A81="","",IF($D81="Direct $",'B&C Inputs'!K83,IF($D81="Per Bill",$C81*'B&C Inputs'!H7,IF($D81="Time %",$C81*'B&C Inputs'!K7,IF($D81="Per Bill (Applicable only)",IF($E81=0,0,$C81*(IF('B&C Inputs'!E83="Y",'B&C Inputs'!G7,0))/$E81),IF($D81="Time % (Applicable only)",IF($F81=0,0,$C81*(IF('B&C Inputs'!E83="Y",'B&C Inputs'!K7,0))/$F81),0)))))) -> 0 | H81: =IF($A81="","",IF($D81="Direct $",'B&C Inputs'!L83,IF($D81="Per Bill",$C81*'B&C Inputs'!H8,IF($D81="Time %",$C81*'B&C Inputs'!K8,IF($D81="Per Bill (Applicable only)",IF($E81=0,0,$C81*(IF('B&C Inputs'!F83="Y",'B&C Inputs'!G8,0))/$E81),IF($D81="Time % (Applicable only)",IF($F81=0,0,$C81*(IF('B&C Inputs'!F83="Y",'B&C Inputs'!K8,0))/$F81),0)))))) -> 0 | I81: =IF($A81="","",IF($D81="Direct $",'B&C Inputs'!M83,IF($D81="Per Bill",$C81*'B&C Inputs'!H9,IF($D81="Time %",$C81*'B&C Inputs'!K9,IF($D81="Per Bill (Applicable only)",IF($E81=0,0,$C81*(IF('B&C Inputs'!G83="Y",'B&C Inputs'!G9,0))/$E81),IF($D81="Time % (Applicable only)",IF($F81=0,0,$C81*(IF('B&C Inputs'!G83="Y",'B&C Inputs'!K9,0))/$F81),0)))))) -> 0 | J81: =IF($A81="","",IF($D81="Direct $",'B&C Inputs'!N83,IF($D81="Per Bill",$C81*'B&C Inputs'!H10,IF($D81="Time %",$C81*'B&C Inputs'!K10,IF($D81="Per Bill (Applicable only)",IF($E81=0,0,$C81*(IF('B&C Inputs'!H83="Y",'B&C Inputs'!G10,0))/$E81),IF($D81="Time % (Applicable only)",IF($F81=0,0,$C81*(IF('B&C Inputs'!H83="Y",'B&C Inputs'!K10,0))/$F81),0)))))) -> 0 | K81: =IF($A81="","",IF($D81="Direct $",'B&C Inputs'!O83,IF($D81="Per Bill",$C81*'B&C Inputs'!H11,IF($D81="Time %",$C81*'B&C Inputs'!K11,IF($D81="Per Bill (Applicable only)",IF($E81=0,0,$C81*(IF('B&C Inputs'!I83="Y",'B&C Inputs'!G11,0))/$E81),IF($D81="Time % (Applicable only)",IF($F81=0,0,$C81*(IF('B&C Inputs'!I83="Y",'B&C Inputs'!K11,0))/$F81),0)))))) -> 0 | L81: =IF($A81="","",IF($D81="Direct $",'B&C Inputs'!P83,IF($D81="Per Bill",$C81*'B&C Inputs'!H12,IF($D81="Time %",$C81*'B&C Inputs'!K12,IF($D81="Per Bill (Applicable only)",IF($E81=0,0,$C81*(IF('B&C Inputs'!J83="Y",'B&C Inputs'!G12,0))/$E81),IF($D81="Time % (Applicable only)",IF($F81=0,0,$C81*(IF('B&C Inputs'!J83="Y",'B&C Inputs'!K12,0))/$F81),0)))))) -> 0
A82: ='B&C Inputs'!A84 -> 0 | B82: ='B&C Inputs'!B84 -> 0 | C82: ='B&C Inputs'!C84 -> 0 | D82: ='B&C Inputs'!D84 -> 0 | E82: =IF($A82="","",(IF('B&C Inputs'!E84="Y",'B&C Inputs'!G7,0)+IF('B&C Inputs'!F84="Y",'B&C Inputs'!G8,0)+IF('B&C Inputs'!G84="Y",'B&C Inputs'!G9,0)+IF('B&C Inputs'!H84="Y",'B&C Inputs'!G10,0)+IF('B&C Inputs'!I84="Y",'B&C Inputs'!G11,0)+IF('B&C Inputs'!J84="Y",'B&C Inputs'!G12,0))) -> 75816 | F82: =IF($A82="","",(IF('B&C Inputs'!E84="Y",'B&C Inputs'!K7,0)+IF('B&C Inputs'!F84="Y",'B&C Inputs'!K8,0)+IF('B&C Inputs'!G84="Y",'B&C Inputs'!K9,0)+IF('B&C Inputs'!H84="Y",'B&C Inputs'!K10,0)+IF('B&C Inputs'!I84="Y",'B&C Inputs'!K11,0)+IF('B&C Inputs'!J84="Y",'B&C Inputs'!K12,0))) -> 1.15 | G82: =IF($A82="","",IF($D82="Direct $",'B&C Inputs'!K84,IF($D82="Per Bill",$C82*'B&C Inputs'!H7,IF($D82="Time %",$C82*'B&C Inputs'!K7,IF($D82="Per Bill (Applicable only)",IF($E82=0,0,$C82*(IF('B&C Inputs'!E84="Y",'B&C Inputs'!G7,0))/$E82),IF($D82="Time % (Applicable only)",IF($F82=0,0,$C82*(IF('B&C Inputs'!E84="Y",'B&C Inputs'!K7,0))/$F82),0)))))) -> 0 | H82: =IF($A82="","",IF($D82="Direct $",'B&C Inputs'!L84,IF($D82="Per Bill",$C82*'B&C Inputs'!H8,IF($D82="Time %",$C82*'B&C Inputs'!K8,IF($D82="Per Bill (Applicable only)",IF($E82=0,0,$C82*(IF('B&C Inputs'!F84="Y",'B&C Inputs'!G8,0))/$E82),IF($D82="Time % (Applicable only)",IF($F82=0,0,$C82*(IF('B&C Inputs'!F84="Y",'B&C Inputs'!K8,0))/$F82),0)))))) -> 0 | I82: =IF($A82="","",IF($D82="Direct $",'B&C Inputs'!M84,IF($D82="Per Bill",$C82*'B&C Inputs'!H9,IF($D82="Time %",$C82*'B&C Inputs'!K9,IF($D82="Per Bill (Applicable only)",IF($E82=0,0,$C82*(IF('B&C Inputs'!G84="Y",'B&C Inputs'!G9,0))/$E82),IF($D82="Time % (Applicable only)",IF($F82=0,0,$C82*(IF('B&C Inputs'!G84="Y",'B&C Inputs'!K9,0))/$F82),0)))))) -> 0 | J82: =IF($A82="","",IF($D82="Direct $",'B&C Inputs'!N84,IF($D82="Per Bill",$C82*'B&C Inputs'!H10,IF($D82="Time %",$C82*'B&C Inputs'!K10,IF($D82="Per Bill (Applicable only)",IF($E82=0,0,$C82*(IF('B&C Inputs'!H84="Y",'B&C Inputs'!G10,0))/$E82),IF($D82="Time % (Applicable only)",IF($F82=0,0,$C82*(IF('B&C Inputs'!H84="Y",'B&C Inputs'!K10,0))/$F82),0)))))) -> 0 | K82: =IF($A82="","",IF($D82="Direct $",'B&C Inputs'!O84,IF($D82="Per Bill",$C82*'B&C Inputs'!H11,IF($D82="Time %",$C82*'B&C Inputs'!K11,IF($D82="Per Bill (Applicable only)",IF($E82=0,0,$C82*(IF('B&C Inputs'!I84="Y",'B&C Inputs'!G11,0))/$E82),IF($D82="Time % (Applicable only)",IF($F82=0,0,$C82*(IF('B&C Inputs'!I84="Y",'B&C Inputs'!K11,0))/$F82),0)))))) -> 0 | L82: =IF($A82="","",IF($D82="Direct $",'B&C Inputs'!P84,IF($D82="Per Bill",$C82*'B&C Inputs'!H12,IF($D82="Time %",$C82*'B&C Inputs'!K12,IF($D82="Per Bill (Applicable only)",IF($E82=0,0,$C82*(IF('B&C Inputs'!J84="Y",'B&C Inputs'!G12,0))/$E82),IF($D82="Time % (Applicable only)",IF($F82=0,0,$C82*(IF('B&C Inputs'!J84="Y",'B&C Inputs'!K12,0))/$F82),0)))))) -> 0
